 Dungeon Crawl Stone Soup version 0.30-a0-168-g0b976cbdc4 (webtiles) character file.

Game seed: 4186720922842169893

796661 qw the Bringer of Light (level 27, -3/24 HPs)
             Began as a Gargoyle Fighter on Sept 29, 2022.
             Was the Champion of the Shining One.
             Slain by a reaper
             ... wielding a +1 scythe of venom
              (20 damage)
             ... in Pandemonium.
             The game lasted 00:58:20 (100658 turns).

qw the Bringer of Light (Gargoyle Fighter)        Turns: 100658, Time: 00:58:20

Health: -3/24      AC: 70    Str: 37    XL:     27
Magic:  28/28      EV: 21    Int: 11    God:    the Shining One [******]
Gold:   7306       SH: 33    Dex: 26    Spells: 26/26 levels left

rFire   + . .      SeeInvis +    o - +9 broad axe (holy)
rCold   + + +      Faith    .    O - +2 tower shield
rNeg    + + +      Spirit   .    U - +12 gold dragon scales of Nobrou {rPois rF+ rC+ Str+7}
rPois   inf        Reflect  +    G - +1 helmet of Fiurr {Drain +Inv Will+ SInv}
rElec   +          Harm     .    F - +1 cloak of the Beggar {rElec rC++}
rCorr   +          Rampage  .    E - +2 pair of gloves {Dex+3}
Will    +++++                    j - +2 pair of boots
Stlth   ..........               I - amulet of reflection
HPRegen 0.88/turn                i - ring of Toficeogh {Will+ rCorr Dex+6}
MPRegen 0.21/turn                S - ring of Morality {rN+ Dex+4 Slay+3}

@: weakened, corroded, flying, glowing, bezotted
A: sickness immunity, AC +20, big wings, negative energy resistance 1,
electricity resistance, torment resistance 1, petrification resistance, agile 1,
deterioration 1, low MP 3, strong-willed 1, regeneration 1
}: 5/15 runes: decaying, serpentine, silver, golden, demonic
a: Renounce Religion, Evoke Invisibility, Divine Shield, Cleansing Flame, Summon
Divine Warrior


You were in Pandemonium.
You worshipped the Shining One.
The Shining One was exalted by your worship.
You visited 11 branches of the dungeon, and saw 50 of its levels.
You visited Pandemonium 1 time, and saw 6 of its levels.

You collected 10106 gold pieces.
You spent 2800 gold pieces at shops.


Innate Abilities, Weirdness & Mutations

You are immune to sickness and miasma.
Your stone body is resilient. (AC +20)
You are immune to poison.
Your large and strong wings let you fly.
You resist negative energy. (rN+)
You are resistant to electric shocks. (rElec)
You are resistant to unholy torment.
You are immune to petrification.
You are agile. (Dex +4, Str/Int -1)
Your body sometimes deteriorates upon taking damage.
Your magical capacity is extremely low. (-30% MP)
You are strong-willed. (Will+)
Your natural rate of healing is unusually fast.


   Skills:
 O Level 27 Fighting
 - Level 4.8 Short Blades
 - Level 18.0 Axes
 - Level 13.3 Throwing
 O Level 27 Armour
 + Level 16.4 Dodging
 - Level 23.3 Shields
 O Level 27 Invocations


You had 26 spell levels left.
You didn't know any spells.
Your spell library was empty.

Inventory:

Hand Weapons
 o - a +9 broad axe of holy wrath (weapon)
Armour
 b - a +2 kite shield of resistance
 c - the +7 chain mail of Dim Light {rCorr}
   (You found it on level 9 of the Dungeon)

   rCorr:     It protects you from acid and corrosion.
 j - a +2 pair of boots (worn)
 l - a scarf of resistance
 q - a +2 cloak
 w - the +0 pair of gloves of the Hanged Man {rF+++ Will- Str+3}
   (You found it on level 2 of the Crypt)

   Str:       It affects your strength (+3).
   rF:        It renders you almost immune to fire.
   Will:      It decreases your willpower.
 D - a +2 helmet
 E - a +2 pair of gloves of dexterity (worn)
 F - the +1 cloak of the Beggar (worn) {rElec rC++}
   (You acquired it on level 5 of the Vaults)

   rC:        It greatly protects you from cold.
   rElec:     It insulates you from electricity.
 G - the +1 helmet of Fiurr (worn) {Drain +Inv Will+ SInv}
   (You bought it in a shop on level 2 of the Orcish Mines)

   SInv:      It lets you see invisible.
   +Inv:      It lets you turn invisible.
   Drain:     It drains your maximum health when unequipped.
   Will:      It increases your willpower.
 L - the +0 hat of Defence {rElec rCorr}
   (Okawaru gifted it to you on level 5 of the Vaults)

   rElec:     It insulates you from electricity.
   rCorr:     It protects you from acid and corrosion.
 O - a +2 tower shield (worn)
 P - the +1 pair of boots of Whack-A-Mole {Harm rElec Will+ Dex+2}
   (Okawaru gifted it to you on level 2 of the Vaults)

   Dex:       It affects your dexterity (+2).
   rElec:     It insulates you from electricity.
   Harm:      It increases damage dealt and taken.
   Will:      It increases your willpower.
 U - the +12 gold dragon scales of Nobrou (worn) {rPois rF+ rC+ Str+7}
   (You took it off a yaktaur captain on level 5 of the Vaults)

   Str:       It affects your strength (+7).
   rF:        It protects you from fire.
   rC:        It protects you from cold.
   rPois:     It protects you from poison.
Jewellery
 i - the ring of Toficeogh (left hand) {Will+ rCorr Dex+6}
   (You found it on level 3 of the Tomb of the Ancients)

   [ring of dexterity]

   Dex:       It affects your dexterity (+6).
   rCorr:     It protects you from acid and corrosion.
   Will:      It increases your willpower.
 r - the amulet of Balance {Faith rF+ Int+5}
   (You found it on level 3 of the Tomb of the Ancients)

   [amulet of faith]

   It allows you to gain divine favour quickly.
   Int:       It affects your intelligence (+5).
   rF:        It protects you from fire.
 u - a ring of protection from cold
 A - a ring of protection from cold
 H - a ring of protection from fire
 I - an amulet of reflection (around neck)
 Q - a ring of resist corrosion
 S - the ring of Morality (right hand) {rN+ Dex+4 Slay+3}
   (You found it on level 3 of the Crypt)

   [ring of positive energy]

   Dex:       It affects your dexterity (+4).
   Slay:      It affects your accuracy & damage with ranged weapons and melee
   (+3).
   rN:        It protects you from negative energy.
 V - the ring of Xoap {rF+ rN+ Int-2 Dex+7}
   (You found it on level 3 of the Crypt)

   [ring of positive energy]

   Int:       It affects your intelligence (-2).
   Dex:       It affects your dexterity (+7).
   rF:        It protects you from fire.
   rN:        It protects you from negative energy.
 Y - the ring "Unull" {AC+4 Int+6 Stlth+}
   (You acquired it on level 5 of the Vaults)

   [ring of protection]

   AC:        It affects your AC (+4).
   Int:       It affects your intelligence (+6).
   Stlth:     It makes you more stealthy.
Wands
 z - a wand of digging (7)
Scrolls
 e - 33 scrolls of identify
 f - 3 scrolls of brand weapon
 n - a scroll of enchant armour
 p - 19 scrolls of teleportation
 J - 4 scrolls of enchant weapon
Potions
 a - 14 potions of lignification
 d - 14 potions of might
 g - 5 potions of mutation
 h - 5 potions of heal wounds
 k - 11 potions of haste
 m - 24 potions of curing
 s - 3 potions of cancellation
 t - 11 potions of attraction
 x - 2 potions of magic

Dungeon Overview and Level Annotations

Branches:
Dungeon (15/15)            Temple (1/1) D:5            Lair (5/5) D:9
  Swamp (4/4) Lair:2        Snake (4/4) Lair:3        Slime (0/5) Lair:4
    Orc (2/2) D:11            Elf (0/3) Orc:2        Vaults (5/5) D:13
  Crypt (3/3) Vaults:2       Tomb (3/3) Crypt:3      Depths (4/4) D:15
    Zot (4/5) Depths:4

Altars:
Ashenzari
Cheibriados
Dithmenos
Elyvilon
Fedhas
Gozag
Hepliaklqana
Kikubaaqudgha
Makhleb
Nemelex Xobeh
Okawaru
Qazlal
Ru
Sif Muna
Trog
Uskayaw
Vehumet
Wu Jian
Xom
Yredelemnul
Zin
The Shining One
Jiyva

Shops:
D:1 [(?:(   D:5 *   Orc:2 ((:[*(*   Snake:3 (   Vaults:1 *   Vaults:3 :
Depths:1 ![[[   Depths:4 [

Portals:
Hell: Depths:1 Depths:2 Depths:3 Depths:4
Abyss: Depths:3
Pandemonium: Depths:2
Ziggurat: Depths:3

Annotations:
D:2 1 runed translucent door, Crazy Yiuf
D:3 3 runed translucent doors, qw's ghost, amateur GrFi
Lair:5 2 runed translucent doors
Snake:3 1 runed translucent door, qw's ghost, adept GrFi
Vaults:2 36 runed doors
Depths:4 2 transporters, qw's ghost, veteran GrFi
Zot:2 1 runed translucent door, Sebriys's ghost, legendary TrBe
Pan 1 transporter


Message History

You closely miss the flayed ghost. You slash the demonspawn corrupter!
The demonspawn corrupter convulses.
You block the demonspawn corrupter's attack.
The demonspawn corrupter completely misses you.
You slice the flayed ghost!!
You destroy the flayed ghost!
The flayed ghost disappears in a puff of smoke!
You slash the flayed ghost!
The flayed ghost convulses!
You slash the demonspawn corrupter!
The demonspawn corrupter convulses!
The flayed ghost hits you but does no damage.
You block the reaper's attack.
You block the demonspawn corrupter's attack.
The demonspawn corrupter kicks you but does no damage.
You hit the demonspawn corrupter.
The demonspawn corrupter convulses!
The demonspawn corrupter is heavily wounded.
You slash the flayed ghost!
The flayed ghost convulses!
You slash the flayed ghost!
The flayed ghost convulses.
You block the flayed ghost's attack. x2; You block the reaper's attack.
You slice the flayed ghost!!
You destroy the flayed ghost!
The flayed ghost disappears in a puff of smoke!
You closely miss the demonspawn corrupter.
You slice the flayed ghost!!
The flayed ghost convulses!!
You destroy the flayed ghost!
The flayed ghost disappears in a puff of smoke!
The demonspawn corrupter calls forth creatures from the Realm of Zot!
The reaper hits you from afar with a +1 scythe of venom!
You feel your attacks grow feeble.
You slash the demonspawn corrupter!
The demonspawn corrupter convulses.
The demonspawn corrupter is severely wounded.
You barely miss the golden dragon.
You block the demonspawn corrupter's attack.
The demonspawn corrupter misses you.
You hit the demonspawn corrupter but do no damage.
The demonspawn corrupter is severely wounded.
You hit the golden dragon but do no damage.
The moth of wrath goads the reaper on!
The reaper goes berserk!
The reaper hits you from afar with a +1 scythe of venom!!
Ouch! That really hurt!
You die...

.).)....##.# #...#33...#
).).)..))).###.?.#33...#
........##)##....#.....#
.....(..###))....# 3...#
...))#### ##)).))#######
##...# ##)........##
#)#..## #...)..)....#
...)).# #.^.)D..)...#
.....#..###.....@.y(..##
....#####.......)62....#
...## ###....¤D......#
...# #.##.........#
.#..... #. ###.##......#
#....... .# #..........
....... .# ..........#
.........# ...........#
........ ........#....


You could see 2 golden dragons, a demonspawn corrupter (black mark), a reaper
(berserk, black mark) and a moth of wrath (summoned).

Vanquished Creatures
  3 dread liches
  An ancient lich (Crypt:3)
  2 juggernauts (Depths:2)
  18 royal mummies
  Vv (Zot:1)
  Boris (Depths:4)
  Bai Suzhen (Snake:3)
  Xtahua (Depths:4)
  the Lernaean hydra (Swamp:4)
  Saint Roka (Vaults:3)
  5 caustic shrikes
  2 Killer Klowns (Zot:2)
  A curse toe (Zot:4)
  9 golden dragons
  Nikola (Vaults:3)
  A pearl dragon (Pan)
  2 bone dragons
  3 pandemonium lords (Pan)
  3 Tzitzimimeh
  4 Brimstone Fiends (Pan)
  3 electric golems
  5 liches
  3 Ice Fiends (Pan)
  6 deep elf blademasters
  12 tentacled monstrosities
  Jorgrun (D:15)
  A walking earthen tome (Depths:2)
  Asterion (Vaults:3)
  14 titans
  8 deep elf master archers
  6 quicksilver dragons
  6 death cobs
  14 ancient champions
  13 sphinxes
  4 Executioners
  Kirke (Swamp:2)
  10 storm dragons
  3 tengu reavers
  7 draconian monks
  Roxanne (Swamp:1)
  3 revenants
  6 demonspawn warmongers (Pan)
  A fenstrider witch (Swamp:3)
  13 shadow dragons
  Donald (Vaults:3)
  5 draconian knights
  28 fire giants
  3 daevas (Pan)
  8 iron dragons
  4 draconian scorchers
  20 vault wardens
  6 nagarajas (Snake:4)
  19 frost giants
  An orc warlord (Orc:2)
  21 angels
  3 deep elf sorcerers
  3 ghouls
  3 cacodemons (Pan)
  7 balrugs
  4 draconian shifters
  5 draconian stormcallers
  8 draconian annihilators
  2 demonspawn blood saints (Pan)
  7 ghost moths
  2 war gargoyles
  27 very ugly things
  15 ironbound preservers
  30 stone giants
  14 ophanim (Pan)
  86 reapers
  5 demonspawn corrupters (Pan)
  12 vampire knights
  A spriggan defender (Depths:2)
  19 apis (Pan)
  15 red draconians
  6 ironbound thunderhulks
  A juggernaut skeleton (Crypt:1)
  11 black draconians
  14 green draconians
  A deep elf demonologist (Crypt:1)
  6 demonspawn black suns (Pan)
  4 eleionomae
  17 purple draconians
  2 deep elf annihilators
  17 bennus
  15 yellow draconians
  5 spark wasps
  14 white draconians
  3 bunyips
  5 lorocyprocas (Pan)
  Snorg (D:13)
  11 dire elephants
  2 deep elf death magi
  4 blizzard demons (Pan)
  A crystal guardian (Vaults:4)
  4 green deaths (Pan)
  3 eidola (Crypt:3)
  24 mummy priests
  6 ettins
  9 jiangshi
  7 fire dragons
  15 yaktaur captains
  Josephine (D:10)
  A shambling mangrove (Swamp:4)
  A merfolk impaler (Depths:4)
  4 deep elf high priests
  2 great orbs of eyes
  An entropy weaver (Vaults:3)
  A spriggan zombie (Crypt:3)
  Fannar (D:10)
  34 vault guards
  2 peacekeepers
  A quicksilver dragon skeleton (Crypt:1)
  8 ice dragons
  2 ghost crabs (Swamp:2)
  3 hell beasts
  2 rakshasas (Depths:3)
  3 salamander tyrants (Snake:4)
  15 centaur warriors
  4 catoblepae
  An ogre mage (Vaults:3)
  10 ironbound frosthearts
  5 two-headed ogres
  7 boulder beetles
  15 hydras
  5 spriggan air magi
  A two-headed ogre (shapeshifter) (Depths:1)
  An anaconda (shapeshifter) (Vaults:5)
  5 anacondas
  4 spriggan skeletons (Crypt:1)
  3 death knights
  9 alligators
  68 death scarabs
  A boulder beetle (shapeshifter) (Depths:1)
  2 fenstrider witch skeletons (Crypt:1)
  4 tengu warriors
  Urug (D:12)
  3 deep troll earth magi
  9 vampire magi
  16 naga warriors
  3 hell hogs (Depths:1)
  A quicksilver ooze zombie (Crypt:2)
  A titan zombie (Crypt:3)
  2 orc high priests
  12 naga sharpshooters
  6 spriggan berserkers
  8 shock serpents
  194 sun demons
  4 death yaks (Lair:2)
  7 deep troll shamans
  3 hell knights
  A shock serpent (shapeshifter) (Vaults:5)
  4 salamander mystics (Snake:4)
  98 soul eaters
  3 titan skeletons
  4 shadow wraiths
  9 deep elf knights
  Nergalle (Lair:3)
  34 skeletal warriors
  4 iron trolls (Depths:4)
  A spark wasp zombie (Crypt:1)
  A fire crab (Lair:5)
  8 sixfirhies (Pan)
  6 cherubim (Pan)
  5 goliath frogs
  2 glowing orange brains
  7 naga ritualists
  An anaconda zombie (Crypt:1)
  13 swamp dragons
  51 deep trolls
  A glowing orange brain (shapeshifter) (Vaults:5)
  10 ironbound convokers
  A shadow demon (Pan)
  5 spriggan druids
  An obsidian statue (Vaults:3)
  9 deep elf archers
  9 wizards
  Pikel (D:4)
  12 bog bodies
  A bunyip skeleton (Tomb:3)
  3 anaconda skeletons (Crypt:1)
  An iron dragon zombie (Crypt:2)
  8 flayed ghosts
  2 orc knights (Orc:2)
  4 lindwurms (Vaults:1)
  15 phantasmal warriors
  11 mana vipers
  6 will-o-the-wisps
  5 manticores
  2 harpies (shapeshifter)
  6 harpies
  3 necromancers
  8 deep elf pyromancers
  A goliath frog zombie (Crypt:1)
  A wolf spider (D:15)
  6 orc sorcerers
  56 ugly things
  11 deep elf zephyrmancers
  5 cyclopes
  34 salamanders
  17 elephants
  12 moths of wrath
  A rust devil (Pan)
  17 cane toads
  2 molten gargoyles (Lair:5)
  18 smoke demons
  2 stone giant skeletons
  2 torpor snails
  6 guardian serpents (Snake:4)
  21 vault sentinels
  2 centaur zombies
  30 black mambas
  11 orange demons (Pan)
  Maggie (D:7)
  11 naga magi
  3 gargoyles
  2 centaur skeletons
  A torpor snail (shapeshifter) (Vaults:5)
  A storm dragon simulacrum (Crypt:3)
  A death yak zombie (Crypt:3)
  A dire elephant skeleton (Crypt:1)
  An elephant slug zombie (Crypt:3)
  2 naga skeletons (Crypt:1)
  2 hellions (Pan)
  A grey draconian zombie (Crypt:1)
  3 kobold demonologists
  2 efreet
  5 rime drakes
  3 unseen horrors
  23 yaktaurs
  A white draconian zombie (Crypt:3)
  6 hellwings
  6 komodo dragons
  74 demonic crawlers (Pan)
  An ice devil (Pan)
  8 freezing wraiths
  7 tengu conjurers
  A yaktaur (shapeshifter) (Vaults:5)
  2 polar bears
  2 harpy zombies
  34 guardian mummies
  A tyrant leech (shapeshifter) (Zot:2)
  2 meliai (Lair:2)
  A polar bear (shapeshifter) (D:13)
  3 red devils (Pan)
  10 trolls
  98 large abominations (Pan)
  9 tyrant leeches
  A meliai (shapeshifter) (D:13)
  A queen bee (Lair:2)
  24 hornets
  A tarantella (Vaults:3)
  5 harpy skeletons (Crypt:1)
  5 blink frogs
  31 slime creatures
  A queen bee (shapeshifter) (Vaults:1)
  11 dream sheep
  A guardian serpent zombie (Crypt:1)
  A jumping spider (shapeshifter) (Depths:4)
  41 flying skulls
  A jumping spider (Vaults:3)
  6 vampires
  13 wraiths
  5 wyverns
  2 ettin skeletons (Crypt:1)
  A fire dragon skeleton (Crypt:1)
  5 water elementals (Depths:3)
  3 hogs (Swamp:2)
  12 basilisks
  22 spriggans
  168 ynoxinuls (Pan)
  32 yaks
  11 ushabtiu
  21 humans
  A black mamba skeleton (Crypt:1)
  A redback (Vaults:3)
  165 chaos spawn
  6 steam dragons
  3 neqoxecs (Pan)
  16 vampire mosquitoes
  A harpy simulacrum (Crypt:3)
  8 wargs
  14 swamp worms
  A fire bat zombie (Crypt:3)
  A water moccasin (shapeshifter) (Depths:1)
  42 nagas
  A floating eye (shapeshifter) (Vaults:5)
  3 acid dragons
  19 water moccasins
  2 floating eyes (Depths:3)
  3 hell hounds (Lair:5)
  A swamp dragon zombie (Tomb:1)
  36 orc warriors
  7 swamp drakes
  2 black bears
  A cane toad skeleton (Crypt:2)
  7 ogres
  15 wolves
  12 centaurs
  A centaur (shapeshifter) (Vaults:5)
  A swamp dragon skeleton (Crypt:1)
  2 lemures
  A gnoll sergeant (D:11)
  A salamander zombie (Crypt:1)
  2 kobold brigands (D:12)
  20 bullfrogs
  3 necrophages
  3 scorpions (D:6)
  A salamander skeleton (Crypt:1)
  A yak zombie (Crypt:2)
  A wyvern skeleton (Crypt:1)
  36 killer bees
  4 howler monkeys
  7 lava snakes
  19 orc priests
  8 jellies
  2 gnoll boudas
  3 hounds
  A boggart zombie (Crypt:2)
  33 orc wizards
  An iguana (D:5)
  A scorpion zombie (Crypt:3)
  46 mummies
  13 gnolls
  A howler monkey skeleton (Crypt:3)
  2 river rats (Lair:2)
  9 adders
  A white imp (D:7)
  3 ufetubi
  2 adder skeletons
  2 worms (D:2)
  A worm (shapeshifter) (Vaults:5)
  4 dart slugs (D:1)
  97 orcs
  3 ball pythons
  14 endoplasms
  3 giant cockroaches
  4 goblins
  8 hobgoblins
  A jackal (D:1)
  8 kobolds
  3 quokkas
  3 training dummies (Snake:3)
  3 bats (D:1)
  9 frilled lizards
  A giant cockroach zombie (Crypt:2)
  A quokka zombie (Crypt:2)
  3 rats
  A river rat skeleton (Crypt:3)
  A butterfly (Zot:2)
  A fire vortex (Depths:4)
3446 creatures vanquished.

Vanquished Creatures (collateral kills)
  A seraph (Pan)
  7 royal mummies
  A bone dragon (Crypt:3)
  Jory (Crypt:3)
  2 Brimstone Fiends (Pan)
  A Hell Sentinel (Pan)
  2 liches
  A revenant (Tomb:1)
  2 angels (Pan)
  2 ghost moths (Pan)
  A balrug (Pan)
  A stone giant (Crypt:3)
  2 demonspawn blood saints (Pan)
  2 reapers (Pan)
  A bennu (Tomb:2)
  A purple draconian (Crypt:3)
  A white draconian (Crypt:3)
  A blizzard demon (Pan)
  2 jiangshi (Crypt:3)
  5 mummy priests
  A green death (Pan)
  A death knight (Crypt:3)
  A death scarab (Tomb:2)
  2 soul eaters (Pan)
  2 skeletal warriors (Tomb:2)
  2 shadow demons (Pan)
  A cherub (Pan)
  A bunyip skeleton (Crypt:3)
  A stone giant skeleton (Tomb:1)
  2 orange demons (Pan)
  2 smoke demons (Pan)
  2 demonic crawlers (Pan)
  8 guardian mummies
  A tormentor (Pan)
  A red devil (Pan)
  A harpy zombie (Tomb:1)
  3 flying skulls
  A ynoxinul (Pan)
  A chaos spawn (Pan)
  A neqoxec (Pan)
  2 large abominations (Pan)
  A shapeshifter zombie (Crypt:3)
  13 mummies
  A worm zombie (Crypt:3)
89 creatures vanquished.

Vanquished Creatures (others)
  A draconian knight (Zot:1)
  A blizzard demon (Pan)
  A vault sentinel (Vaults:1)
  A bloated husk (Swamp:4)
  A dream sheep (Lair:4)
  A swamp drake (Swamp:4)
  An orc wizard (D:9)
  An orc (D:9)
  A butterfly (Zot:2)
  24 foxfires
  52 fungi
  3 pillars of salt (Zot:2)
  74 plants
  2 starspawn tentacles (Pan)
  4 toadstools (D:1)
168 creatures vanquished.

Grand Total: 3703 creatures vanquished

Notes
Turn   | Place    | Note
-------+----------+-------------------------------------------
     0 | D:1      | qw the Gargoyle Fighter began the quest for the Orb.
     0 | D:1      | Reached XP level 1. HP: 14/14 MP: 1/1
     0 | D:1      | 0 ||| qw: Version: 0.2-a-12-gaebbb33
     0 | D:1      | 0 ||| qw: Game counter: 1106
     0 | D:1      | 0 ||| qw: Always use a shield: true
     0 | D:1      | 0 ||| qw: God list: Okawaru
     0 | D:1      | 0 ||| qw: Allow faded altars: false
     0 | D:1      | 0 ||| qw: Do Orc after D:15 true
     0 | D:1      | 0 ||| qw: Do second Lair branch before Depths: true
     0 | D:1      | 0 ||| qw: Lair rune preference: random
     0 | D:1      | 0 ||| qw: Plans: Normal, Zot:1-4, God:TSO, Crypt, Tomb,
                  | Pan, Slime:5, Hells, Abyss, Orb
     0 | D:1      | 0 ||| PLANNING D:1-11
   158 | D:1      | 158 ||| Stepping ~*~*~tactically~*~*~ (stealth).
   356 | D:1      | Found Inuweir's Antique Weapon Shoppe.
   362 | D:1      | 362 ||| SHOPLISTING club (28 gold, have 0).
   362 | D:1      | 362 ||| SHOPLISTING runed flail (182 gold, have 0).
   362 | D:1      | 362 ||| SHOPLISTING whip (70 gold, have 0).
   364 | D:1      | 364 ||| Stepping ~*~*~tactically~*~*~ (hiding).
   368 | D:1      | Reached XP level 2. HP: 13/19 MP: 2/2
   382 | D:1      | HP: 3/19 [dart slug/slug dart (4)]
   673 | D:1      | Found Xalesedu's Armour Boutique.
   692 | D:1      | 692 ||| SHOPLISTING +0 pair of gloves (49 gold, have 19).
   692 | D:1      | 692 ||| SHOPLISTING +2 crystal plate armour (1012 gold,
                  | have 19).
   692 | D:1      | 692 ||| SHOPLISTING +3 scale mail of poison resistance (253
                  | gold, have 19).
   698 | D:1      | Reached skill level 3 in Axes
   741 | D:1      | Found Puiboxear's Magic Scroll Shoppe.
   744 | D:1      | 744 ||| SHOPLISTING scroll of enchant armour (105 gold,
                  | have 19).
   744 | D:1      | 744 ||| SHOPLISTING scroll of identify (28 gold, have 19).
   744 | D:1      | 744 ||| SHOPLISTING scroll of teleportation (42 gold, have
                  | 19).
   760 | D:1      | Reached XP level 3. HP: 23/23 MP: 3/3
   828 | D:1      | Found a faded altar of an unknown god.
   999 | D:1      | 999 ||| Stepping ~*~*~tactically~*~*~ (hiding).
  1001 | D:1      | 1001 ||| Stepping ~*~*~tactically~*~*~ (hiding).
  1002 | D:1      | 1002 ||| Stepping ~*~*~tactically~*~*~ (hiding).
  1005 | D:1      | 1005 ||| Stepping ~*~*~tactically~*~*~ (hiding).
  1006 | D:1      | 1006 ||| Stepping ~*~*~tactically~*~*~ (hiding).
  1136 | D:1      | Found Kowote's Book Shop.
  1164 | D:1      | Found Ucuycvin's Antique Weapon Boutique.
  1174 | D:1      | 1174 ||| SHOPLISTING whip (60 gold, have 19).
  1402 | D:1      | 1402 ||| READING scroll labelled BOMEPS NISOY.
  1403 | D:1      | 1403 ||| READING scroll labelled HOGUNO VUTY.
  1404 | D:1      | 1404 ||| READING scroll labelled DISELI VITAU.
  1409 | D:1      | 1409 ||| READING scroll labelled DOPRAY WEHAZEPH.
  1501 | D:2      | 1501 ||| Stepping ~*~*~tactically~*~*~ (stealth).
  1503 | D:2      | 1503 ||| Stepping ~*~*~tactically~*~*~ (stealth).
  1527 | D:2      | Identified the +8 great sword "Nolyne" {venom, rC+ rN+
                  | Dex-5}
  1715 | D:2      | 1715 ||| DROPPING +0 club.
  2076 | D:2      | Found a runed translucent door.
  2077 | D:2      | Noticed Crazy Yiuf
  2080 | D:2      | 2080 ||| UPGRADING to +0 chain mail.
  2090 | D:2      | 2090 ||| DROPPING +0 scale mail.
  2091 | D:2      | 2091 ||| UPGRADING to +2 cloak.
  2096 | D:2      | 2096 ||| DROPPING ring of magical power.
  2097 | D:2      | 2097 ||| UPGRADING to +6 ring of dexterity.
  2098 | D:2      | 2098 ||| READING 2 scrolls labelled FUXKESUIDIU.
  2099 | D:2      | 2099 ||| READING scroll labelled RAKITE HUGATIY.
  2100 | D:2      | 2100 ||| READING 2 scrolls labelled RATTOON ROALAXU.
  2101 | D:2      | 2101 ||| READING scroll labelled PECSIOREAN.
  2102 | D:2      | 2102 ||| DRINKING 2 emerald potions.
  2103 | D:2      | 2103 ||| DROPPING potion of brilliance.
  2104 | D:2      | 2104 ||| DROPPING scroll of poison.
  2231 | D:3      | Reached XP level 4. HP: 28/28 MP: 4/4
  2570 | D:3      | Found a runed translucent gate.
  2570 | D:3      | Found a runed translucent gate.
  2570 | D:3      | Found a runed translucent gate.
  2570 | D:3      | Noticed qw's ghost (amateur GrFi)
  2570 | D:3      | Noticed a kobold brigand
  2571 | D:3      | 2571 ||| Stepping ~*~*~tactically~*~*~ (stealth).
  2581 | D:3      | 2581 ||| Stepping ~*~*~tactically~*~*~ (stealth).
  2582 | D:3      | 2582 ||| Stepping ~*~*~tactically~*~*~ (stealth).
  2653 | D:3      | 2653 ||| READING 2 scrolls of enchant weapon.
  2653 | D:3      | 2653 ||| ENCHANTING +1 war axe.
  2654 | D:3      | 2654 ||| READING scroll of enchant weapon.
  2654 | D:3      | 2654 ||| ENCHANTING +2 war axe.
  2679 | D:3      | Reached skill level 1 in Dodging
  3146 | D:3      | 3146 ||| FLEEEEING.
  3147 | D:3      | 3147 ||| FLEEEEING.
  3148 | D:3      | 3148 ||| FLEEEEING.
  3149 | D:3      | 3149 ||| FLEEEEING.
  3150 | D:3      | 3150 ||| FLEEEEING.
  3156 | D:3      | 3156 ||| FLEEEEING.
  3158 | D:3      | 3158 ||| FLEEEEING.
  3159 | D:3      | 3159 ||| STAIRDANCE
  3290 | D:2      | 3290 ||| READING scroll labelled GOMPOWKOQ XYRU.
  3291 | D:2      | 3291 ||| READING scroll labelled TAJIGOYTHRUO.
  3292 | D:2      | 3292 ||| DRINKING 2 bubbling coppery potions.
  3293 | D:2      | 3293 ||| READING 3 scrolls of identify.
  3293 | D:2      | 3293 ||| IDENTIFYING metallic dark potion
  3294 | D:2      | 3294 ||| READING 2 scrolls of identify.
  3294 | D:2      | 3294 ||| IDENTIFYING glowing yellow potion
  3295 | D:2      | 3295 ||| DROPPING potion of flight.
  3503 | D:3      | Reached skill level 1 in Throwing
  3503 | D:3      | Reached XP level 5. HP: 32/32 MP: 5/5
  3517 | D:3      | 3517 ||| Stepping ~*~*~tactically~*~*~ (stealth).
  3921 | D:4      | 3921 ||| PLANNING SEWER
  3999 | D:4      | Reached XP level 6. HP: 11/37 MP: 6/6
  4082 | D:4      | 4082 ||| Stepping ~*~*~tactically~*~*~ (stealth).
  4161 | D:4      | 4161 ||| Stepping ~*~*~tactically~*~*~ (stealth).
  4162 | D:4      | 4162 ||| Stepping ~*~*~tactically~*~*~ (stealth).
  4216 | D:4      | 4216 ||| DROPPING +0 whip.
  4234 | D:4      | 4234 ||| Stepping ~*~*~tactically~*~*~ (stealth).
  4687 | D:4      | 4687 ||| RIP SEWER
  4713 | D:4      | 4713 ||| PLANNING D:1-11
  4739 | D:4      | Reached XP level 7. HP: 41/44 MP: 7/7
  4969 | D:4      | 4969 ||| UPGRADING to +0 pair of boots.
  4974 | D:4      | 4974 ||| DRINKING 2 purple potions.
  4974 | D:4      | Gained mutation: You have sharp toenails. [potion of
                  | mutation]
  4974 | D:4      | Gained mutation: You are agile. (Dex +4, Str/Int -1)
                  | [potion of mutation]
  4974 | D:4      | Gained mutation: Your natural rate of healing is unusually
                  | fast. [potion of mutation]
  4975 | D:4      | 4975 ||| READING 2 scrolls of identify.
  4975 | D:4      | 4975 ||| IDENTIFYING silvery potion
  4985 | D:5      | Entered Level 5 of the Dungeon
  5055 | D:5      | Found a staircase to the Ecumenical Temple.
  5060 | D:5      | 5060 ||| PLANNING TEMPLE
  5060 | D:5      | 5060 ||| FLEEEEING.
  5060 | D:5      | Noticed Pikel
  5061 | D:5      | 5061 ||| FLEEEEING.
  5063 | D:5      | 5063 ||| FLEEEEING.
  5064 | D:5      | 5064 ||| FLEEEEING.
  5065 | D:5      | 5065 ||| FLEEEEING.
  5066 | D:5      | 5066 ||| FLEEEEING.
  5067 | D:5      | 5067 ||| FLEEEEING.
  5068 | D:5      | 5068 ||| FLEEEEING.
  5069 | D:5      | 5069 ||| FLEEEEING.
  5070 | D:5      | 5070 ||| FLEEEEING.
  5071 | D:5      | 5071 ||| FLEEEEING.
  5072 | D:5      | 5072 ||| FLEEEEING.
  5078 | D:5      | 5078 ||| STAIRDANCE
  5082 | D:5      | 5082 ||| STAIRDANCE
  5086 | D:5      | 5086 ||| STAIRDANCE
  5103 | D:5      | 5103 ||| STAIRDANCE
  5117 | D:5      | 5117 ||| FLEEEEING.
  5127 | D:5      | 5127 ||| STAIRDANCE
  5141 | D:5      | 5141 ||| FLEEEEING.
  5142 | D:5      | 5142 ||| FLEEEEING.
  5143 | D:5      | 5143 ||| FLEEEEING.
  5144 | D:5      | 5144 ||| FLEEEEING.
  5145 | D:5      | 5145 ||| FLEEEEING.
  5151 | D:5      | 5151 ||| STAIRDANCE
  5155 | D:5      | 5155 ||| STAIRDANCE
  5159 | D:5      | 5159 ||| STAIRDANCE
  5165 | D:4      | Killed Pikel
  5166 | D:4      | Reached XP level 8. HP: 48/48 MP: 8/8
  5183 | D:5      | 5183 ||| FLEEEEING.
  5184 | D:5      | 5184 ||| FLEEEEING.
  5185 | D:5      | 5185 ||| FLEEEEING.
  5186 | D:5      | 5186 ||| FLEEEEING.
  5187 | D:5      | 5187 ||| FLEEEEING.
  5188 | D:5      | 5188 ||| FLEEEEING.
  5189 | D:5      | 5189 ||| FLEEEEING.
  5190 | D:5      | 5190 ||| FLEEEEING.
  5196 | D:5      | 5196 ||| STAIRDANCE
  5200 | D:5      | 5200 ||| STAIRDANCE
  5204 | D:5      | 5204 ||| STAIRDANCE
  5212 | D:5      | 5212 ||| STAIRDANCE
  5227 | D:5      | 5227 ||| Stepping randomly (stuck).
  5281 | D:5      | 5281 ||| FLEEEEING.
  5282 | D:5      | 5282 ||| FLEEEEING.
  5283 | D:5      | 5283 ||| FLEEEEING.
  5284 | D:5      | 5284 ||| FLEEEEING.
  5287 | D:5      | 5287 ||| FLEEEEING.
  5289 | D:5      | 5289 ||| FLEEEEING.
  5290 | D:5      | 5290 ||| STAIRDANCE
  5296 | D:5      | 5296 ||| STAIRDANCE
  5321 | Temple   | Entered the Ecumenical Temple
  5329 | Temple   | 5329 ||| PLANNING OKAWARU WORSHIP
  5408 | Temple   | Became a worshipper of Warmaster Okawaru
  5409 | Temple   | 5409 ||| PLANNING D:1-11
  5474 | D:5      | Found an opulent altar of Gozag.
  5475 | D:5      | Found a sparkling altar of Nemelex Xobeh.
  5519 | D:5      | Found Hih Xani's General Store.
  5913 | D:5      | 5913 ||| READING scroll labelled KAILYMN ALOPN.
  5914 | D:5      | 5914 ||| DRINKING 2 bubbling green potions.
  5915 | D:5      | 5915 ||| READING 2 scrolls of identify.
  5915 | D:5      | 5915 ||| IDENTIFYING orange potion
  5929 | D:6      | 5929 ||| STAIRDANCE
  5934 | D:6      | 5934 ||| STAIRDANCE
  5939 | D:5      | 5939 ||| DROPPING +0 flail.
  5949 | D:6      | Identified the +11 whip of Terror {vorpal, rPois SInv}
  6144 | D:6      | 6144 ||| READING scroll of enchant weapon.
  6144 | D:6      | 6144 ||| ENCHANTING +3 war axe.
  6176 | D:6      | Identified the +2 flail of Disintegration {vorpal, rN+
                  | Stlth+}
  6457 | D:6      | Reached * piety under Okawaru
  6462 | D:6      | 6462 ||| INVOKING Heroism.
  6472 | D:6      | Reached skill level 6 in Fighting
  6472 | D:6      | Reached skill level 1 in Invocations
  6578 | D:6      | 6578 ||| INVOKING Heroism.
  6586 | D:6      | Reached XP level 9. HP: 36/55 MP: 7/10
  6609 | D:6      | 6609 ||| UPGRADING to +0 plate armour.
  6619 | D:6      | 6619 ||| DROPPING +0 chain mail.
  6620 | D:6      | 6620 ||| READING scroll labelled GUFEOXU DASHRE.
  6632 | D:6      | 6632 ||| READING 3 scrolls of identify.
  6632 | D:6      | 6632 ||| IDENTIFYING yellow potion
  6633 | D:6      | 6633 ||| DROPPING potion of ambrosia.
  6669 | D:7      | 6669 ||| Stepping ~*~*~tactically~*~*~ (hiding).
  6670 | D:7      | 6670 ||| Stepping ~*~*~tactically~*~*~ (hiding).
  6678 | D:7      | 6678 ||| Stepping ~*~*~tactically~*~*~ (cloud).
  6701 | D:7      | Found an ornate altar of the Wu Jian Council.
  6720 | D:7      | Identified the +1 plate armour "Dimelida" {rF+}
  6766 | D:7      | Noticed Maggie
  6769 | D:7      | 6769 ||| INVOKING Heroism.
  6771 | D:7      | 6771 ||| Stepping ~*~*~tactically~*~*~ (hiding).
  6772 | D:7      | 6772 ||| Stepping ~*~*~tactically~*~*~ (hiding).
  6784 | D:7      | 6784 ||| DRINKING potion of cancellation.
  6791 | D:7      | 6791 ||| Stepping ~*~*~tactically~*~*~ (hiding).
  6795 | D:7      | HP: 8/55 [Maggie/+0 glaive of distortion (15)]
  6796 | D:7      | 6796 ||| READING 4 scrolls of teleportation.
  6797 | D:7      | 6797 ||| DRINKING 3 potions of heal wounds.
  6848 | D:7      | 6848 ||| Stepping ~*~*~tactically~*~*~ (hiding).
  6853 | D:7      | Noticed a hornet
  6854 | D:7      | 6854 ||| Stepping ~*~*~tactically~*~*~ (stealth).
  6861 | D:7      | Killed Maggie
  6862 | D:7      | Reached skill level 9 in Axes
  6865 | D:7      | 6865 ||| INVOKING Heroism.
  6868 | D:7      | Killed a hornet
  6900 | D:7      | 6900 ||| READING scroll of enchant weapon.
  6900 | D:7      | 6900 ||| ENCHANTING +4 war axe.
  6935 | D:7      | 6935 ||| INVOKING Heroism.
  6948 | D:7      | Reached skill level 3 in Invocations
  6948 | D:7      | 6948 ||| Stepping ~*~*~tactically~*~*~ (cloud).
  7115 | D:7      | 7115 ||| INVOKING Heroism.
  7247 | D:7      | 7247 ||| UPGRADING to +1 plate armour "Dimelida" {rF+}.
  7257 | D:7      | 7257 ||| DROPPING +0 plate armour.
  7258 | D:7      | 7258 ||| READING scroll labelled YMATIZOWNAN.
  7259 | D:7      | 7259 ||| READING 2 scrolls of identify.
  7259 | D:7      | 7259 ||| IDENTIFYING sedimented cyan potion
  7276 | D:8      | 7276 ||| INVOKING Heroism.
  7288 | D:8      | 7288 ||| FLEEEEING.
  7289 | D:8      | 7289 ||| FLEEEEING.
  7290 | D:8      | 7290 ||| FLEEEEING.
  7291 | D:8      | 7291 ||| FLEEEEING.
  7292 | D:8      | 7292 ||| STAIRDANCE
  7337 | D:8      | 7337 ||| INVOKING Heroism.
  7365 | D:8      | 7365 ||| INVOKING Heroism.
  7389 | D:8      | 7389 ||| FLEEEEING.
  7390 | D:8      | 7390 ||| FLEEEEING.
  7391 | D:8      | 7391 ||| FLEEEEING.
  7392 | D:8      | 7392 ||| FLEEEEING.
  7393 | D:8      | 7393 ||| STAIRDANCE
  7408 | D:8      | 7408 ||| INVOKING Heroism.
  7421 | D:8      | 7421 ||| STAIRDANCE
  7452 | D:8      | 7452 ||| INVOKING Heroism.
  7472 | D:8      | 7472 ||| INVOKING Heroism.
  7490 | D:8      | 7490 ||| INVOKING Heroism.
  7516 | D:8      | 7516 ||| INVOKING Heroism.
  7539 | D:8      | 7539 ||| INVOKING Heroism.
  7551 | D:8      | 7551 ||| FLEEEEING.
  7552 | D:8      | 7552 ||| FLEEEEING.
  7553 | D:8      | 7553 ||| FLEEEEING.
  7554 | D:8      | 7554 ||| FLEEEEING.
  7555 | D:8      | 7555 ||| STAIRDANCE
  7582 | D:8      | 7582 ||| INVOKING Heroism.
  7607 | D:8      | 7607 ||| INVOKING Heroism.
  7644 | D:8      | 7644 ||| INVOKING Heroism.
  7665 | D:8      | 7665 ||| INVOKING Heroism.
  7672 | D:8      | Reached skill level 6 in Armour
  7702 | D:8      | Found a shadowy altar of Dithmenos.
  7738 | D:8      | 7738 ||| INVOKING Heroism.
  7779 | D:8      | Found a sacrificial altar of Ru.
  7780 | D:8      | 7780 ||| Stepping ~*~*~tactically~*~*~ (hiding).
  7781 | D:8      | 7781 ||| Stepping ~*~*~tactically~*~*~ (hiding).
  8082 | D:8      | 8082 ||| INVOKING Heroism.
  8215 | D:8      | Found a white marble altar of Elyvilon.
  8217 | D:8      | 8217 ||| INVOKING Heroism.
  8262 | D:8      | Reached XP level 10. HP: 54/63 MP: 13/13
  8391 | D:8      | 8391 ||| Stepping ~*~*~tactically~*~*~ (hiding).
  8392 | D:8      | 8392 ||| Stepping ~*~*~tactically~*~*~ (hiding).
  8396 | D:8      | 8396 ||| INVOKING Heroism.
  8486 | D:8      | 8486 ||| Stepping ~*~*~tactically~*~*~ (hiding).
  8604 | D:8      | 8604 ||| UPGRADING to +2 kite shield.
  8614 | D:8      | 8614 ||| DROPPING +0 buckler.
  8635 | D:9      | 8635 ||| FLEEEEING.
  8636 | D:9      | 8636 ||| FLEEEEING.
  8640 | D:9      | 8640 ||| FLEEEEING.
  8641 | D:9      | 8641 ||| FLEEEEING.
  8642 | D:9      | 8642 ||| STAIRDANCE
  8663 | D:9      | 8663 ||| INVOKING Heroism.
  8694 | D:9      | 8694 ||| Stepping ~*~*~tactically~*~*~ (hiding).
  8697 | D:9      | 8697 ||| INVOKING Heroism.
  8704 | D:9      | Found a staircase to the Lair.
  8710 | D:9      | Reached skill level 6 in Shields
  8764 | D:9      | Noticed a centaur warrior
  8765 | D:9      | 8765 ||| INVOKING Heroism.
  8774 | D:9      | Killed a centaur warrior
  8774 | D:9      | Reached ** piety under Okawaru
  8775 | D:9      | Noticed a two-headed ogre
  8775 | D:9      | Noticed a centaur warrior
  8777 | D:9      | Noticed a harpy
  8783 | D:9      | Noticed a cyclops
  8788 | D:9      | Noticed a boulder beetle
  8789 | D:9      | Killed a centaur warrior
  8794 | D:9      | 8794 ||| INVOKING Heroism.
  8795 | D:9      | Killed a two-headed ogre
  8796 | D:9      | Reached skill level 9 in Shields
  8806 | D:9      | Killed a harpy
  8806 | D:9      | Reached *** piety under Okawaru
  8807 | D:9      | Reached XP level 11. HP: 30/67 MP: 12/14
  8811 | D:9      | Killed a cyclops
  8820 | D:9      | 8820 ||| INVOKING Heroism.
  8844 | D:9      | 8844 ||| INVOKING Heroism.
  8851 | D:9      | Killed a boulder beetle
  8851 | D:9      | Reached **** piety under Okawaru
  8893 | D:9      | 8893 ||| Stepping ~*~*~tactically~*~*~ (stealth).
  8895 | D:9      | 8895 ||| Stepping ~*~*~tactically~*~*~ (hiding).
  8900 | D:9      | 8900 ||| INVOKING Heroism.
  8925 | D:9      | Noticed a manticore
  8926 | D:9      | 8926 ||| Stepping ~*~*~tactically~*~*~ (stealth).
  8928 | D:9      | 8928 ||| Stepping ~*~*~tactically~*~*~ (stealth).
  8929 | D:9      | Noticed a manticore
  8930 | D:9      | 8930 ||| Stepping ~*~*~tactically~*~*~ (hiding).
  8933 | D:9      | 8933 ||| INVOKING Heroism.
  8942 | D:9      | Killed a manticore
  8955 | D:9      | Identified the +7 chain mail of Dim Light {rCorr}
  8972 | D:9      | Noticed a two-headed ogre
  8973 | D:9      | 8973 ||| INVOKING Heroism.
  8984 | D:9      | Killed a two-headed ogre
  8985 | D:9      | Reached skill level 3 in Throwing
  9028 | D:9      | Noticed a two-headed ogre
  9029 | D:9      | 9029 ||| INVOKING Heroism.
  9038 | D:9      | Killed a two-headed ogre
  9038 | D:9      | Received a gift from Okawaru
  9139 | D:9      | 9139 ||| INVOKING Heroism.
  9156 | D:9      | Killed a manticore
  9224 | D:9      | 9224 ||| INVOKING Heroism.
  9238 | D:9      | Reached skill level 6 in Invocations
  9239 | D:9      | 9239 ||| DRINKING 2 potions of curing.
  9239 | D:9      | 9239 ||| (to cure confusion)
  9300 | D:9      | Noticed a soul eater
  9304 | D:9      | 9304 ||| INVOKING Heroism.
  9549 | D:9      | 9549 ||| PLANNING LAIR
  9549 | D:9      | 9549 ||| UPGRADING to +7 chain mail of Dim Light {rCorr}.
  9559 | D:9      | 9559 ||| UPGRADING to ring of protection from cold.
  9560 | D:9      | 9560 ||| READING scroll labelled BUROQU FIZOKEDI.
  9561 | D:9      | 9561 ||| READING 3 scrolls of identify.
  9561 | D:9      | 9561 ||| IDENTIFYING lumpy ruby potion
  9593 | Lair:1   | Entered Level 1 of the Lair of Beasts
  9595 | Lair:1   | 9595 ||| INVOKING Heroism.
  9671 | Lair:1   | Reached skill level 3 in Dodging
  9814 | Lair:1   | Reached ***** piety under Okawaru
  9923 | Lair:1   | 9923 ||| Stepping ~*~*~tactically~*~*~ (stealth).
  9925 | Lair:1   | 9925 ||| Stepping ~*~*~tactically~*~*~ (stealth).
  9927 | Lair:1   | 9927 ||| INVOKING Heroism.
  9931 | Lair:1   | Received a gift from Okawaru
  9937 | Lair:1   | Reached XP level 12. HP: 74/74 MP: 15/17
  9949 | Lair:1   | 9949 ||| SWAPPING to +0 broad axe of freezing.
  9950 | Lair:1   | 9950 ||| DROPPING +5 war axe.
  9998 | Lair:1   | 9998 ||| INVOKING Heroism.
 10160 | Lair:1   | You fall into a shaft and drop 1 floor!
 10161 | Lair:2   | Found a staircase to the Swamp.
 10162 | Lair:2   | 10162 ||| Stepping ~*~*~tactically~*~*~ (stealth).
 10164 | Lair:2   | 10164 ||| INVOKING Heroism.
 10198 | Lair:2   | 10198 ||| INVOKING Heroism.
 10214 | Lair:2   | Reached skill level 9 in Invocations
 10220 | Lair:2   | Reached skill level 9 in Fighting
 10256 | Lair:2   | Noticed a death yak
 10257 | Lair:2   | 10257 ||| INVOKING Heroism.
 10257 | Lair:2   | Noticed a death yak
 10258 | Lair:2   | 10258 ||| Stepping ~*~*~tactically~*~*~ (stealth).
 10259 | Lair:2   | 10259 ||| INVOKING Finesse.
 10264 | Lair:2   | Killed a death yak
 10270 | Lair:2   | Noticed a death yak
 10271 | Lair:2   | 10271 ||| Stepping ~*~*~tactically~*~*~ (stealth).
 10279 | Lair:2   | Noticed a death yak
 10280 | Lair:2   | 10280 ||| Stepping ~*~*~tactically~*~*~ (stealth).
 10281 | Lair:2   | 10281 ||| Stepping ~*~*~tactically~*~*~ (stealth).
 10304 | Lair:2   | 10304 ||| INVOKING Heroism.
 10305 | Lair:2   | 10305 ||| INVOKING Finesse.
 10319 | Lair:2   | Killed a death yak
 10321 | Lair:2   | Killed a death yak
 10323 | Lair:2   | Killed a death yak
 10498 | Lair:2   | 10498 ||| UPGRADING to +0 pair of gloves.
 10521 | Lair:2   | 10521 ||| STAIRDANCE
 10889 | Lair:2   | 10889 ||| INVOKING Heroism.
 10904 | Lair:2   | Reached skill level 12 in Axes
 11225 | Lair:2   | 11225 ||| Stepping ~*~*~tactically~*~*~ (stealth).
 11231 | Lair:2   | 11231 ||| INVOKING Heroism.
 11258 | Lair:2   | Identified the +2 hand axe "Ytutos" {chaos, rN+ Str-4
                  | Dex+8} (Okawaru gifted it to you on level 2 of the Lair of
                  | Beasts)
 11258 | Lair:2   | Received a gift from Okawaru
 11269 | Lair:2   | Reached XP level 13. HP: 68/80 MP: 20/20
 11273 | Lair:2   | 11273 ||| INVOKING Heroism.
 11279 | Lair:2   | 11279 ||| Stepping ~*~*~tactically~*~*~ (stealth).
 11311 | Lair:2   | 11311 ||| Stepping ~*~*~tactically~*~*~ (stealth).
 11312 | Lair:2   | 11312 ||| Stepping ~*~*~tactically~*~*~ (stealth).
 11314 | Lair:2   | 11314 ||| Stepping ~*~*~tactically~*~*~ (stealth).
 11316 | Lair:2   | 11316 ||| Stepping ~*~*~tactically~*~*~ (stealth).
 11328 | Lair:2   | 11328 ||| Stepping ~*~*~tactically~*~*~ (stealth).
 11329 | Lair:2   | 11329 ||| Stepping ~*~*~tactically~*~*~ (stealth).
 11330 | Lair:2   | 11330 ||| INVOKING Heroism.
 11360 | Lair:2   | 11360 ||| Stepping ~*~*~tactically~*~*~ (hiding).
 11361 | Lair:2   | 11361 ||| INVOKING Heroism.
 11372 | Lair:2   | 11372 ||| Stepping ~*~*~tactically~*~*~ (stealth).
 11383 | Lair:2   | 11383 ||| Stepping ~*~*~tactically~*~*~ (stealth).
 11384 | Lair:2   | 11384 ||| Stepping ~*~*~tactically~*~*~ (stealth).
 11423 | Lair:2   | 11423 ||| Stepping ~*~*~tactically~*~*~ (stealth).
 11429 | Lair:2   | 11429 ||| Stepping ~*~*~tactically~*~*~ (stealth).
 11431 | Lair:2   | 11431 ||| Stepping ~*~*~tactically~*~*~ (stealth).
 11526 | Lair:2   | 11526 ||| INVOKING Heroism.
 11532 | Lair:2   | Received a gift from Okawaru
 11824 | Lair:2   | 11824 ||| DROPPING amulet of guardian spirit.
 11825 | Lair:2   | 11825 ||| UPGRADING to ring of see invisible.
 11866 | Lair:3   | 11866 ||| INVOKING Heroism.
 11867 | Lair:3   | 11867 ||| INVOKING Finesse.
 11875 | Lair:3   | Identified the +2 robe of Yczuteps {rF+} (Okawaru gifted it
                  | to you on level 3 of the Lair of Beasts)
 11875 | Lair:3   | Received a gift from Okawaru
 12000 | Lair:3   | Found a staircase to the Snake Pit.
 12021 | Lair:3   | 12021 ||| INVOKING Heroism.
 12048 | Lair:3   | 12048 ||| INVOKING Finesse.
 12057 | Lair:3   | 12057 ||| Stepping ~*~*~tactically~*~*~ (stealth).
 12129 | Lair:3   | Noticed Nergalle
 12130 | Lair:3   | 12130 ||| INVOKING Heroism.
 12143 | Lair:3   | Killed Nergalle
 12223 | Lair:3   | 12223 ||| Stepping ~*~*~tactically~*~*~ (stealth).
 12236 | Lair:3   | 12236 ||| INVOKING Heroism.
 12425 | Lair:3   | 12425 ||| Stepping ~*~*~tactically~*~*~ (stealth).
 12428 | Lair:3   | 12428 ||| INVOKING Heroism.
 12830 | Lair:3   | 12830 ||| READING scroll labelled MUZ INI NEKH.
 12831 | Lair:3   | 12831 ||| DRINKING 2 pink potions.
 12836 | Lair:4   | 12836 ||| INVOKING Heroism.
 12837 | Lair:4   | 12837 ||| INVOKING Finesse.
 12838 | Lair:4   | 12838 ||| STAIRDANCE
 12881 | Lair:4   | 12881 ||| INVOKING Heroism.
 12882 | Lair:4   | 12882 ||| SWAPPING to +4 morningstar of protection.
 12883 | Lair:4   | 12883 ||| INVOKING Finesse.
 12888 | Lair:4   | 12888 ||| SWAPPING to +0 vorpal broad axe.
 12961 | Lair:4   | 12961 ||| INVOKING Heroism.
 12970 | Lair:4   | 12970 ||| INVOKING Finesse.
 13006 | Lair:4   | Reached skill level 9 in Armour
 13006 | Lair:4   | Gained mutation: Your large and strong wings let you fly.
                  | [Gargoyle growth]
 13006 | Lair:4   | Reached XP level 14. HP: 77/88 MP: 16/21
 13198 | Lair:4   | 13198 ||| Stepping ~*~*~tactically~*~*~ (stealth).
 13199 | Lair:4   | 13199 ||| Stepping ~*~*~tactically~*~*~ (stealth).
 13202 | Lair:4   | 13202 ||| Stepping ~*~*~tactically~*~*~ (stealth).
 13226 | Lair:4   | 13226 ||| READING scroll of enchant armour.
 13226 | Lair:4   | 13226 ||| ENCHANTING +0 pair of gloves.
 13255 | Lair:4   | Found a viscous altar of Jiyva.
 13256 | Lair:4   | Found a staircase to the Slime Pits.
 13684 | Lair:4   | 13684 ||| UPGRADING to +0 helmet.
 13702 | Lair:5   | Entered Level 5 of the Lair of Beasts
 13703 | Lair:5   | 13703 ||| INVOKING Heroism.
 13705 | Lair:5   | 13705 ||| STAIRDANCE
 13718 | Lair:5   | 13718 ||| SWAPPING to +4 morningstar of protection.
 13719 | Lair:5   | 13719 ||| STAIRDANCE
 13721 | Lair:4   | 13721 ||| INVOKING Finesse.
 13729 | Lair:4   | 13729 ||| SWAPPING to +0 vorpal broad axe.
 13765 | Lair:5   | 13765 ||| Stepping ~*~*~tactically~*~*~ (hiding).
 13836 | Lair:5   | Received a gift from Okawaru
 13873 | Lair:5   | 13873 ||| INVOKING Heroism.
 13874 | Lair:5   | 13874 ||| INVOKING Finesse.
 13876 | Lair:5   | 13876 ||| SWAPPING to +4 morningstar of protection.
 13885 | Lair:5   | 13885 ||| SWAPPING to +0 vorpal broad axe.
 13973 | Lair:5   | 13973 ||| INVOKING Heroism.
 13975 | Lair:5   | 13975 ||| INVOKING Finesse.
 13978 | Lair:5   | 13978 ||| SWAPPING to +4 morningstar of protection.
 13985 | Lair:5   | 13985 ||| SWAPPING to +0 vorpal broad axe.
 14028 | Lair:5   | 14028 ||| Stepping ~*~*~tactically~*~*~ (stealth).
 14029 | Lair:5   | 14029 ||| Stepping ~*~*~tactically~*~*~ (stealth).
 14032 | Lair:5   | 14032 ||| Stepping ~*~*~tactically~*~*~ (stealth).
 14033 | Lair:5   | 14033 ||| Stepping ~*~*~tactically~*~*~ (stealth).
 14035 | Lair:5   | 14035 ||| Stepping ~*~*~tactically~*~*~ (stealth).
 14036 | Lair:5   | 14036 ||| Stepping ~*~*~tactically~*~*~ (stealth).
 14038 | Lair:5   | 14038 ||| INVOKING Heroism.
 14267 | Lair:5   | Reached skill level 12 in Shields
 14352 | Lair:5   | 14352 ||| INVOKING Heroism.
 14371 | Lair:5   | Received a gift from Okawaru
 14419 | Lair:5   | 14419 ||| INVOKING Heroism.
 14496 | Lair:5   | 14496 ||| Stepping ~*~*~tactically~*~*~ (hiding).
 14498 | Lair:5   | 14498 ||| Stepping ~*~*~tactically~*~*~ (hiding).
 14516 | Lair:5   | Received a gift from Okawaru
 14526 | Lair:5   | 14526 ||| Stepping ~*~*~tactically~*~*~ (hiding).
 14532 | Lair:5   | 14532 ||| Stepping randomly (cloudy).
 14533 | Lair:5   | 14533 ||| Stepping ~*~*~tactically~*~*~ (cloud).
 14540 | Lair:5   | 14540 ||| INVOKING Heroism.
 14625 | Lair:5   | 14625 ||| FLEEEEING.
 14655 | Lair:5   | Found a large runed translucent door.
 14655 | Lair:5   | Found a large runed translucent door.
 14684 | Lair:5   | Found the +10 Black Knight's barding {ponderous, rPois rN+}
 14913 | Lair:5   | 14913 ||| PLANNING D:1-11
 15062 | D:10     | Entered Level 10 of the Dungeon
 15112 | D:10     | Noticed Josephine
 15114 | D:10     | 15114 ||| Stepping ~*~*~tactically~*~*~ (hiding).
 15115 | D:10     | 15115 ||| Stepping ~*~*~tactically~*~*~ (hiding).
 15117 | D:10     | 15117 ||| Stepping ~*~*~tactically~*~*~ (hiding).
 15118 | D:10     | 15118 ||| Stepping ~*~*~tactically~*~*~ (hiding).
 15119 | D:10     | 15119 ||| Stepping ~*~*~tactically~*~*~ (hiding).
 15135 | D:10     | Killed Josephine
 15187 | D:10     | Noticed Fannar
 15188 | D:10     | 15188 ||| Stepping ~*~*~tactically~*~*~ (hiding).
 15190 | D:10     | 15190 ||| Stepping ~*~*~tactically~*~*~ (hiding).
 15224 | D:10     | Killed Fannar
 15225 | D:10     | Reached skill level 15 in Axes
 15237 | D:10     | Found a glowing golden altar of the Shining One.
 15671 | D:10     | Found a bloodstained altar of Trog.
 15749 | D:10     | 15749 ||| READING scroll of brand weapon.
 15749 | D:10     | 15749 ||| BRANDING +0 vorpal broad axe.
 15756 | D:10     | 15756 ||| UPGRADING to amulet of the acrobat.
 15772 | D:11     | 15772 ||| PLANNING GAUNTLET
 15772 | D:11     | 15772 ||| INVOKING Heroism.
 15780 | D:11     | Received a gift from Okawaru
 15841 | D:11     | 15841 ||| Stepping ~*~*~tactically~*~*~ (stealth).
 15844 | D:11     | 15844 ||| Stepping ~*~*~tactically~*~*~ (stealth).
 15862 | D:11     | 15862 ||| Stepping ~*~*~tactically~*~*~ (stealth).
 15863 | D:11     | 15863 ||| Stepping ~*~*~tactically~*~*~ (stealth).
 15864 | D:11     | 15864 ||| Stepping ~*~*~tactically~*~*~ (stealth).
 15911 | D:11     | 15911 ||| Stepping ~*~*~tactically~*~*~ (stealth).
 15926 | D:11     | 15926 ||| Stepping ~*~*~tactically~*~*~ (stealth).
 15931 | D:11     | 15931 ||| Stepping ~*~*~tactically~*~*~ (hiding).
 15937 | D:11     | 15937 ||| INVOKING Heroism.
 15939 | D:11     | 15939 ||| Stepping ~*~*~tactically~*~*~ (hiding).
 15947 | D:11     | 15947 ||| Stepping ~*~*~tactically~*~*~ (stealth).
 15952 | D:11     | Found a staircase to the Orcish Mines.
 15980 | D:11     | 15980 ||| Stepping ~*~*~tactically~*~*~ (stealth).
 15982 | D:11     | 15982 ||| Stepping ~*~*~tactically~*~*~ (hiding).
 15984 | D:11     | 15984 ||| Stepping ~*~*~tactically~*~*~ (hiding).
 15985 | D:11     | 15985 ||| Stepping ~*~*~tactically~*~*~ (hiding).
 16119 | D:11     | 16119 ||| Stepping ~*~*~tactically~*~*~ (hiding).
 16121 | D:11     | 16121 ||| Stepping ~*~*~tactically~*~*~ (hiding).
 16143 | D:11     | 16143 ||| Stepping ~*~*~tactically~*~*~ (stealth).
 16144 | D:11     | 16144 ||| Stepping ~*~*~tactically~*~*~ (stealth).
 16145 | D:11     | 16145 ||| Stepping ~*~*~tactically~*~*~ (stealth).
 16280 | D:11     | You are sucked into a shaft and drop 1 floor!
 16312 | D:12     | Identified the +11 morningstar "Xihevec" {speed, *Slow
                  | rPois Str+6 SInv}
 16314 | D:12     | 16314 ||| DROPPING +4 morningstar of protection.
 16392 | D:12     | Noticed Urug
 16393 | D:12     | 16393 ||| Stepping ~*~*~tactically~*~*~ (hiding).
 16395 | D:12     | 16395 ||| INVOKING Heroism.
 16396 | D:12     | 16396 ||| INVOKING Finesse.
 16419 | D:12     | Killed Urug
 16436 | D:12     | 16436 ||| Stepping ~*~*~tactically~*~*~ (stealth).
 16450 | D:12     | 16450 ||| Stepping ~*~*~tactically~*~*~ (hiding).
 16456 | D:12     | 16456 ||| Stepping ~*~*~tactically~*~*~ (hiding).
 16462 | D:12     | 16462 ||| INVOKING Heroism.
 16583 | D:12     | 16583 ||| RIP GAUNTLET
 16583 | D:12     | 16583 ||| PLANNING D:1-11
 16583 | D:12     | 16583 ||| READING scroll labelled MUVETY ESTREFU.
 16692 | D:11     | 16692 ||| RIP GAUNTLET
 16720 | D:11     | 16720 ||| INVOKING Heroism.
 17203 | D:11     | 17203 ||| PLANNING D
 17203 | D:11     | 17203 ||| UPGRADING to +6 ring of strength.
 17205 | D:11     | 17205 ||| DROPPING ring of positive energy.
 17456 | D:12     | 17456 ||| Stepping ~*~*~tactically~*~*~ (stealth).
 17458 | D:12     | 17458 ||| Stepping ~*~*~tactically~*~*~ (stealth).
 17462 | D:12     | 17462 ||| INVOKING Heroism.
 17463 | D:12     | 17463 ||| Stepping ~*~*~tactically~*~*~ (stealth).
 17465 | D:12     | Received a gift from Okawaru
 17466 | D:12     | 17466 ||| Stepping ~*~*~tactically~*~*~ (stealth).
 17479 | D:12     | Reached skill level 6 in Throwing
 17549 | D:12     | Reached XP level 15. HP: 95/95 MP: 22/22
 17551 | D:12     | 17551 ||| INVOKING Heroism.
 17584 | D:12     | 17584 ||| Stepping ~*~*~tactically~*~*~ (hiding).
 17588 | D:12     | 17588 ||| Stepping ~*~*~tactically~*~*~ (hiding).
 17897 | D:13     | 17897 ||| Stepping ~*~*~tactically~*~*~ (hiding).
 17959 | D:13     | 17959 ||| Stepping ~*~*~tactically~*~*~ (hiding).
 17978 | D:13     | 17978 ||| INVOKING Heroism.
 18036 | D:13     | 18036 ||| INVOKING Heroism.
 18098 | D:13     | Reached skill level 12 in Fighting
 18240 | D:13     | 18240 ||| Stepping ~*~*~tactically~*~*~ (hiding).
 18389 | D:13     | 18389 ||| INVOKING Heroism.
 18394 | D:13     | Received a gift from Okawaru
 18438 | D:13     | Found a gate to the Vaults.
 18439 | D:13     | 18439 ||| INVOKING Heroism.
 18547 | D:13     | 18547 ||| Stepping ~*~*~tactically~*~*~ (hiding).
 18548 | D:13     | Noticed Snorg
 18549 | D:13     | 18549 ||| INVOKING Heroism.
 18551 | D:13     | 18551 ||| INVOKING Finesse.
 18566 | D:13     | Killed Snorg
 18576 | D:13     | 18576 ||| Stepping ~*~*~tactically~*~*~ (hiding).
 18722 | D:13     | 18722 ||| INVOKING Heroism.
 19057 | D:13     | 19057 ||| READING scroll labelled UXIGINW REAH.
 19083 | D:14     | Identified the +7 trident "Qeecvi Wick" {venom, *Slow Fly
                  | rElec rC+++}
 19168 | D:14     | 19168 ||| Stepping ~*~*~tactically~*~*~ (stealth).
 19327 | D:14     | 19327 ||| Stepping ~*~*~tactically~*~*~ (hiding).
 19328 | D:14     | 19328 ||| Stepping ~*~*~tactically~*~*~ (hiding).
 19329 | D:14     | 19329 ||| Stepping ~*~*~tactically~*~*~ (hiding).
 19336 | D:14     | 19336 ||| INVOKING Heroism.
 19344 | D:14     | 19344 ||| Stepping ~*~*~tactically~*~*~ (stealth).
 19352 | D:14     | Received a gift from Okawaru
 20160 | D:14     | 20160 ||| UPGRADING to scarf of resistance.
 20170 | D:14     | 20170 ||| UPGRADING to +0 pair of gloves of dexterity.
 20180 | D:14     | 20180 ||| DROPPING +1 pair of gloves.
 20185 | D:15     | Entered Level 15 of the Dungeon
 20203 | D:15     | Found a stormy altar of Qazlal.
 20266 | D:15     | Found an opulent altar of Gozag.
 20335 | D:15     | 20335 ||| Stepping ~*~*~tactically~*~*~ (hiding).
 20336 | D:15     | 20336 ||| Stepping ~*~*~tactically~*~*~ (hiding).
 20380 | D:15     | 20380 ||| Stepping ~*~*~tactically~*~*~ (stealth).
 20381 | D:15     | 20381 ||| Stepping ~*~*~tactically~*~*~ (stealth).
 20423 | D:15     | Identified the +0 dire flail of the Scorching Salmon
                  | {vorpal, rCorr MP+9}
 20457 | D:15     | Noticed Jorgrun
 20458 | D:15     | 20458 ||| INVOKING Heroism.
 20459 | D:15     | 20459 ||| INVOKING Finesse.
 20470 | D:15     | Killed Jorgrun
 20539 | D:15     | Found a staircase to the Depths.
 20541 | D:15     | 20541 ||| INVOKING Heroism.
 20545 | D:15     | 20545 ||| Stepping ~*~*~tactically~*~*~ (stealth).
 20546 | D:15     | 20546 ||| Stepping ~*~*~tactically~*~*~ (stealth).
 20547 | D:15     | 20547 ||| Stepping ~*~*~tactically~*~*~ (hiding).
 20570 | D:15     | 20570 ||| FLEEEEING.
 20573 | D:15     | 20573 ||| FLEEEEING.
 20586 | D:15     | 20586 ||| FLEEEEING.
 20593 | D:15     | 20593 ||| FLEEEEING.
 20594 | D:15     | 20594 ||| FLEEEEING.
 20595 | D:15     | 20595 ||| FLEEEEING.
 20596 | D:15     | 20596 ||| FLEEEEING.
 20597 | D:15     | 20597 ||| FLEEEEING.
 20604 | D:15     | 20604 ||| FLEEEEING.
 20605 | D:15     | 20605 ||| FLEEEEING.
 20606 | D:15     | 20606 ||| FLEEEEING.
 20607 | D:15     | 20607 ||| STAIRDANCE
 20625 | D:15     | 20625 ||| INVOKING Heroism.
 20709 | D:15     | 20709 ||| Stepping ~*~*~tactically~*~*~ (stealth).
 20717 | D:15     | Reached XP level 16. HP: 101/101 MP: 23/23
 20731 | D:15     | 20731 ||| INVOKING Heroism.
 20733 | D:15     | 20733 ||| READING 15 scrolls of teleportation.
 20775 | D:15     | 20775 ||| Stepping ~*~*~tactically~*~*~ (stealth).
 21027 | D:15     | 21027 ||| INVOKING Heroism.
 21217 | D:15     | 21217 ||| PLANNING ORC
 21352 | Orc:1    | Entered Level 1 of the Orcish Mines
 21353 | Orc:1    | 21353 ||| Stepping ~*~*~tactically~*~*~ (hiding).
 21354 | Orc:1    | 21354 ||| Stepping ~*~*~tactically~*~*~ (hiding).
 21389 | Orc:1    | 21389 ||| Stepping ~*~*~tactically~*~*~ (stealth).
 21391 | Orc:1    | 21391 ||| Stepping ~*~*~tactically~*~*~ (stealth).
 21395 | Orc:1    | 21395 ||| INVOKING Heroism.
 21456 | Orc:1    | 21456 ||| Stepping ~*~*~tactically~*~*~ (stealth).
 21457 | Orc:1    | 21457 ||| Stepping ~*~*~tactically~*~*~ (stealth).
 21459 | Orc:1    | 21459 ||| INVOKING Heroism.
 21665 | Orc:2    | Entered Level 2 of the Orcish Mines
 21670 | Orc:2    | 21670 ||| STAIRDANCE
 21674 | Orc:1    | Received a gift from Okawaru
 21705 | Orc:2    | Found Hilubak's Weapon Shop.
 21705 | Orc:2    | Found Maeniax's Antique Weapon Shoppe.
 21706 | Orc:2    | 21706 ||| INVOKING Heroism.
 21724 | Orc:2    | 21724 ||| Stepping ~*~*~tactically~*~*~ (hiding).
 21725 | Orc:2    | 21725 ||| INVOKING Finesse.
 21763 | Orc:2    | Found Dimneori's Book Boutique.
 21773 | Orc:2    | 21773 ||| INVOKING Heroism.
 21820 | Orc:2    | Found a staircase to the Elven Halls.
 21830 | Orc:2    | 21830 ||| Stepping ~*~*~tactically~*~*~ (hiding).
 21832 | Orc:2    | 21832 ||| INVOKING Heroism.
 21834 | Orc:2    | 21834 ||| Stepping ~*~*~tactically~*~*~ (hiding).
 21866 | Orc:2    | 21866 ||| Stepping ~*~*~tactically~*~*~ (stealth).
 21949 | Orc:2    | 21949 ||| INVOKING Heroism.
 21975 | Orc:2    | 21975 ||| Stepping ~*~*~tactically~*~*~ (stealth).
 21995 | Orc:2    | Found Ladweek's Antique Armour Shoppe.
 22018 | Orc:2    | 22018 ||| INVOKING Heroism.
 22074 | Orc:2    | 22074 ||| BUYING heavily runed helmet (332 gold).
 22074 | Orc:2    | Bought a heavily runed helmet for 332 gold pieces
 22074 | Orc:2    | Identified the +1 helmet of Fiurr {Drain +Inv Will+ SInv}
                  | (You bought it in a shop on level 2 of the Orcish Mines)
 22142 | Orc:2    | 22142 ||| BUYING +1 hand axe of flaming (210 gold).
 22142 | Orc:2    | Bought a +1 hand axe of flaming for 210 gold pieces
 22142 | Orc:2    | 22142 ||| DROPPING +11 morningstar "Xihevec" {speed, *Slow
                  | rPois Str+6 SInv}.
 22162 | Orc:2    | 22162 ||| Stepping ~*~*~tactically~*~*~ (stealth).
 22218 | Orc:2    | Found Orosmest's Antique Weapon Shop.
 22221 | Orc:2    | Found Uceostrid's General Store.
 22229 | Orc:2    | 22229 ||| BUYING 2 potions of curing (96 gold).
 22229 | Orc:2    | Bought 2 potions of curing for 96 gold pieces
 22229 | Orc:2    | 22229 ||| BUYING scroll of teleportation (48 gold).
 22229 | Orc:2    | Bought a scroll of teleportation for 48 gold pieces
 22241 | Orc:2    | Found Piprunt's General Store.
 22245 | Orc:2    | 22245 ||| BUYING potion of might (56 gold).
 22245 | Orc:2    | Bought a potion of might for 56 gold pieces
 22431 | Orc:2    | 22431 ||| UPGRADING to +1 helmet of Fiurr {Drain +Inv Will+
                  | SInv}.
 22441 | Orc:2    | 22441 ||| REMOVING ring of see invisible.
 22442 | Orc:2    | 22442 ||| DROPPING +0 helmet.
 22443 | Orc:2    | 22443 ||| UPGRADING to +6 ring of dexterity.
 22458 | Orc:1    | 22458 ||| INVOKING Heroism.
 22568 | Orc:1    | 22568 ||| PLANNING SNAKE:1-3
 22616 | D:11     | 22616 ||| Stepping ~*~*~tactically~*~*~ (hiding).
 22863 | Snake:1  | Entered Level 1 of the Snake Pit
 22871 | Snake:1  | Received a gift from Okawaru
 22905 | Snake:1  | 22905 ||| Stepping ~*~*~tactically~*~*~ (hiding).
 22906 | Snake:1  | 22906 ||| Stepping ~*~*~tactically~*~*~ (hiding).
 22908 | Snake:1  | 22908 ||| Stepping ~*~*~tactically~*~*~ (hiding).
 22919 | Snake:1  | 22919 ||| Stepping ~*~*~tactically~*~*~ (hiding).
 22943 | Snake:1  | Identified the +3 broad axe "Gram" {drain, rC+ rCorr}
                  | (Okawaru gifted it to you on level 1 of the Snake Pit)
 22943 | Snake:1  | Received a gift from Okawaru
 22945 | Snake:1  | 22945 ||| SWAPPING to +3 broad axe "Gram" {drain, rC+
                  | rCorr}.
 22946 | Snake:1  | 22946 ||| DROPPING +0 broad axe of freezing.
 23007 | Snake:1  | 23007 ||| INVOKING Heroism.
 23016 | Snake:1  | Reached skill level 6 in Dodging
 23035 | Snake:1  | 23035 ||| Stepping ~*~*~tactically~*~*~ (stealth).
 23036 | Snake:1  | 23036 ||| Stepping ~*~*~tactically~*~*~ (hiding).
 23087 | Snake:1  | 23087 ||| Stepping ~*~*~tactically~*~*~ (stealth).
 23089 | Snake:1  | 23089 ||| Stepping ~*~*~tactically~*~*~ (stealth).
 23091 | Snake:1  | 23091 ||| Stepping ~*~*~tactically~*~*~ (hiding).
 23096 | Snake:1  | 23096 ||| INVOKING Heroism.
 23099 | Snake:1  | 23099 ||| Stepping ~*~*~tactically~*~*~ (hiding).
 23207 | Snake:1  | 23207 ||| Stepping ~*~*~tactically~*~*~ (hiding).
 23288 | Snake:1  | 23288 ||| Stepping ~*~*~tactically~*~*~ (hiding).
 23290 | Snake:1  | 23290 ||| Stepping ~*~*~tactically~*~*~ (hiding).
 23504 | Snake:1  | 23504 ||| Stepping ~*~*~tactically~*~*~ (hiding).
 23621 | Snake:1  | 23621 ||| UPGRADING to +2 plate armour of willpower.
 23631 | Snake:1  | 23631 ||| UPGRADING to amulet of reflection.
 23641 | Snake:1  | 23641 ||| DROPPING amulet of the acrobat.
 23684 | Snake:2  | 23684 ||| Stepping ~*~*~tactically~*~*~ (hiding).
 23686 | Snake:2  | 23686 ||| Stepping ~*~*~tactically~*~*~ (hiding).
 23709 | Snake:2  | 23709 ||| INVOKING Heroism.
 23712 | Snake:2  | 23712 ||| Stepping ~*~*~tactically~*~*~ (hiding).
 23929 | Snake:2  | 23929 ||| INVOKING Heroism.
 23937 | Snake:2  | Received a gift from Okawaru
 24031 | Snake:2  | 24031 ||| Stepping ~*~*~tactically~*~*~ (hiding).
 24263 | Snake:2  | 24263 ||| Stepping ~*~*~tactically~*~*~ (hiding).
 24433 | Snake:2  | 24433 ||| Stepping ~*~*~tactically~*~*~ (stealth).
 24444 | Snake:2  | 24444 ||| INVOKING Heroism.
 24447 | Snake:2  | 24447 ||| Stepping ~*~*~tactically~*~*~ (stealth).
 24463 | Snake:2  | Reached ****** piety under Okawaru
 24567 | Snake:2  | 24567 ||| INVOKING Heroism.
 24923 | Snake:2  | 24923 ||| Stepping ~*~*~tactically~*~*~ (hiding).
 25107 | Snake:2  | 25107 ||| DROPPING ring of willpower.
 25128 | Snake:3  | 25128 ||| INVOKING Heroism.
 25147 | Snake:3  | Reached skill level 12 in Armour
 25147 | Snake:3  | Reached XP level 17. HP: 105/108 MP: 24/24
 25202 | Snake:3  | Found Duefodev's Firing Range.
 25255 | Snake:3  | 25255 ||| INVOKING Heroism.
 25282 | Snake:3  | Found a runed translucent door.
 25282 | Snake:3  | Noticed qw's ghost (adept GrFi)
 25319 | Snake:3  | 25319 ||| FLEEEEING.
 25333 | Snake:3  | 25333 ||| INVOKING Heroism.
 25359 | Snake:3  | Noticed Bai Suzhen
 25360 | Snake:3  | 25360 ||| FLEEEEING.
 25361 | Snake:3  | 25361 ||| INVOKING Heroism.
 25362 | Snake:3  | 25362 ||| INVOKING Finesse.
 25372 | Snake:3  | 25372 ||| SWAPPING to +1 hand axe of flaming.
 25419 | Snake:3  | 25419 ||| SWAPPING to +3 broad axe "Gram" {drain, rC+
                  | rCorr}.
 25421 | Snake:3  | 25421 ||| SWAPPING to +1 hand axe of flaming.
 25429 | Snake:3  | 25429 ||| SWAPPING to +3 broad axe "Gram" {drain, rC+
                  | rCorr}.
 25435 | Snake:3  | Killed Bai Suzhen
 25436 | Snake:3  | 25436 ||| Stepping ~*~*~tactically~*~*~ (cloud).
 25548 | Snake:3  | Identified the +3 scale mail of the Lair of Beasts
                  | {*Corrode Will+ Regen+ Str+2}
 25688 | Snake:3  | 25688 ||| PLANNING SWAMP:1-3
 25688 | Snake:3  | 25688 ||| READING 13 scrolls of identify.
 25688 | Snake:3  | 25688 ||| IDENTIFYING ruby potion
 25689 | Snake:3  | 25689 ||| DROPPING potion of degeneration.
 25763 | Swamp:1  | Entered Level 1 of the Swamp
 25766 | Swamp:1  | 25766 ||| Stepping ~*~*~tactically~*~*~ (hiding).
 25769 | Swamp:1  | 25769 ||| INVOKING Heroism.
 25771 | Swamp:1  | Received a gift from Okawaru
 25840 | Swamp:1  | 25840 ||| INVOKING Heroism.
 25888 | Swamp:1  | 25888 ||| INVOKING Heroism.
 25897 | Swamp:1  | Reached skill level 18 in Axes
 25920 | Swamp:1  | 25920 ||| Stepping ~*~*~tactically~*~*~ (hiding).
 25923 | Swamp:1  | 25923 ||| Stepping ~*~*~tactically~*~*~ (hiding).
 25927 | Swamp:1  | 25927 ||| INVOKING Heroism.
 26111 | Swamp:1  | Identified Roxanne's Spellbook of the Thirteen Ears
 26111 | Swamp:1  | Noticed Roxanne
 26112 | Swamp:1  | 26112 ||| INVOKING Heroism.
 26113 | Swamp:1  | 26113 ||| INVOKING Finesse.
 26148 | Swamp:1  | Killed Roxanne
 26326 | Swamp:1  | 26326 ||| READING scroll of enchant armour.
 26326 | Swamp:1  | 26326 ||| ENCHANTING +0 pair of gloves of dexterity.
 26359 | Swamp:1  | 26359 ||| DROPPING +0 pair of boots of stealth.
 26360 | Swamp:1  | 26360 ||| DROPPING +2 plate armour of willpower.
 26377 | Swamp:2  | 26377 ||| INVOKING Heroism.
 26432 | Swamp:2  | 26432 ||| FLEEEEING.
 26433 | Swamp:2  | 26433 ||| FLEEEEING.
 26441 | Swamp:2  | 26441 ||| STAIRDANCE
 26503 | Swamp:2  | 26503 ||| Stepping ~*~*~tactically~*~*~ (hiding).
 26627 | Swamp:2  | Identified the ring "Cashrueno" {rPois Int+6 Dex+2}
 26676 | Swamp:2  | 26676 ||| Stepping ~*~*~tactically~*~*~ (hiding).
 26677 | Swamp:2  | 26677 ||| Stepping ~*~*~tactically~*~*~ (hiding).
 26678 | Swamp:2  | 26678 ||| Stepping ~*~*~tactically~*~*~ (hiding).
 26679 | Swamp:2  | 26679 ||| INVOKING Heroism.
 26694 | Swamp:2  | Noticed Kirke
 26695 | Swamp:2  | 26695 ||| Stepping ~*~*~tactically~*~*~ (stealth).
 26698 | Swamp:2  | 26698 ||| INVOKING Heroism.
 26711 | Swamp:2  | Killed Kirke
 26755 | Swamp:2  | Found a sacrificial altar of Ru.
 26764 | Swamp:2  | 26764 ||| Stepping ~*~*~tactically~*~*~ (cloud).
 26882 | Swamp:2  | 26882 ||| INVOKING Heroism.
 26918 | Swamp:2  | 26918 ||| Stepping ~*~*~tactically~*~*~ (hiding).
 26919 | Swamp:2  | 26919 ||| INVOKING Heroism.
 26958 | Swamp:2  | 26958 ||| READING scroll of enchant armour.
 26958 | Swamp:2  | 26958 ||| ENCHANTING +1 pair of gloves of dexterity.
 27001 | Swamp:2  | 27001 ||| Stepping ~*~*~tactically~*~*~ (hiding).
 27003 | Swamp:2  | 27003 ||| INVOKING Heroism.
 27081 | Swamp:2  | 27081 ||| DROPPING +1 cloak.
 27082 | Swamp:2  | 27082 ||| DROPPING +2 pair of gloves of dexterity.
 27083 | Swamp:2  | 27083 ||| DROPPING ring "Cashrueno" {rPois Int+6 Dex+2}.
 27106 | Swamp:3  | 27106 ||| STAIRDANCE
 27115 | Swamp:3  | 27115 ||| STAIRDANCE
 27180 | Swamp:3  | 27180 ||| INVOKING Heroism.
 27182 | Swamp:3  | 27182 ||| Stepping ~*~*~tactically~*~*~ (hiding).
 27222 | Swamp:3  | 27222 ||| INVOKING Heroism.
 27342 | Swamp:3  | 27342 ||| Stepping ~*~*~tactically~*~*~ (stealth).
 27343 | Swamp:3  | 27343 ||| INVOKING Heroism.
 27414 | Swamp:3  | 27414 ||| INVOKING Heroism.
 27427 | Swamp:3  | 27427 ||| SWAPPING to +1 hand axe of flaming.
 27440 | Swamp:3  | 27440 ||| SWAPPING to +3 broad axe "Gram" {drain, rC+
                  | rCorr}.
 27489 | Swamp:3  | Identified the +1 robe of Vudygeok {rPois rCorr}
 27617 | Swamp:3  | Received a gift from Okawaru
 27629 | Swamp:3  | 27629 ||| PLANNING SNAKE:4
 27743 | Snake:4  | Entered Level 4 of the Snake Pit
 27744 | Snake:4  | 27744 ||| INVOKING Heroism.
 27927 | Snake:4  | 27927 ||| INVOKING Heroism.
 27963 | Snake:4  | Identified the +0 buckler of the Spheres {*Slow rC+ Dex+3}
                  | (Okawaru gifted it to you on level 4 of the Snake Pit)
 27963 | Snake:4  | Received a gift from Okawaru
 27990 | Snake:4  | 27990 ||| INVOKING Heroism.
 27992 | Snake:4  | Reached XP level 18. HP: 40/117 MP: 22/25
 28092 | Snake:4  | 28092 ||| DROPPING +1 hand axe of flaming.
 28132 | Snake:4  | 28132 ||| Stepping ~*~*~tactically~*~*~ (hiding).
 28135 | Snake:4  | 28135 ||| INVOKING Heroism.
 28282 | Snake:4  | 28282 ||| Stepping ~*~*~tactically~*~*~ (hiding).
 28289 | Snake:4  | Reached skill level 15 in Fighting
 28292 | Snake:4  | 28292 ||| INVOKING Heroism.
 28455 | Snake:4  | 28455 ||| Stepping ~*~*~tactically~*~*~ (stealth).
 28457 | Snake:4  | 28457 ||| Stepping ~*~*~tactically~*~*~ (stealth).
 28460 | Snake:4  | 28460 ||| Stepping ~*~*~tactically~*~*~ (hiding).
 28461 | Snake:4  | 28461 ||| Stepping ~*~*~tactically~*~*~ (hiding).
 28479 | Snake:4  | 28479 ||| INVOKING Heroism.
 28534 | Snake:4  | HP: 28/119 [naga ritualist/+0 dire flail (2)]
 28535 | Snake:4  | 28535 ||| READING 17 scrolls of teleportation.
 28536 | Snake:4  | 28536 ||| DRINKING 6 potions of heal wounds.
 28537 | Snake:4  | 28537 ||| DRINKING 5 potions of heal wounds.
 28639 | Snake:4  | 28639 ||| Stepping ~*~*~tactically~*~*~ (hiding).
 28762 | Snake:4  | 28762 ||| Stepping ~*~*~tactically~*~*~ (hiding).
 28775 | Snake:4  | Received a gift from Okawaru
 28859 | Snake:4  | 28859 ||| INVOKING Heroism.
 28913 | Snake:4  | 28913 ||| INVOKING Heroism.
 29241 | Snake:4  | 29241 ||| INVOKING Heroism.
 29294 | Snake:4  | 29294 ||| INVOKING Heroism.
 29316 | Snake:4  | Received a gift from Okawaru
 29334 | Snake:4  | Got a serpentine rune of Zot
 29337 | Snake:4  | 29337 ||| PLANNING VAULTS:1-4
 29337 | Snake:4  | 29337 ||| UPGRADING to +0 tower shield.
 29347 | Snake:4  | 29347 ||| DROPPING +2 kite shield.
 29396 | Snake:4  | 29396 ||| Stepping ~*~*~tactically~*~*~ (stealth).
 29397 | Snake:4  | 29397 ||| Stepping ~*~*~tactically~*~*~ (stealth).
 29399 | Snake:4  | 29399 ||| Stepping ~*~*~tactically~*~*~ (hiding).
 29693 | Vaults:1 | Entered Level 1 of the Vaults
 29694 | Vaults:1 | 29694 ||| INVOKING Heroism.
 29706 | Vaults:1 | Reached skill level 15 in Shields
 29723 | Vaults:1 | Found Xebuloqa's General Store.
 29736 | Vaults:1 | 29736 ||| INVOKING Heroism.
 29743 | Vaults:1 | Identified the +1 robe "Ecwusiuve" {Rampage MP+9}
 29749 | Vaults:1 | Received a gift from Okawaru
 29789 | Vaults:1 | 29789 ||| INVOKING Heroism.
 29868 | Vaults:1 | 29868 ||| Stepping ~*~*~tactically~*~*~ (hiding).
 29869 | Vaults:1 | 29869 ||| Stepping ~*~*~tactically~*~*~ (hiding).
 29870 | Vaults:1 | 29870 ||| Stepping ~*~*~tactically~*~*~ (hiding).
 29871 | Vaults:1 | 29871 ||| Stepping ~*~*~tactically~*~*~ (hiding).
 29872 | Vaults:1 | 29872 ||| Stepping ~*~*~tactically~*~*~ (hiding).
 29876 | Vaults:1 | 29876 ||| INVOKING Heroism.
 29900 | Vaults:1 | Reached XP level 19. HP: 118/124 MP: 26/26
 30504 | Vaults:1 | 30504 ||| INVOKING Heroism.
 30521 | Vaults:1 | Received a gift from Okawaru
 30664 | Vaults:1 | 30664 ||| INVOKING Heroism.
 30722 | Vaults:1 | 30722 ||| INVOKING Heroism.
 30780 | Vaults:1 | 30780 ||| Stepping ~*~*~tactically~*~*~ (hiding).
 30782 | Vaults:1 | 30782 ||| INVOKING Heroism.
 30789 | Vaults:1 | 30789 ||| Stepping ~*~*~tactically~*~*~ (hiding).
 30806 | Vaults:1 | 30806 ||| INVOKING Heroism.
 30835 | Vaults:1 | Reached skill level 18 in Shields
 30877 | Vaults:1 | 30877 ||| INVOKING Heroism.
 30915 | Vaults:1 | 30915 ||| Stepping ~*~*~tactically~*~*~ (stealth).
 30917 | Vaults:1 | 30917 ||| Stepping ~*~*~tactically~*~*~ (stealth).
 30919 | Vaults:1 | 30919 ||| Stepping ~*~*~tactically~*~*~ (stealth).
 30921 | Vaults:1 | 30921 ||| Stepping ~*~*~tactically~*~*~ (hiding).
 30935 | Vaults:1 | 30935 ||| INVOKING Heroism.
 31081 | Vaults:1 | 31081 ||| Stepping ~*~*~tactically~*~*~ (stealth).
 31083 | Vaults:1 | 31083 ||| Stepping ~*~*~tactically~*~*~ (stealth).
 31191 | Vaults:1 | 31191 ||| Stepping ~*~*~tactically~*~*~ (stealth).
 31199 | Vaults:1 | Reached skill level 9 in Throwing
 31301 | Vaults:2 | 31301 ||| INVOKING Heroism.
 31316 | Vaults:2 | 31316 ||| Stepping ~*~*~tactically~*~*~ (hiding).
 31428 | Vaults:2 | 31428 ||| Stepping ~*~*~tactically~*~*~ (stealth).
 31450 | Vaults:2 | Found a staircase to the Crypt.
 31451 | Vaults:2 | 31451 ||| INVOKING Heroism.
 31540 | Vaults:2 | 31540 ||| Stepping ~*~*~tactically~*~*~ (stealth).
 31550 | Vaults:2 | 31550 ||| Stepping ~*~*~tactically~*~*~ (stealth).
 31551 | Vaults:2 | 31551 ||| Stepping ~*~*~tactically~*~*~ (stealth).
 31552 | Vaults:2 | 31552 ||| Stepping ~*~*~tactically~*~*~ (stealth).
 31584 | Vaults:2 | 31584 ||| Stepping ~*~*~tactically~*~*~ (stealth).
 31737 | Vaults:2 | 31737 ||| INVOKING Heroism.
 31755 | Vaults:2 | Received a gift from Okawaru
 31783 | Vaults:2 | 31783 ||| Stepping ~*~*~tactically~*~*~ (hiding).
 31784 | Vaults:2 | 31784 ||| Stepping ~*~*~tactically~*~*~ (hiding).
 31998 | Vaults:2 | Found a huge runed gate.
 31998 | Vaults:2 | Found a huge runed gate.
 31998 | Vaults:2 | Found a huge runed gate.
 31998 | Vaults:2 | Found a huge runed gate.
 31998 | Vaults:2 | Found a huge runed gate.
 31998 | Vaults:2 | Found a huge runed gate.
 31998 | Vaults:2 | Found a huge runed gate.
 31999 | Vaults:2 | Found a huge runed gate.
 31999 | Vaults:2 | Found a huge runed gate.
 31999 | Vaults:2 | Found a huge runed gate.
 32004 | Vaults:2 | Found a huge runed gate.
 32004 | Vaults:2 | Found a huge runed gate.
 32004 | Vaults:2 | Found a huge runed gate.
 32004 | Vaults:2 | Found a huge runed gate.
 32004 | Vaults:2 | Found a huge runed gate.
 32004 | Vaults:2 | Found a huge runed gate.
 32005 | Vaults:2 | Found a huge runed gate.
 32006 | Vaults:2 | Found a huge runed gate.
 32007 | Vaults:2 | Found a huge runed gate.
 32017 | Vaults:2 | Found a huge runed gate.
 32017 | Vaults:2 | Found a huge runed gate.
 32017 | Vaults:2 | Found a huge runed gate.
 32017 | Vaults:2 | Found a huge runed gate.
 32017 | Vaults:2 | Found a huge runed gate.
 32017 | Vaults:2 | Found a huge runed gate.
 32018 | Vaults:2 | Found a huge runed gate.
 32026 | Vaults:2 | Found a huge runed gate.
 32027 | Vaults:2 | Found a huge runed gate.
 32035 | Vaults:2 | Found a huge runed gate.
 32035 | Vaults:2 | Found a huge runed gate.
 32035 | Vaults:2 | Found a huge runed gate.
 32035 | Vaults:2 | Found a huge runed gate.
 32035 | Vaults:2 | Found a huge runed gate.
 32035 | Vaults:2 | Found a huge runed gate.
 32036 | Vaults:2 | Found a huge runed gate.
 32037 | Vaults:2 | Found a huge runed gate.
 32084 | Vaults:2 | 32084 ||| INVOKING Heroism.
 32085 | Vaults:2 | 32085 ||| Stepping ~*~*~tactically~*~*~ (stealth).
 32088 | Vaults:2 | 32088 ||| Stepping ~*~*~tactically~*~*~ (hiding).
 32104 | Vaults:2 | Identified the +1 pair of boots of Whack-A-Mole {Harm rElec
                  | Will+ Dex+2} (Okawaru gifted it to you on level 2 of the
                  | Vaults)
 32104 | Vaults:2 | Received a gift from Okawaru
 32329 | Vaults:2 | You are sucked into a shaft and drop 1 floor!
 32360 | Vaults:3 | Noticed Nikola
 32361 | Vaults:3 | 32361 ||| Stepping ~*~*~tactically~*~*~ (hiding).
 32362 | Vaults:3 | 32362 ||| Stepping ~*~*~tactically~*~*~ (hiding).
 32364 | Vaults:3 | 32364 ||| INVOKING Heroism.
 32365 | Vaults:3 | 32365 ||| INVOKING Finesse.
 32369 | Vaults:3 | Noticed Donald
 32376 | Vaults:3 | Killed Nikola
 32382 | Vaults:3 | Killed Donald
 32414 | Vaults:3 | Noticed Asterion
 32415 | Vaults:3 | 32415 ||| INVOKING Finesse.
 32430 | Vaults:3 | Killed Asterion
 32637 | Vaults:3 | 32637 ||| Stepping ~*~*~tactically~*~*~ (hiding).
 32667 | Vaults:3 | 32667 ||| INVOKING Heroism.
 32675 | Vaults:3 | Reached XP level 20. HP: 131/131 MP: 25/27
 32725 | Vaults:3 | 32725 ||| Stepping ~*~*~tactically~*~*~ (hiding).
 32726 | Vaults:3 | 32726 ||| Stepping ~*~*~tactically~*~*~ (hiding).
 32728 | Vaults:3 | 32728 ||| Stepping ~*~*~tactically~*~*~ (hiding).
 32731 | Vaults:3 | 32731 ||| INVOKING Heroism.
 32831 | Vaults:3 | 32831 ||| DROPPING amulet of regeneration.
 32832 | Vaults:3 | 32832 ||| DROPPING ring of wizardry.
 32901 | Vaults:2 | 32901 ||| INVOKING Heroism.
 32911 | Vaults:2 | Reached skill level 15 in Armour
 33491 | Vaults:3 | 33491 ||| Stepping ~*~*~tactically~*~*~ (hiding).
 33540 | Vaults:3 | 33540 ||| Stepping ~*~*~tactically~*~*~ (stealth).
 33578 | Vaults:3 | 33578 ||| Stepping ~*~*~tactically~*~*~ (stealth).
 33585 | Vaults:3 | 33585 ||| INVOKING Heroism.
 33608 | Vaults:3 | Reached skill level 9 in Dodging
 33618 | Vaults:3 | 33618 ||| Stepping ~*~*~tactically~*~*~ (hiding).
 33631 | Vaults:3 | 33631 ||| Stepping ~*~*~tactically~*~*~ (hiding).
 33632 | Vaults:3 | 33632 ||| Stepping ~*~*~tactically~*~*~ (hiding).
 33637 | Vaults:3 | 33637 ||| INVOKING Heroism.
 33639 | Vaults:3 | 33639 ||| INVOKING Finesse.
 33811 | Vaults:3 | Found Leutorukh's Book Boutique.
 33813 | Vaults:3 | 33813 ||| Stepping ~*~*~tactically~*~*~ (stealth).
 33815 | Vaults:3 | 33815 ||| Stepping ~*~*~tactically~*~*~ (stealth).
 33817 | Vaults:3 | 33817 ||| Stepping ~*~*~tactically~*~*~ (hiding).
 33823 | Vaults:3 | 33823 ||| Stepping ~*~*~tactically~*~*~ (hiding).
 34110 | Vaults:3 | 34110 ||| Stepping ~*~*~tactically~*~*~ (stealth).
 34112 | Vaults:3 | Noticed Saint Roka
 34115 | Vaults:3 | 34115 ||| INVOKING Heroism.
 34119 | Vaults:3 | Identified the +0 plate armour of Yxaorot {rN+ MP+9}
                  | (Okawaru gifted it to you on level 3 of the Vaults)
 34119 | Vaults:3 | Received a gift from Okawaru
 34147 | Vaults:3 | Killed Saint Roka
 34212 | Vaults:3 | 34212 ||| Stepping ~*~*~tactically~*~*~ (stealth).
 34215 | Vaults:3 | 34215 ||| Stepping ~*~*~tactically~*~*~ (stealth).
 34216 | Vaults:3 | 34216 ||| Stepping ~*~*~tactically~*~*~ (stealth).
 34384 | Vaults:3 | 34384 ||| INVOKING Heroism.
 34458 | Vaults:3 | 34458 ||| INVOKING Heroism.
 34652 | Vaults:3 | 34652 ||| INVOKING Heroism.
 34653 | Vaults:3 | 34653 ||| INVOKING Finesse.
 34706 | Vaults:3 | 34706 ||| UPGRADING to +2 tower shield.
 34716 | Vaults:3 | 34716 ||| DROPPING +0 tower shield.
 34717 | Vaults:3 | 34717 ||| DROPPING +0 plate armour of Yxaorot {rN+ MP+9}.
 34816 | Vaults:4 | 34816 ||| Stepping ~*~*~tactically~*~*~ (stealth).
 34821 | Vaults:4 | 34821 ||| INVOKING Heroism.
 34863 | Vaults:4 | 34863 ||| READING scroll of enchant armour.
 34863 | Vaults:4 | 34863 ||| ENCHANTING +0 pair of boots.
 34989 | Vaults:4 | 34989 ||| INVOKING Heroism.
 35046 | Vaults:4 | 35046 ||| INVOKING Heroism.
 35107 | Vaults:4 | 35107 ||| Stepping ~*~*~tactically~*~*~ (stealth).
 35211 | Vaults:4 | 35211 ||| Stepping ~*~*~tactically~*~*~ (hiding).
 35343 | Vaults:4 | 35343 ||| READING scroll of enchant armour.
 35343 | Vaults:4 | 35343 ||| ENCHANTING +1 pair of boots.
 35353 | Vaults:4 | 35353 ||| Stepping ~*~*~tactically~*~*~ (hiding).
 35366 | Vaults:4 | 35366 ||| INVOKING Heroism.
 35474 | Vaults:4 | 35474 ||| INVOKING Heroism.
 35482 | Vaults:4 | Received a gift from Okawaru
 35624 | Vaults:4 | 35624 ||| Stepping ~*~*~tactically~*~*~ (stealth).
 35756 | Vaults:4 | 35756 ||| PLANNING SWAMP:4
 36124 | Swamp:4  | Entered Level 4 of the Swamp
 36126 | Swamp:4  | 36126 ||| INVOKING Heroism.
 36148 | Swamp:4  | Received a gift from Okawaru
 36152 | Swamp:4  | 36152 ||| Stepping ~*~*~tactically~*~*~ (stealth).
 36153 | Swamp:4  | 36153 ||| Stepping ~*~*~tactically~*~*~ (hiding).
 36161 | Swamp:4  | Reached XP level 21. HP: 128/140 MP: 28/28
 36185 | Swamp:4  | Reached skill level 18 in Fighting
 36187 | Swamp:4  | 36187 ||| Stepping ~*~*~tactically~*~*~ (stealth).
 36193 | Swamp:4  | 36193 ||| Stepping ~*~*~tactically~*~*~ (hiding).
 36197 | Swamp:4  | 36197 ||| Stepping ~*~*~tactically~*~*~ (hiding).
 36207 | Swamp:4  | 36207 ||| Stepping ~*~*~tactically~*~*~ (hiding).
 36211 | Swamp:4  | 36211 ||| INVOKING Heroism.
 36244 | Swamp:4  | 36244 ||| Stepping ~*~*~tactically~*~*~ (stealth).
 36343 | Swamp:4  | 36343 ||| Stepping ~*~*~tactically~*~*~ (stealth).
 36344 | Swamp:4  | 36344 ||| Stepping ~*~*~tactically~*~*~ (stealth).
 36346 | Swamp:4  | 36346 ||| Stepping ~*~*~tactically~*~*~ (hiding).
 36419 | Swamp:4  | 36419 ||| Stepping ~*~*~tactically~*~*~ (hiding).
 36531 | Swamp:4  | Noticed the 27-headed Lernaean hydra
 36532 | Swamp:4  | 36532 ||| Stepping ~*~*~tactically~*~*~ (stealth).
 36540 | Swamp:4  | 36540 ||| INVOKING Heroism.
 36546 | Swamp:4  | Killed the 26-headed Lernaean hydra
 36605 | Swamp:4  | Got a decaying rune of Zot
 36623 | Swamp:4  | 36623 ||| INVOKING Heroism.
 36686 | Swamp:4  | 36686 ||| INVOKING Heroism.
 36978 | Swamp:4  | 36978 ||| PLANNING DEPTHS
 37276 | Depths:1 | Entered Level 1 of the Depths
 37312 | Depths:1 | 37312 ||| INVOKING Heroism.
 37313 | Depths:1 | 37313 ||| INVOKING Finesse.
 37340 | Depths:1 | Found Isiemohoef's Armour Shop.
 37392 | Depths:1 | 37392 ||| Stepping ~*~*~tactically~*~*~ (hiding).
 37411 | Depths:1 | Found Byzaush's Armour Emporium.
 37466 | Depths:1 | 37466 ||| INVOKING Heroism.
 37479 | Depths:1 | Received a gift from Okawaru
 37538 | Depths:1 | 37538 ||| INVOKING Heroism.
 37563 | Depths:1 | 37563 ||| INVOKING Finesse.
 37565 | Depths:1 | Received a gift from Okawaru
 37590 | Depths:1 | Found Zyekhlaro's Distillery.
 37603 | Depths:1 | Identified the amulet of the Traitor {Spirit +Blink rElec
                  | Stlth-}
 37611 | Depths:1 | 37611 ||| BUYING potion of curing (54 gold).
 37611 | Depths:1 | Bought a potion of curing for 54 gold pieces
 37611 | Depths:1 | 37611 ||| BUYING potion of curing (54 gold).
 37611 | Depths:1 | Bought a potion of curing for 54 gold pieces
 37611 | Depths:1 | 37611 ||| BUYING potion of experience (900 gold).
 37611 | Depths:1 | Bought a potion of experience for 900 gold pieces
 37611 | Depths:1 | 37611 ||| BUYING potion of haste (180 gold).
 37611 | Depths:1 | Bought a potion of haste for 180 gold pieces
 37611 | Depths:1 | 37611 ||| BUYING potion of lignification (54 gold).
 37611 | Depths:1 | Bought a potion of lignification for 54 gold pieces
 37611 | Depths:1 | 37611 ||| BUYING potion of magic (144 gold).
 37611 | Depths:1 | Bought a potion of magic for 144 gold pieces
 37611 | Depths:1 | 37611 ||| BUYING potion of magic (144 gold).
 37611 | Depths:1 | Bought a potion of magic for 144 gold pieces
 37611 | Depths:1 | 37611 ||| BUYING potion of might (72 gold).
 37611 | Depths:1 | Bought a potion of might for 72 gold pieces
 37611 | Depths:1 | 37611 ||| DRINKING potion of experience.
 37611 | Depths:1 | Reached XP level 22. HP: 148/148 MP: 29/29
 37653 | Depths:1 | 37653 ||| INVOKING Heroism.
 37655 | Depths:1 | Found a gateway to Hell.
 37671 | Depths:1 | HP: 34/148 [reaper/+6 vorpal scythe (10)]
 37672 | Depths:1 | 37672 ||| READING 20 scrolls of teleportation.
 37673 | Depths:1 | 37673 ||| DRINKING 9 potions of heal wounds.
 37776 | Depths:1 | 37776 ||| Stepping ~*~*~tactically~*~*~ (hiding).
 37777 | Depths:1 | 37777 ||| Stepping ~*~*~tactically~*~*~ (hiding).
 37793 | Depths:1 | 37793 ||| INVOKING Heroism.
 37795 | Depths:1 | 37795 ||| INVOKING Finesse.
 37796 | Depths:1 | 37796 ||| Stepping ~*~*~tactically~*~*~ (hiding).
 37799 | Depths:1 | 37799 ||| Stepping ~*~*~tactically~*~*~ (hiding).
 37822 | Depths:1 | Received a gift from Okawaru
 37832 | Depths:1 | 37832 ||| Stepping ~*~*~tactically~*~*~ (stealth).
 37982 | Depths:1 | 37982 ||| INVOKING Heroism.
 38050 | Depths:1 | Identified the +7 demon whip "Butuwowk" {freeze, rPois rF+
                  | Int+2 Dex+7}
 38310 | Depths:1 | Found Opsub's Antique Armour Shoppe.
 38316 | Depths:1 | 38316 ||| BUYING glowing chain mail (225 gold).
 38316 | Depths:1 | Bought a glowing chain mail for 225 gold pieces
 38374 | Depths:1 | 38374 ||| DROPPING +1 chain mail of fire resistance.
 38375 | Depths:1 | 38375 ||| DROPPING amulet of the Traitor {Spirit +Blink
                  | rElec Stlth-}.
 38405 | Depths:2 | 38405 ||| PLANNING WIZLAB
 38420 | Depths:2 | 38420 ||| Stepping ~*~*~tactically~*~*~ (hiding).
 38448 | Depths:2 | 38448 ||| INVOKING Heroism.
 38457 | Depths:2 | 38457 ||| INVOKING Finesse.
 38457 | Depths:2 | Noticed a juggernaut
 38482 | Depths:2 | Killed a juggernaut
 38483 | Depths:2 | Reached skill level 18 in Armour
 38522 | Depths:2 | Noticed a caustic shrike
 38527 | Depths:2 | 38527 ||| Stepping ~*~*~tactically~*~*~ (hiding).
 38539 | Depths:2 | 38539 ||| INVOKING Heroism.
 38589 | Depths:2 | Received a gift from Okawaru
 38607 | Depths:2 | 38607 ||| READING 19 scrolls of teleportation.
 38657 | Depths:2 | 38657 ||| Stepping ~*~*~tactically~*~*~ (hiding).
 38661 | Depths:2 | 38661 ||| INVOKING Heroism.
 38713 | Depths:2 | Found a magical portal.
 38753 | Depths:2 | Found a one-way gate leading to the halls of Pandemonium.
 38827 | Depths:2 | 38827 ||| Stepping ~*~*~tactically~*~*~ (stealth).
 38829 | Depths:2 | 38829 ||| INVOKING Heroism.
 38849 | Depths:2 | Noticed a golden dragon
 38850 | Depths:2 | 38850 ||| INVOKING Finesse.
 38863 | Depths:2 | Killed a golden dragon
 38864 | Depths:2 | Reached XP level 23. HP: 146/154 MP: 25/30
 38891 | Depths:2 | 38891 ||| Stepping ~*~*~tactically~*~*~ (stealth).
 38892 | Depths:2 | 38892 ||| INVOKING Heroism.
 38905 | Depths:2 | 38905 ||| INVOKING Finesse.
 38913 | Depths:2 | Killed a caustic shrike
 38996 | Depths:2 | 38996 ||| Stepping ~*~*~tactically~*~*~ (hiding).
 38999 | Depths:2 | 38999 ||| INVOKING Heroism.
 39006 | Depths:2 | Received a gift from Okawaru
 39048 | Depths:2 | Noticed a golden dragon
 39048 | Depths:2 | Noticed a juggernaut
 39049 | Depths:2 | 39049 ||| INVOKING Heroism.
 39050 | Depths:2 | 39050 ||| INVOKING Finesse.
 39067 | Depths:2 | Killed a golden dragon
 39076 | Depths:2 | Killed a juggernaut
 39076 | Depths:2 | Received a gift from Okawaru
 39119 | Depths:2 | 39119 ||| DROPPING +1 plate armour "Dimelida" {rF+}.
 39120 | Depths:2 | 39120 ||| DROPPING +1 plate armour of cold resistance.
 39124 | Depths:2 | 39124 ||| DROPPING +0 ice dragon scales.
 39125 | Depths:2 | 39125 ||| UPGRADING to +0 gold dragon scales.
 39135 | Depths:2 | 39135 ||| UPGRADING to +2 cloak.
 39172 | Depths:2 | 39172 ||| DROPPING +0 cloak of poison resistance.
 39173 | Depths:2 | Identified the +0 pair of boots of the Sturgeon {rN+ Int+2
                  | Dex+4 SInv}
 39175 | Depths:2 | 39175 ||| UPGRADING to +0 pair of boots of the Sturgeon
                  | {rN+ Int+2 Dex+4 SInv}.
 39194 | Depths:2 | 39194 ||| RIP WIZLAB
 39258 | Depths:2 | 39258 ||| PLANNING DEPTHS
 39287 | Depths:2 | 39287 ||| Stepping ~*~*~tactically~*~*~ (hiding).
 39290 | Depths:2 | 39290 ||| Stepping ~*~*~tactically~*~*~ (hiding).
 39326 | Depths:2 | 39326 ||| Stepping ~*~*~tactically~*~*~ (stealth).
 39328 | Depths:2 | 39328 ||| Stepping ~*~*~tactically~*~*~ (hiding).
 39340 | Depths:2 | 39340 ||| Stepping ~*~*~tactically~*~*~ (hiding).
 39349 | Depths:2 | 39349 ||| FLEEEEING.
 39351 | Depths:2 | 39351 ||| Stepping ~*~*~tactically~*~*~ (hiding).
 39396 | Depths:2 | Received a gift from Okawaru
 39559 | Depths:2 | 39559 ||| Stepping ~*~*~tactically~*~*~ (hiding).
 39750 | Depths:2 | 39750 ||| Stepping ~*~*~tactically~*~*~ (hiding).
 39751 | Depths:2 | 39751 ||| Stepping ~*~*~tactically~*~*~ (hiding).
 39840 | Depths:2 | 39840 ||| UPGRADING to +6 ring of strength.
 39842 | Depths:2 | 39842 ||| DROPPING +6 ring of dexterity.
 39843 | Depths:2 | 39843 ||| DROPPING 63 boomerangs.
 39844 | Depths:2 | 39844 ||| DROPPING 6 silver boomerangs.
 39845 | Depths:2 | 39845 ||| DROPPING 2 boomerangs of dispersal.
 39877 | Depths:3 | 39877 ||| STAIRDANCE
 39886 | Depths:3 | 39886 ||| STAIRDANCE
 39901 | Depths:3 | 39901 ||| STAIRDANCE
 40020 | Depths:3 | 40020 ||| STAIRDANCE
 40042 | Depths:3 | 40042 ||| STAIRDANCE
 40044 | Depths:2 | 40044 ||| INVOKING Finesse.
 40073 | Depths:3 | 40073 ||| STAIRDANCE
 40081 | Depths:3 | 40081 ||| STAIRDANCE
 40093 | Depths:3 | 40093 ||| STAIRDANCE
 40109 | Depths:3 | 40109 ||| STAIRDANCE
 40156 | Depths:3 | Found a one-way gate to the infinite horrors of the Abyss.
 40162 | Depths:3 | 40162 ||| Stepping ~*~*~tactically~*~*~ (stealth).
 40163 | Depths:3 | 40163 ||| Stepping ~*~*~tactically~*~*~ (stealth).
 40168 | Depths:3 | 40168 ||| INVOKING Heroism.
 40266 | Depths:3 | 40266 ||| Stepping ~*~*~tactically~*~*~ (hiding).
 40269 | Depths:3 | 40269 ||| INVOKING Heroism.
 40317 | Depths:3 | 40317 ||| Stepping ~*~*~tactically~*~*~ (stealth).
 40330 | Depths:3 | 40330 ||| Stepping ~*~*~tactically~*~*~ (stealth).
 40332 | Depths:3 | 40332 ||| Stepping ~*~*~tactically~*~*~ (hiding).
 40333 | Depths:3 | 40333 ||| INVOKING Heroism.
 40388 | Depths:3 | Received a gift from Okawaru
 40495 | Depths:3 | Noticed a golden dragon
 40496 | Depths:3 | 40496 ||| Stepping ~*~*~tactically~*~*~ (stealth).
 40498 | Depths:3 | 40498 ||| Stepping ~*~*~tactically~*~*~ (stealth).
 40499 | Depths:3 | 40499 ||| Stepping ~*~*~tactically~*~*~ (stealth).
 40514 | Depths:3 | Noticed a caustic shrike
 40515 | Depths:3 | 40515 ||| INVOKING Heroism.
 40515 | Depths:3 | Noticed a caustic shrike
 40515 | Depths:3 | Noticed a caustic shrike
 40515 | Depths:3 | Paralysed by a floating eye for 3 turns
 40518 | Depths:3 | 40518 ||| INVOKING Finesse.
 40518 | Depths:3 | Noticed a caustic shrike
 40525 | Depths:3 | Killed a caustic shrike
 40532 | Depths:3 | Killed a caustic shrike
 40532 | Depths:3 | Received a gift from Okawaru
 40533 | Depths:3 | Killed a caustic shrike
 40538 | Depths:3 | Killed a caustic shrike
 40720 | Depths:3 | 40720 ||| INVOKING Heroism.
 40721 | Depths:3 | 40721 ||| INVOKING Finesse.
 40759 | Depths:3 | Found a one-way gateway to a ziggurat.
 40868 | Depths:3 | 40868 ||| INVOKING Heroism.
 40869 | Depths:3 | 40869 ||| INVOKING Finesse.
 40974 | Depths:3 | 40974 ||| INVOKING Heroism.
 40975 | Depths:3 | 40975 ||| INVOKING Finesse.
 40984 | Depths:3 | Killed a golden dragon
 41090 | Depths:3 | 41090 ||| INVOKING Heroism.
 41339 | Depths:3 | 41339 ||| FLEEEEING.
 41350 | Depths:3 | Received a gift from Okawaru
 41512 | Depths:3 | 41512 ||| DROPPING +1 pair of gloves of dexterity.
 41513 | Depths:3 | 41513 ||| DROPPING +2 cloak of preservation.
 41542 | Depths:4 | Entered Level 4 of the Depths
 41551 | Depths:4 | 41551 ||| FLEEEEING.
 41552 | Depths:4 | 41552 ||| FLEEEEING.
 41554 | Depths:4 | 41554 ||| INVOKING Heroism.
 41585 | Depths:4 | Noticed Boris
 41586 | Depths:4 | 41586 ||| INVOKING Finesse.
 41608 | Depths:4 | Killed Boris
 41611 | Depths:4 | 41611 ||| INVOKING Heroism.
 41616 | Depths:4 | Reached skill level 21 in Armour
 41667 | Depths:4 | 41667 ||| INVOKING Finesse.
 41743 | Depths:4 | 41743 ||| Stepping ~*~*~tactically~*~*~ (stealth).
 41802 | Depths:4 | Found Fuaphu Ymum's Armour Emporium.
 41814 | Depths:4 | Noticed Xtahua
 41815 | Depths:4 | 41815 ||| Stepping ~*~*~tactically~*~*~ (hiding).
 41821 | Depths:4 | 41821 ||| DRINKING 2 potions of resistance.
 41835 | Depths:4 | Killed Xtahua
 41836 | Depths:4 | Reached XP level 24. HP: 159/162 MP: 30/30
 41852 | Depths:4 | 41852 ||| INVOKING Finesse.
 41951 | Depths:4 | 41951 ||| INVOKING Heroism.
 41973 | Depths:4 | 41973 ||| INVOKING Heroism.
 42061 | Depths:4 | 42061 ||| FLEEEEING.
 42078 | Depths:4 | 42078 ||| Stepping ~*~*~tactically~*~*~ (stealth).
 42079 | Depths:4 | 42079 ||| Stepping ~*~*~tactically~*~*~ (stealth).
 42122 | Depths:4 | Noticed a caustic shrike
 42124 | Depths:4 | Found a transporter.
 42128 | Depths:4 | Found a transporter.
 42129 | Depths:4 | Noticed qw's ghost (veteran GrFi)
 42133 | Depths:4 | Noticed a caustic shrike
 42136 | Depths:4 | Noticed a caustic shrike
 42144 | Depths:4 | Noticed qw's ghost (veteran GrFi)
 42145 | Depths:4 | Noticed a caustic shrike
 42216 | Depths:4 | 42216 ||| INVOKING Heroism.
 42226 | Depths:4 | Received a gift from Okawaru
 42284 | Depths:4 | Found a gate to the Realm of Zot.
 42304 | Depths:4 | 42304 ||| Stepping ~*~*~tactically~*~*~ (hiding).
 42755 | Depths:4 | 42755 ||| PLANNING VAULTS:5
 43079 | Vaults:5 | Entered Level 5 of the Vaults
 43080 | Vaults:5 | 43080 ||| INVOKING Heroism.
 43081 | Vaults:5 | 43081 ||| STAIRDANCE
 43103 | Vaults:5 | 43103 ||| STAIRDANCE
 43128 | Vaults:5 | 43128 ||| STAIRDANCE
 43130 | Vaults:4 | 43130 ||| INVOKING Heroism.
 43183 | Vaults:5 | 43183 ||| STAIRDANCE
 43199 | Vaults:5 | Received a gift from Okawaru
 43205 | Vaults:5 | 43205 ||| INVOKING Heroism.
 43261 | Vaults:5 | 43261 ||| INVOKING Heroism.
 43265 | Vaults:5 | Reached skill level 21 in Shields
 43274 | Vaults:5 | 43274 ||| Stepping ~*~*~tactically~*~*~ (hiding).
 43277 | Vaults:5 | 43277 ||| Stepping ~*~*~tactically~*~*~ (hiding).
 43319 | Vaults:5 | 43319 ||| FLEEEEING.
 43382 | Vaults:5 | 43382 ||| Stepping ~*~*~tactically~*~*~ (hiding).
 43385 | Vaults:5 | 43385 ||| INVOKING Heroism.
 43394 | Vaults:5 | Noticed a dread lich
 43395 | Vaults:5 | 43395 ||| INVOKING Finesse.
 43416 | Vaults:5 | Received a gift from Okawaru
 43422 | Vaults:5 | Killed a dread lich
 43426 | Vaults:5 | Reached skill level 21 in Fighting
 43430 | Vaults:5 | Received a gift from Okawaru
 43444 | Vaults:5 | Noticed a dread lich
 43463 | Vaults:5 | HP: 31/166 [yaktaur captain (15)]
 43464 | Vaults:5 | 43464 ||| READING 20 scrolls of teleportation.
 43465 | Vaults:5 | 43465 ||| DRINKING 9 potions of heal wounds.
 43472 | Vaults:5 | Killed a dread lich
 43626 | Vaults:5 | 43626 ||| INVOKING Heroism.
 43712 | Vaults:5 | 43712 ||| Stepping ~*~*~tactically~*~*~ (hiding).
 43718 | Vaults:5 | Received a gift from Okawaru
 43769 | Vaults:5 | 43769 ||| Stepping ~*~*~tactically~*~*~ (stealth).
 43772 | Vaults:5 | 43772 ||| Stepping ~*~*~tactically~*~*~ (hiding).
 43774 | Vaults:5 | 43774 ||| Stepping ~*~*~tactically~*~*~ (hiding).
 43798 | Vaults:5 | Identified a scroll of acquirement
 43803 | Vaults:5 | 43803 ||| READING scroll of acquirement.
 43803 | Vaults:5 | 43803 ||| ACQUIRING +1 cloak of the Beggar {rElec rC++}
 43803 | Vaults:5 | Acquired the +1 cloak of the Beggar {rElec rC++}
 43816 | Vaults:5 | 43816 ||| Stepping ~*~*~tactically~*~*~ (stealth).
 43822 | Vaults:5 | 43822 ||| Stepping ~*~*~tactically~*~*~ (stealth).
 43823 | Vaults:5 | 43823 ||| Stepping ~*~*~tactically~*~*~ (stealth).
 43840 | Vaults:5 | 43840 ||| DROPPING +0 broad axe of electrocution.
 43925 | Vaults:5 | 43925 ||| Stepping ~*~*~tactically~*~*~ (hiding).
 43926 | Vaults:5 | 43926 ||| Stepping ~*~*~tactically~*~*~ (hiding).
 44068 | Vaults:5 | 44068 ||| Stepping ~*~*~tactically~*~*~ (stealth).
 44069 | Vaults:5 | 44069 ||| Stepping ~*~*~tactically~*~*~ (stealth).
 44070 | Vaults:5 | 44070 ||| Stepping ~*~*~tactically~*~*~ (stealth).
 44071 | Vaults:5 | 44071 ||| Stepping ~*~*~tactically~*~*~ (stealth).
 44073 | Vaults:5 | 44073 ||| INVOKING Heroism.
 44077 | Vaults:5 | Identified the +0 hat of Defence {rElec rCorr} (Okawaru
                  | gifted it to you on level 5 of the Vaults)
 44077 | Vaults:5 | Received a gift from Okawaru
 44304 | Vaults:5 | Reached XP level 25. HP: 172/172 MP: 30/30
 44305 | Vaults:5 | 44305 ||| INVOKING Heroism.
 44364 | Vaults:5 | Identified the +7 morningstar of Yesterday {flame, rPois
                  | Will+}
 44365 | Vaults:5 | 44365 ||| FLEEEEING.
 44369 | Vaults:5 | 44369 ||| INVOKING Heroism.
 44370 | Vaults:5 | 44370 ||| INVOKING Finesse.
 44371 | Vaults:5 | Identified the +5 arbalest of the Freezing Rat {elec,
                  | Str+6}
 44371 | Vaults:5 | Identified the +12 gold dragon scales of Nobrou {rPois rF+
                  | rC+ Str+7}
 44426 | Vaults:5 | 44426 ||| Stepping ~*~*~tactically~*~*~ (hiding).
 44445 | Vaults:5 | 44445 ||| READING scroll of acquirement.
 44445 | Vaults:5 | 44445 ||| ACQUIRING ring "Unull" {AC+4 Int+6 Stlth+}
 44445 | Vaults:5 | Acquired the ring "Unull" {AC+4 Int+6 Stlth+}
 44447 | Vaults:5 | 44447 ||| DROPPING ring of see invisible.
 44483 | Vaults:5 | Got a silver rune of Zot
 44496 | Vaults:5 | 44496 ||| Stepping ~*~*~tactically~*~*~ (stealth).
 44685 | Vaults:5 | 44685 ||| PLANNING SHOPPING SPREE
 44685 | Vaults:5 | 44685 ||| DROPPING +2 plate armour of willpower.
 44686 | Vaults:5 | 44686 ||| DROPPING +0 cloak of preservation.
 44687 | Vaults:5 | 44687 ||| UPGRADING to +12 gold dragon scales of Nobrou
                  | {rPois rF+ rC+ Str+7}.
 44697 | Vaults:5 | 44697 ||| DROPPING +0 gold dragon scales.
 44698 | Vaults:5 | 44698 ||| UPGRADING to ring "Unull" {AC+4 Int+6 Stlth+}.
 44700 | Vaults:5 | 44700 ||| DROPPING +6 ring of strength.
 45159 | D:1      | 45159 ||| BUYING scroll of enchant armour (105 gold).
 45159 | D:1      | Bought a scroll of enchant armour for 105 gold pieces
 45159 | D:1      | 45159 ||| BUYING scroll of teleportation (42 gold).
 45159 | D:1      | Bought a scroll of teleportation for 42 gold pieces
 45159 | D:1      | 45159 ||| BUYING scroll of teleportation (42 gold).
 45159 | D:1      | Bought a scroll of teleportation for 42 gold pieces
 45159 | D:1      | 45159 ||| BUYING scroll of teleportation (42 gold).
 45159 | D:1      | Bought a scroll of teleportation for 42 gold pieces
 45235 | D:1      | 45235 ||| PLANNING ZOT:1-4
 45646 | Zot:1    | Entered Level 1 of the Realm of Zot
 45647 | Zot:1    | 45647 ||| INVOKING Heroism.
 45665 | Zot:1    | Reached skill level 12 in Throwing
 45705 | Zot:1    | 45705 ||| INVOKING Heroism.
 45909 | Zot:1    | 45909 ||| INVOKING Heroism.
 45916 | Zot:1    | Noticed Vv
 45917 | Zot:1    | 45917 ||| DRINKING potion of resistance.
 45918 | Zot:1    | 45918 ||| INVOKING Finesse.
 45967 | Zot:1    | Killed Vv
 45979 | Zot:1    | 45979 ||| Stepping ~*~*~tactically~*~*~ (hiding).
 46063 | Zot:1    | 46063 ||| INVOKING Heroism.
 46103 | Zot:1    | 46103 ||| Stepping ~*~*~tactically~*~*~ (hiding).
 46108 | Zot:1    | 46108 ||| INVOKING Heroism.
 46138 | Zot:1    | 46138 ||| Stepping ~*~*~tactically~*~*~ (hiding).
 46139 | Zot:1    | 46139 ||| Stepping ~*~*~tactically~*~*~ (hiding).
 46145 | Zot:1    | 46145 ||| Stepping ~*~*~tactically~*~*~ (hiding).
 46147 | Zot:1    | 46147 ||| Stepping ~*~*~tactically~*~*~ (hiding).
 46301 | Zot:1    | Identified the +0 robe "Hut Humu" {Will+ Str+2}
 46374 | Zot:1    | 46374 ||| INVOKING Heroism.
 46659 | Zot:1    | 46659 ||| INVOKING Heroism.
 46685 | Zot:1    | 46685 ||| Stepping ~*~*~tactically~*~*~ (hiding).
 46687 | Zot:1    | 46687 ||| Stepping ~*~*~tactically~*~*~ (hiding).
 46952 | Zot:1    | 46952 ||| Stepping ~*~*~tactically~*~*~ (hiding).
 46954 | Zot:1    | 46954 ||| INVOKING Heroism.
 47030 | Zot:1    | 47030 ||| UPGRADING to scarf of resistance.
 47040 | Zot:1    | 47040 ||| READING 34 scrolls of identify.
 47040 | Zot:1    | 47040 ||| IDENTIFYING viscous inky potion
 47041 | Zot:1    | 47041 ||| DROPPING potion of berserk rage.
 47042 | Zot:1    | 47042 ||| DROPPING potion of invisibility.
 47081 | Zot:2    | 47081 ||| Stepping ~*~*~tactically~*~*~ (stealth).
 47109 | Zot:2    | Noticed a Killer Klown
 47110 | Zot:2    | 47110 ||| Stepping ~*~*~tactically~*~*~ (hiding).
 47110 | Zot:2    | Found a shimmering altar of Xom.
 47110 | Zot:2    | Noticed a Killer Klown
 47111 | Zot:2    | 47111 ||| Stepping ~*~*~tactically~*~*~ (hiding).
 47113 | Zot:2    | 47113 ||| INVOKING Heroism.
 47115 | Zot:2    | 47115 ||| INVOKING Finesse.
 47115 | Zot:2    | a Killer Klown changed into a fire giant
 47120 | Zot:2    | Noticed a Killer Klown
 47121 | Zot:2    | Found a shimmering altar of Xom.
 47124 | Zot:2    | Killed a Killer Klown
 47144 | Zot:2    | Received a gift from Okawaru
 47163 | Zot:2    | Killed a Killer Klown
 47221 | Zot:2    | 47221 ||| Stepping ~*~*~tactically~*~*~ (stealth).
 47235 | Zot:2    | Found a shimmering altar of Xom.
 47235 | Zot:2    | Found a glowing silver altar of Zin.
 47252 | Zot:2    | 47252 ||| Stepping ~*~*~tactically~*~*~ (stealth).
 47254 | Zot:2    | 47254 ||| FLEEEEING.
 47259 | Zot:2    | 47259 ||| FLEEEEING.
 47261 | Zot:2    | 47261 ||| STAIRDANCE
 47365 | Zot:2    | 47365 ||| STAIRDANCE
 47390 | Zot:2    | 47390 ||| STAIRDANCE
 47445 | Zot:2    | 47445 ||| Stepping ~*~*~tactically~*~*~ (hiding).
 47509 | Zot:2    | Received a gift from Okawaru
 47711 | Zot:2    | 47711 ||| Stepping ~*~*~tactically~*~*~ (hiding).
 47744 | Zot:2    | 47744 ||| FLEEEEING.
 47745 | Zot:2    | 47745 ||| FLEEEEING.
 47746 | Zot:2    | 47746 ||| FLEEEEING.
 47747 | Zot:2    | 47747 ||| FLEEEEING.
 47748 | Zot:2    | 47748 ||| FLEEEEING.
 47749 | Zot:2    | 47749 ||| FLEEEEING.
 47750 | Zot:2    | 47750 ||| FLEEEEING.
 47827 | Zot:2    | 47827 ||| Stepping ~*~*~tactically~*~*~ (hiding).
 47829 | Zot:2    | Found a runed translucent door.
 47829 | Zot:2    | Noticed Sebriys's ghost (legendary TrBe)
 47855 | Zot:2    | 47855 ||| Stepping ~*~*~tactically~*~*~ (hiding).
 47856 | Zot:2    | 47856 ||| Stepping ~*~*~tactically~*~*~ (hiding).
 47897 | Zot:2    | Received a gift from Okawaru
 47932 | Zot:2    | 47932 ||| INVOKING Heroism.
 47954 | Zot:2    | Received a gift from Okawaru
 48140 | Zot:2    | 48140 ||| Stepping ~*~*~tactically~*~*~ (hiding).
 48142 | Zot:2    | 48142 ||| INVOKING Heroism.
 48219 | Zot:2    | 48219 ||| Stepping ~*~*~tactically~*~*~ (hiding).
 48221 | Zot:2    | 48221 ||| Stepping ~*~*~tactically~*~*~ (hiding).
 48227 | Zot:2    | 48227 ||| INVOKING Heroism.
 48371 | Zot:2    | 48371 ||| Stepping ~*~*~tactically~*~*~ (hiding).
 48398 | Zot:2    | Found a shimmering altar of Xom.
 48465 | Zot:2    | 48465 ||| Stepping ~*~*~tactically~*~*~ (hiding).
 48467 | Zot:2    | 48467 ||| Stepping ~*~*~tactically~*~*~ (hiding).
 48472 | Zot:2    | 48472 ||| INVOKING Heroism.
 48712 | Zot:2    | 48712 ||| DROPPING ring of see invisible.
 48713 | Zot:2    | 48713 ||| UPGRADING to +4 ring of protection.
 48715 | Zot:2    | 48715 ||| DROPPING +6 ring of strength.
 48757 | Zot:3    | 48757 ||| Stepping ~*~*~tactically~*~*~ (hiding).
 48763 | Zot:3    | 48763 ||| INVOKING Heroism.
 48782 | Zot:3    | Received a gift from Okawaru
 48783 | Zot:3    | Reached XP level 26. HP: 182/182 MP: 30/30
 48784 | Zot:3    | 48784 ||| DROPPING +3 broad axe of electrocution.
 49114 | Zot:3    | 49114 ||| Stepping ~*~*~tactically~*~*~ (hiding).
 49134 | Zot:3    | 49134 ||| Stepping ~*~*~tactically~*~*~ (hiding).
 49219 | Zot:3    | 49219 ||| Stepping ~*~*~tactically~*~*~ (hiding).
 49238 | Zot:3    | 49238 ||| Stepping ~*~*~tactically~*~*~ (hiding).
 49678 | Zot:3    | 49678 ||| INVOKING Heroism.
 49720 | Zot:3    | 49720 ||| Stepping ~*~*~tactically~*~*~ (stealth).
 49744 | Zot:3    | 49744 ||| INVOKING Heroism.
 50375 | Zot:4    | Found the +8 lance "Wyrmbane" {slay drac, rPois rF+ rC+
                  | AC+3}
 50378 | Zot:4    | 50378 ||| INVOKING Heroism.
 50411 | Zot:4    | 50411 ||| INVOKING Heroism.
 50429 | Zot:4    | Reached skill level 24 in Fighting
 50511 | Zot:4    | 50511 ||| INVOKING Heroism.
 50634 | Zot:4    | 50634 ||| FLEEEEING.
 50635 | Zot:4    | 50635 ||| FLEEEEING.
 50641 | Zot:4    | 50641 ||| INVOKING Heroism.
 50657 | Zot:4    | Identified the +10 whip "Bekhezat" {freeze, rPois Int+2}
 50663 | Zot:4    | Received a gift from Okawaru
 50692 | Zot:4    | 50692 ||| INVOKING Heroism.
 51020 | Zot:4    | 51020 ||| Stepping ~*~*~tactically~*~*~ (stealth).
 51036 | Zot:4    | 51036 ||| PLANNING THE SHINING ONE WORSHIP
 51036 | Zot:4    | 51036 ||| UPGRADING to +2 cloak.
 51386 | D:10     | Fell from the grace of Okawaru
 51386 | D:10     | Became a worshipper of the Shining One
 51387 | D:10     | 51387 ||| PLANNING CRYPT
 51387 | D:10     | 51387 ||| SWAPPING to +6 broad axe of freezing.
 51388 | D:10     | 51388 ||| DROPPING +3 broad axe "Gram" {drain, rC+ rCorr}.
 51389 | D:10     | 51389 ||| READING 5 scrolls of brand weapon.
 51389 | D:10     | 51389 ||| BRANDING +6 broad axe of freezing.
 51390 | D:10     | 51390 ||| READING 4 scrolls of brand weapon.
 51390 | D:10     | 51390 ||| BRANDING +6 broad axe of electrocution.
 51391 | D:10     | 51391 ||| READING 3 scrolls of brand weapon.
 51391 | D:10     | 51391 ||| BRANDING +6 broad axe of freezing.
 51392 | D:10     | 51392 ||| READING 2 scrolls of brand weapon.
 51392 | D:10     | 51392 ||| BRANDING +6 broad axe of protection.
 51393 | D:10     | 51393 ||| READING 4 scrolls of enchant weapon.
 51393 | D:10     | 51393 ||| ENCHANTING +6 spectral broad axe.
 51394 | D:10     | 51394 ||| READING 3 scrolls of enchant weapon.
 51394 | D:10     | 51394 ||| ENCHANTING +7 spectral broad axe.
 51395 | D:10     | 51395 ||| READING 2 scrolls of enchant weapon.
 51395 | D:10     | 51395 ||| ENCHANTING +8 spectral broad axe.
 51396 | D:10     | 51396 ||| UPGRADING to +1 cloak of the Beggar {rElec rC++}.
 51629 | Crypt:1  | Entered Level 1 of the Crypt
 51648 | Crypt:1  | Identified the +3 plate armour "Izurpheck" {Harm Rampage
                  | rElec Str+4}
 51705 | Crypt:1  | Reached * piety under the Shining One
 51782 | Crypt:1  | 51782 ||| Stepping ~*~*~tactically~*~*~ (stealth).
 51786 | Crypt:1  | Reached ** piety under the Shining One
 51839 | Crypt:1  | 51839 ||| Stepping ~*~*~tactically~*~*~ (stealth).
 51851 | Crypt:1  | Reached *** piety under the Shining One
 51888 | Crypt:1  | 51888 ||| Stepping ~*~*~tactically~*~*~ (stealth).
 51892 | Crypt:1  | 51892 ||| Stepping ~*~*~tactically~*~*~ (hiding).
 51915 | Crypt:1  | Reached skill level 12 in Invocations
 51917 | Crypt:1  | Reached **** piety under the Shining One
 52075 | Crypt:1  | 52075 ||| INVOKING Cleansing Flame.
 52076 | Crypt:1  | 52076 ||| INVOKING Cleansing Flame.
 52081 | Crypt:1  | 52081 ||| Stepping ~*~*~tactically~*~*~ (hiding).
 52246 | Crypt:1  | 52246 ||| Stepping ~*~*~tactically~*~*~ (stealth).
 52472 | Crypt:1  | 52472 ||| Stepping ~*~*~tactically~*~*~ (hiding).
 52573 | Crypt:1  | Reached ***** piety under the Shining One
 52577 | Crypt:1  | 52577 ||| Stepping ~*~*~tactically~*~*~ (stealth).
 52801 | Crypt:1  | 52801 ||| DROPPING ring of ice.
 52903 | Crypt:2  | 52903 ||| Stepping ~*~*~tactically~*~*~ (cloud).
 52904 | Crypt:2  | 52904 ||| READING 27 scrolls of teleportation.
 52951 | Crypt:2  | Identified the +0 pair of gloves of the Hanged Man {rF+++
                  | Will- Str+3}
 53119 | Crypt:2  | 53119 ||| Stepping ~*~*~tactically~*~*~ (stealth).
 53122 | Crypt:2  | 53122 ||| Stepping ~*~*~tactically~*~*~ (hiding).
 53237 | Crypt:2  | 53237 ||| Stepping ~*~*~tactically~*~*~ (hiding).
 53253 | Crypt:2  | Reached ****** piety under the Shining One
 53270 | Crypt:2  | 53270 ||| INVOKING Brand Weapon With Holy Wrath.
 53270 | Crypt:2  | Identified a +9 broad axe of holy wrath (a +9 spectral
                  | broad axe blessed by the Shining One)
 53270 | Crypt:2  | Received a gift from the Shining One
 53271 | Crypt:2  | 53271 ||| DROPPING +2 broad axe of holy wrath.
 53394 | Crypt:2  | 53394 ||| Stepping ~*~*~tactically~*~*~ (stealth).
 53572 | Crypt:2  | 53572 ||| UPGRADING to +2 pair of boots.
 53582 | Crypt:2  | 53582 ||| DROPPING +0 pair of boots of the Sturgeon {rN+
                  | Int+2 Dex+4 SInv}.
 53628 | Crypt:3  | Entered Level 3 of the Crypt
 53662 | Crypt:3  | 53662 ||| Stepping ~*~*~tactically~*~*~ (stealth).
 53713 | Crypt:3  | 53713 ||| Stepping ~*~*~tactically~*~*~ (stealth).
 53715 | Crypt:3  | 53715 ||| Stepping ~*~*~tactically~*~*~ (hiding).
 53718 | Crypt:3  | 53718 ||| Stepping ~*~*~tactically~*~*~ (hiding).
 53719 | Crypt:3  | 53719 ||| Stepping ~*~*~tactically~*~*~ (hiding).
 53721 | Crypt:3  | 53721 ||| Stepping ~*~*~tactically~*~*~ (hiding).
 53722 | Crypt:3  | 53722 ||| Stepping ~*~*~tactically~*~*~ (hiding).
 53866 | Crypt:3  | 53866 ||| Stepping ~*~*~tactically~*~*~ (hiding).
 53867 | Crypt:3  | 53867 ||| Stepping ~*~*~tactically~*~*~ (hiding).
 53939 | Crypt:3  | Identified the +0 great sword "Qympur" {holy, rPois rF+
                  | Will+}
 54016 | Crypt:3  | Reached skill level 15 in Invocations
 54137 | Crypt:3  | 54137 ||| Stepping ~*~*~tactically~*~*~ (hiding).
 54144 | Crypt:3  | Reached XP level 27. HP: 191/191 MP: 34/34
 54154 | Crypt:3  | 54154 ||| Stepping ~*~*~tactically~*~*~ (hiding).
 54200 | Crypt:3  | 54200 ||| Stepping ~*~*~tactically~*~*~ (hiding).
 54214 | Crypt:3  | 54214 ||| INVOKING Cleansing Flame.
 54215 | Crypt:3  | 54215 ||| INVOKING Summon Divine Warrior.
 54257 | Crypt:3  | Noticed a dread lich
 54258 | Crypt:3  | 54258 ||| Stepping ~*~*~tactically~*~*~ (hiding).
 54259 | Crypt:3  | 54259 ||| Stepping ~*~*~tactically~*~*~ (hiding).
 54261 | Crypt:3  | 54261 ||| Stepping ~*~*~tactically~*~*~ (hiding).
 54262 | Crypt:3  | 54262 ||| Stepping ~*~*~tactically~*~*~ (hiding).
 54262 | Crypt:3  | Noticed an ancient lich
 54263 | Crypt:3  | 54263 ||| INVOKING Summon Divine Warrior.
 54264 | Crypt:3  | 54264 ||| INVOKING Cleansing Flame.
 54269 | Crypt:3  | Killed a dread lich
 54278 | Crypt:3  | Killed an ancient lich
 54408 | Crypt:3  | Found a staircase to the Tomb.
 54683 | Crypt:3  | Found an ancient bone altar of Kikubaaqudgha.
 54683 | Crypt:3  | Found a basalt altar of Yredelemnul.
 54683 | Crypt:3  | Noticed Jory
 54692 | Crypt:3  | Killed Jory
 54758 | Crypt:3  | Identified the +3 morningstar of Insomnia {drain, Dex+4}
 54760 | Crypt:3  | Identified the ring "Ybatziu" {rF+ rN+}
 54760 | Crypt:3  | Identified the ring of Xoap {rF+ rN+ Int-2 Dex+7}
 54760 | Crypt:3  | Identified the ring of Morality {rN+ Dex+4 Slay+3}
 54885 | Crypt:3  | 54885 ||| PLANNING TOMB
 54885 | Crypt:3  | 54885 ||| DROPPING ring "Ybatziu" {rF+ rN+}.
 54886 | Crypt:3  | 54886 ||| UPGRADING to ring of Xoap {rF+ rN+ Int-2 Dex+7}.
 54888 | Crypt:3  | 54888 ||| UPGRADING to ring of Morality {rN+ Dex+4 Slay+3}.
 54890 | Crypt:3  | 54890 ||| DROPPING +4 ring of protection.
 54891 | Crypt:3  | 54891 ||| DROPPING ring of fire.
 54892 | Crypt:3  | 54892 ||| UPGRADING to ring of Xoap {rF+ rN+ Int-2 Dex+7}.
 54924 | Tomb:1   | Entered Level 1 of the Tomb of the Ancients
 54948 | Tomb:1   | 54948 ||| INVOKING Cleansing Flame.
 54949 | Tomb:1   | 54949 ||| INVOKING Cleansing Flame.
 55063 | Tomb:1   | 55063 ||| INVOKING Cleansing Flame.
 55064 | Tomb:1   | 55064 ||| INVOKING Cleansing Flame.
 55086 | Tomb:1   | 55086 ||| INVOKING Cleansing Flame.
 55087 | Tomb:1   | 55087 ||| INVOKING Cleansing Flame.
 55092 | Tomb:1   | 55092 ||| INVOKING Cleansing Flame.
 55093 | Tomb:1   | 55093 ||| INVOKING Cleansing Flame.
 55107 | Tomb:1   | 55107 ||| INVOKING Cleansing Flame.
 55108 | Tomb:1   | 55108 ||| INVOKING Cleansing Flame.
 55211 | Tomb:1   | Was forgiven by Okawaru
 55261 | Tomb:1   | 55261 ||| INVOKING Cleansing Flame.
 55262 | Tomb:1   | 55262 ||| INVOKING Cleansing Flame.
 55263 | Tomb:1   | 55263 ||| INVOKING Cleansing Flame.
 55264 | Tomb:1   | 55264 ||| INVOKING Cleansing Flame.
 55290 | Tomb:1   | 55290 ||| INVOKING Summon Divine Warrior.
 55293 | Tomb:1   | 55293 ||| INVOKING Cleansing Flame.
 55294 | Tomb:1   | 55294 ||| INVOKING Cleansing Flame.
 55300 | Tomb:1   | 55300 ||| INVOKING Cleansing Flame.
 55303 | Tomb:1   | 55303 ||| INVOKING Cleansing Flame.
 55936 | Tomb:2   | 55936 ||| DRINKING 9 potions of haste.
 55937 | Tomb:2   | 55937 ||| DRINKING 11 potions of attraction.
 55938 | Tomb:2   | 55938 ||| INVOKING Cleansing Flame.
 55938 | Tomb:2   | Noticed a royal mummy
 55938 | Tomb:2   | Noticed a royal mummy
 55939 | Tomb:2   | 55939 ||| INVOKING Cleansing Flame.
 55940 | Tomb:2   | 55940 ||| INVOKING Cleansing Flame.
 55941 | Tomb:2   | Noticed a royal mummy
 55941 | Tomb:2   | 55941 ||| INVOKING Summon Divine Warrior.
 55944 | Tomb:2   | Noticed a royal mummy
 55945 | Tomb:2   | Killed a royal mummy
 55947 | Tomb:2   | Killed a royal mummy
 55949 | Tomb:2   | Killed a royal mummy
 55955 | Tomb:2   | Killed a royal mummy
 55956 | Tomb:2   | Reached skill level 18 in Invocations
 56073 | Tomb:2   | 56073 ||| INVOKING Cleansing Flame.
 56355 | Tomb:1   | Noticed a royal mummy
 56356 | Tomb:1   | 56356 ||| INVOKING Summon Divine Warrior.
 56361 | Tomb:1   | 56361 ||| INVOKING Cleansing Flame.
 56362 | Tomb:1   | 56362 ||| INVOKING Cleansing Flame.
 56363 | Tomb:1   | 56363 ||| INVOKING Cleansing Flame.
 56363 | Tomb:1   | Killed a royal mummy
 56452 | Tomb:1   | Noticed a royal mummy
 56454 | Tomb:1   | 56454 ||| INVOKING Cleansing Flame.
 56454 | Tomb:1   | Noticed a royal mummy
 56455 | Tomb:1   | 56455 ||| INVOKING Cleansing Flame.
 56457 | Tomb:1   | Killed a royal mummy
 56460 | Tomb:1   | 56460 ||| INVOKING Cleansing Flame.
 56463 | Tomb:1   | 56463 ||| INVOKING Summon Divine Warrior.
 56465 | Tomb:1   | Killed a royal mummy
 56581 | Tomb:1   | Noticed a royal mummy
 56582 | Tomb:1   | Noticed a royal mummy
 56583 | Tomb:1   | Noticed a royal mummy
 56586 | Tomb:1   | 56586 ||| INVOKING Cleansing Flame.
 56589 | Tomb:1   | Killed a royal mummy
 56591 | Tomb:1   | 56591 ||| INVOKING Cleansing Flame.
 56597 | Tomb:1   | Killed a royal mummy
 56598 | Tomb:1   | 56598 ||| INVOKING Cleansing Flame.
 56599 | Tomb:1   | 56599 ||| INVOKING Cleansing Flame.
 56600 | Tomb:1   | 56600 ||| INVOKING Cleansing Flame.
 56600 | Tomb:1   | Killed a royal mummy
 56605 | Tomb:1   | Noticed a royal mummy
 56606 | Tomb:1   | Noticed a royal mummy
 56608 | Tomb:1   | Noticed a royal mummy
 56609 | Tomb:1   | 56609 ||| INVOKING Cleansing Flame.
 56610 | Tomb:1   | 56610 ||| INVOKING Cleansing Flame.
 56611 | Tomb:1   | 56611 ||| INVOKING Cleansing Flame.
 56611 | Tomb:1   | Killed a royal mummy
 56612 | Tomb:1   | 56612 ||| INVOKING Cleansing Flame.
 56613 | Tomb:1   | 56613 ||| INVOKING Cleansing Flame.
 56614 | Tomb:1   | 56614 ||| DRINKING 9 potions of magic.
 56615 | Tomb:1   | 56615 ||| INVOKING Cleansing Flame.
 56615 | Tomb:1   | Noticed a royal mummy
 56616 | Tomb:1   | 56616 ||| INVOKING Cleansing Flame.
 56616 | Tomb:1   | Killed a royal mummy
 56617 | Tomb:1   | 56617 ||| INVOKING Summon Divine Warrior.
 56617 | Tomb:1   | Identified the +5 tower shield of Mumblety Peg {-Tele rF+++
                  | rN+ Str+2}
 56621 | Tomb:1   | Noticed a royal mummy
 56621 | Tomb:1   | 56621 ||| INVOKING Cleansing Flame.
 56622 | Tomb:1   | 56622 ||| INVOKING Cleansing Flame.
 56623 | Tomb:1   | 56623 ||| DRINKING 8 potions of magic.
 56624 | Tomb:1   | 56624 ||| INVOKING Cleansing Flame.
 56625 | Tomb:1   | 56625 ||| INVOKING Summon Divine Warrior.
 56627 | Tomb:1   | Killed a royal mummy
 56628 | Tomb:1   | 56628 ||| INVOKING Cleansing Flame.
 56629 | Tomb:1   | 56629 ||| INVOKING Cleansing Flame.
 56631 | Tomb:1   | Killed a royal mummy
 56632 | Tomb:1   | 56632 ||| INVOKING Cleansing Flame.
 56633 | Tomb:1   | 56633 ||| INVOKING Cleansing Flame.
 56633 | Tomb:1   | Noticed a royal mummy
 56634 | Tomb:1   | 56634 ||| INVOKING Cleansing Flame.
 56634 | Tomb:1   | Killed a royal mummy
 56634 | Tomb:1   | Noticed a royal mummy
 56637 | Tomb:1   | 56637 ||| INVOKING Cleansing Flame.
 56638 | Tomb:1   | 56638 ||| DRINKING 7 potions of magic.
 56639 | Tomb:1   | 56639 ||| INVOKING Summon Divine Warrior.
 56646 | Tomb:1   | Killed a royal mummy
 56648 | Tomb:1   | 56648 ||| INVOKING Cleansing Flame.
 56649 | Tomb:1   | 56649 ||| INVOKING Cleansing Flame.
 56651 | Tomb:1   | Killed a royal mummy
 56784 | Tomb:1   | 56784 ||| UPGRADING to ring of protection from fire.
 56786 | Tomb:1   | 56786 ||| UPGRADING to ring "Unull" {AC+4 Int+6 Stlth+}.
 56788 | Tomb:1   | 56788 ||| UPGRADING to ring of Xoap {rF+ rN+ Int-2 Dex+7}.
 56790 | Tomb:1   | 56790 ||| UPGRADING to ring of Morality {rN+ Dex+4 Slay+3}.
 56792 | Tomb:1   | 56792 ||| DROPPING 3 boomerangs of dispersal.
 57105 | Tomb:2   | 57105 ||| INVOKING Cleansing Flame.
 57106 | Tomb:2   | 57106 ||| INVOKING Cleansing Flame.
 57172 | Tomb:2   | 57172 ||| Stepping ~*~*~tactically~*~*~ (stealth).
 57173 | Tomb:2   | 57173 ||| Stepping ~*~*~tactically~*~*~ (stealth).
 57180 | Tomb:2   | 57180 ||| Stepping ~*~*~tactically~*~*~ (stealth).
 57190 | Tomb:2   | 57190 ||| INVOKING Cleansing Flame.
 57192 | Tomb:2   | 57192 ||| Stepping ~*~*~tactically~*~*~ (hiding).
 57199 | Tomb:2   | 57199 ||| INVOKING Cleansing Flame.
 57208 | Tomb:2   | 57208 ||| INVOKING Cleansing Flame.
 57209 | Tomb:2   | 57209 ||| INVOKING Cleansing Flame.
 57308 | Tomb:3   | Entered Level 3 of the Tomb of the Ancients
 57309 | Tomb:3   | 57309 ||| DRINKING 9 potions of haste.
 57310 | Tomb:3   | 57310 ||| DRINKING 12 potions of attraction.
 57322 | Tomb:3   | Reached skill level 21 in Invocations
 57326 | Tomb:3   | 57326 ||| INVOKING Cleansing Flame.
 57328 | Tomb:3   | 57328 ||| INVOKING Cleansing Flame.
 57329 | Tomb:3   | 57329 ||| INVOKING Cleansing Flame.
 57332 | Tomb:3   | 57332 ||| INVOKING Cleansing Flame.
 57340 | Tomb:3   | 57340 ||| INVOKING Cleansing Flame.
 57342 | Tomb:3   | 57342 ||| INVOKING Cleansing Flame.
 57342 | Tomb:3   | Noticed a royal mummy
 57343 | Tomb:3   | 57343 ||| INVOKING Summon Divine Warrior.
 57344 | Tomb:3   | 57344 ||| INVOKING Cleansing Flame.
 57345 | Tomb:3   | 57345 ||| INVOKING Cleansing Flame.
 57347 | Tomb:3   | Killed a royal mummy
 57348 | Tomb:3   | 57348 ||| INVOKING Cleansing Flame.
 57349 | Tomb:3   | 57349 ||| INVOKING Cleansing Flame.
 57351 | Tomb:3   | Noticed a royal mummy
 57351 | Tomb:3   | Noticed a royal mummy
 57351 | Tomb:3   | Noticed a royal mummy
 57352 | Tomb:3   | 57352 ||| INVOKING Cleansing Flame.
 57353 | Tomb:3   | 57353 ||| INVOKING Cleansing Flame.
 57354 | Tomb:3   | 57354 ||| INVOKING Cleansing Flame.
 57354 | Tomb:3   | Killed a royal mummy
 57355 | Tomb:3   | 57355 ||| INVOKING Cleansing Flame.
 57358 | Tomb:3   | Noticed a royal mummy
 57359 | Tomb:3   | Noticed a royal mummy
 57360 | Tomb:3   | 57360 ||| INVOKING Cleansing Flame.
 57360 | Tomb:3   | Noticed a royal mummy
 57360 | Tomb:3   | Noticed a royal mummy
 57361 | Tomb:3   | 57361 ||| INVOKING Cleansing Flame.
 57362 | Tomb:3   | 57362 ||| DRINKING 6 potions of magic.
 57365 | Tomb:3   | 57365 ||| INVOKING Summon Divine Warrior.
 57367 | Tomb:3   | HP: 47/191 [emperor scorpion[a royal mummy] (7)]
 57368 | Tomb:3   | 57368 ||| READING 27 scrolls of teleportation.
 57369 | Tomb:3   | 57369 ||| DRINKING 13 potions of heal wounds.
 57369 | Tomb:3   | Paralysed by a Zot trap for 2 turns
 57371 | Tomb:3   | 57371 ||| INVOKING Cleansing Flame.
 57371 | Tomb:3   | Killed a royal mummy
 57371 | Tomb:3   | Killed a royal mummy
 57373 | Tomb:3   | 57373 ||| INVOKING Summon Divine Warrior.
 57374 | Tomb:3   | 57374 ||| INVOKING Cleansing Flame.
 57375 | Tomb:3   | 57375 ||| INVOKING Cleansing Flame.
 57387 | Tomb:3   | HP: 44/191 [emperor scorpion[a royal mummy] (9)]
 57388 | Tomb:3   | 57388 ||| READING 26 scrolls of teleportation.
 57389 | Tomb:3   | 57389 ||| DRINKING 12 potions of heal wounds.
 57392 | Tomb:3   | 57392 ||| INVOKING Summon Divine Warrior.
 57393 | Tomb:3   | HP: 45/191 [??? (8)]
 57394 | Tomb:3   | 57394 ||| READING 25 scrolls of teleportation.
 57395 | Tomb:3   | 57395 ||| DRINKING 11 potions of heal wounds.
 57397 | Tomb:3   | 57397 ||| DRINKING 10 potions of heal wounds.
 57399 | Tomb:3   | 57399 ||| DRINKING 5 potions of magic.
 57400 | Tomb:3   | 57400 ||| INVOKING Summon Divine Warrior.
 57404 | Tomb:3   | Gained mutation: Your body sometimes deteriorates upon
                  | taking damage. [mutagenic glow]
 57421 | Tomb:3   | 57421 ||| INVOKING Cleansing Flame.
 57431 | Tomb:3   | Killed a royal mummy
 57433 | Tomb:3   | 57433 ||| INVOKING Cleansing Flame.
 57433 | Tomb:3   | Killed a royal mummy
 57434 | Tomb:3   | 57434 ||| INVOKING Cleansing Flame.
 57434 | Tomb:3   | Killed a royal mummy
 57437 | Tomb:3   | 57437 ||| INVOKING Cleansing Flame.
 57440 | Tomb:3   | 57440 ||| INVOKING Cleansing Flame.
 57440 | Tomb:3   | Killed a royal mummy
 57653 | Tomb:3   | Identified the +0 ring mail of Xumaum {-Cast Str+9}
 57662 | Tomb:3   | Identified the +1 scale mail of Wichue {Str-2 Int+4 Dex+4}
 57794 | Tomb:3   | Identified the +9 glaive "Taomipn" {drain, rElec rF+ rC-
                  | rN+}
 57795 | Tomb:3   | Identified the ring of Toficeogh {Will+ rCorr Dex+6}
 57814 | Tomb:3   | Identified the amulet of Balance {Faith rF+ Int+5}
 57834 | Tomb:3   | 57834 ||| DROPPING +2 broad axe of electrocution.
 57891 | Tomb:3   | Got a golden rune of Zot
 57896 | Tomb:3   | 57896 ||| PLANNING PAN
 57896 | Tomb:3   | 57896 ||| UPGRADING to ring of Toficeogh {Will+ rCorr
                  | Dex+6}.
 58378 | Pan      | Entered Pandemonium
 58413 | Pan      | 58413 ||| Stepping ~*~*~tactically~*~*~ (hiding).
 58424 | Pan      | 58424 ||| Stepping randomly (cloudy).
 58425 | Pan      | 58425 ||| Stepping randomly (cloudy).
 58426 | Pan      | 58426 ||| Stepping ~*~*~tactically~*~*~ (cloud).
 58434 | Pan      | 58434 ||| Stepping ~*~*~tactically~*~*~ (stealth).
 58436 | Pan      | 58436 ||| Stepping ~*~*~tactically~*~*~ (hiding).
 58494 | Pan      | 58494 ||| Stepping ~*~*~tactically~*~*~ (hiding).
 58496 | Pan      | 58496 ||| Stepping ~*~*~tactically~*~*~ (hiding).
 58499 | Pan      | 58499 ||| INVOKING Summon Divine Warrior.
 58501 | Pan      | 58501 ||| INVOKING Summon Divine Warrior.
 58502 | Pan      | 58502 ||| INVOKING Summon Divine Warrior.
 58505 | Pan      | 58505 ||| INVOKING Cleansing Flame.
 58507 | Pan      | 58507 ||| INVOKING Cleansing Flame.
 58508 | Pan      | 58508 ||| INVOKING Cleansing Flame.
 58509 | Pan      | Reached skill level 24 in Invocations
 58509 | Pan      | 58509 ||| INVOKING Cleansing Flame.
 58511 | Pan      | Gained mutation: Your magical capacity is low. (-10% MP) [a
                  | neqoxec]
 58760 | Pan      | Noticed Nifeaf the pandemonium lord
 58761 | Pan      | 58761 ||| INVOKING Cleansing Flame.
 58764 | Pan      | Killed Nifeaf the pandemonium lord
 58970 | Pan      | 58970 ||| INVOKING Summon Divine Warrior.
 58975 | Pan      | 58975 ||| INVOKING Cleansing Flame.
 58976 | Pan      | 58976 ||| INVOKING Summon Divine Warrior.
 59212 | Pan      | 59212 ||| DROPPING +1 pair of boots of flying.
 59213 | Pan      | 59213 ||| DROPPING amulet of faith.
 59311 | Pan      | 59311 ||| Stepping ~*~*~tactically~*~*~ (hiding).
 59334 | Pan      | 59334 ||| Stepping ~*~*~tactically~*~*~ (hiding).
 59335 | Pan      | 59335 ||| Stepping ~*~*~tactically~*~*~ (hiding).
 59395 | Pan      | 59395 ||| Stepping ~*~*~tactically~*~*~ (hiding).
 59434 | Pan      | Noticed a seraph
 59435 | Pan      | 59435 ||| INVOKING Summon Divine Warrior.
 59436 | Pan      | Found a glowing golden altar of the Shining One.
 59438 | Pan      | 59438 ||| READING 24 scrolls of teleportation.
 59918 | Pan      | 59918 ||| Stepping ~*~*~tactically~*~*~ (stealth).
 59956 | Pan      | 59956 ||| Stepping ~*~*~tactically~*~*~ (hiding).
 59971 | Pan      | 59971 ||| INVOKING Summon Divine Warrior.
 59989 | Pan      | Killed a seraph
 60021 | Pan      | Identified the +7 quarterstaff of the Firefly {flame, rN++
                  | MP+9}
 60022 | Pan      | Identified the +9 sling of Fucuemuk {venom, rPois Will+}
 60028 | Pan      | Identified the +7 flail of Responsibility {vorpal, Int-4
                  | Dex+5}
 60031 | Pan      | Got a demonic rune of Zot
 60035 | Pan      | Identified the +6 shortbow of the Witching Scavenger
                  | {freeze, *Corrode Int+7 Dex+3}
 60038 | Pan      | 60038 ||| DROPPING +1 broad axe of electrocution.
 60324 | Pan      | Found a white marble altar of Elyvilon.
 60566 | Pan      | 60566 ||| Stepping ~*~*~tactically~*~*~ (hiding).
 60567 | Pan      | 60567 ||| Stepping ~*~*~tactically~*~*~ (hiding).
 60572 | Pan      | Noticed Heimeg the pandemonium lord
 60572 | Pan      | 60572 ||| INVOKING Summon Divine Warrior.
 60574 | Pan      | 60574 ||| INVOKING Cleansing Flame.
 60575 | Pan      | 60575 ||| INVOKING Cleansing Flame.
 60576 | Pan      | 60576 ||| INVOKING Cleansing Flame.
 60577 | Pan      | 60577 ||| INVOKING Cleansing Flame.
 60578 | Pan      | 60578 ||| INVOKING Cleansing Flame.
 60579 | Pan      | 60579 ||| INVOKING Cleansing Flame.
 60580 | Pan      | 60580 ||| DRINKING 4 potions of magic.
 60581 | Pan      | 60581 ||| INVOKING Cleansing Flame.
 60581 | Pan      | Killed Heimeg the pandemonium lord
 60582 | Pan      | 60582 ||| INVOKING Cleansing Flame.
 60583 | Pan      | 60583 ||| INVOKING Cleansing Flame.
 60592 | Pan      | 60592 ||| INVOKING Cleansing Flame.
 60604 | Pan      | 60604 ||| Stepping ~*~*~tactically~*~*~ (hiding).
 60608 | Pan      | 60608 ||| INVOKING Cleansing Flame.
 60633 | Pan      | Found an exit through the horrors of the Abyss.
 60643 | Pan      | 60643 ||| Stepping ~*~*~tactically~*~*~ (stealth).
 60644 | Pan      | 60644 ||| Stepping ~*~*~tactically~*~*~ (stealth).
 60689 | Pan      | 60689 ||| Stepping ~*~*~tactically~*~*~ (stealth).
 60690 | Pan      | 60690 ||| Stepping ~*~*~tactically~*~*~ (stealth).
 60718 | Pan      | Gained mutation: Your magical capacity is very low. (-20%
                  | MP) [a cacodemon]
 60723 | Pan      | Gained mutation: Your magical capacity is extremely low.
                  | (-30% MP) [a cacodemon]
 60743 | Pan      | 60743 ||| Stepping randomly (cloudy).
 60829 | Pan      | 60829 ||| Stepping ~*~*~tactically~*~*~ (hiding).
 60835 | Pan      | 60835 ||| Stepping ~*~*~tactically~*~*~ (stealth).
 60842 | Pan      | 60842 ||| Stepping ~*~*~tactically~*~*~ (hiding).
 60851 | Pan      | 60851 ||| Stepping ~*~*~tactically~*~*~ (stealth).
 60858 | Pan      | 60858 ||| Stepping ~*~*~tactically~*~*~ (stealth).
 60859 | Pan      | 60859 ||| Stepping ~*~*~tactically~*~*~ (stealth).
 60860 | Pan      | 60860 ||| Stepping ~*~*~tactically~*~*~ (stealth).
 60885 | Pan      | 60885 ||| Stepping ~*~*~tactically~*~*~ (stealth).
 61001 | Pan      | HP: 39/192 [balrug/divine providence[a shadow demon] (12)]
 61002 | Pan      | 61002 ||| READING 24 scrolls of teleportation.
 61003 | Pan      | 61003 ||| DRINKING 13 potions of heal wounds.
 61005 | Pan      | 61005 ||| DRINKING 12 potions of heal wounds.
 61012 | Pan      | HP: 45/192 [??? (8)]
 61013 | Pan      | 61013 ||| READING 23 scrolls of teleportation.
 61014 | Pan      | 61014 ||| DRINKING 11 potions of heal wounds.
 61015 | Pan      | Noticed Ralih the pandemonium lord
 61017 | Pan      | 61017 ||| READING 22 scrolls of teleportation.
 61018 | Pan      | 61018 ||| DRINKING 10 potions of heal wounds.
 61018 | Pan      | HP: 39/192 [reaper/+2 scythe of protection (16)]
 61019 | Pan      | 61019 ||| DRINKING 9 potions of heal wounds.
 61020 | Pan      | 61020 ||| DRINKING 8 potions of heal wounds.
 61021 | Pan      | 61021 ||| DRINKING 3 potions of magic.
 61022 | Pan      | 61022 ||| INVOKING Summon Divine Warrior.
 61023 | Pan      | HP: 44/192 [smoke demon/divine providence (11)]
 61024 | Pan      | 61024 ||| READING 21 scrolls of teleportation.
 61025 | Pan      | 61025 ||| DRINKING 7 potions of heal wounds.
 61087 | Pan      | HP: 42/192 [??? (8)]
 61088 | Pan      | 61088 ||| READING 20 scrolls of teleportation.
 61089 | Pan      | 61089 ||| DRINKING 6 potions of heal wounds.
 61114 | Pan      | 61114 ||| DRINKING 4 potions of cancellation.
 61275 | Pan      | 61275 ||| Stepping ~*~*~tactically~*~*~ (hiding).
 61284 | Pan      | 61284 ||| INVOKING Summon Divine Warrior.
 61291 | Pan      | Killed Ralih the pandemonium lord
 61319 | Pan      | Reached skill level 27 in Invocations
 61329 | Pan      | 61329 ||| Stepping randomly (cloudy).
 61330 | Pan      | 61330 ||| Stepping randomly (cloudy).
 61331 | Pan      | 61331 ||| Stepping ~*~*~tactically~*~*~ (cloud).
 61346 | Pan      | Reached skill level 12 in Dodging
 61392 | Pan      | Found a runed translucent door.
 61421 | Pan      | 61421 ||| Stepping ~*~*~tactically~*~*~ (stealth).
 61524 | Pan      | Found an exit through the horrors of the Abyss.
 61568 | Pan      | 61568 ||| Stepping ~*~*~tactically~*~*~ (hiding).
 61570 | Pan      | 61570 ||| Stepping ~*~*~tactically~*~*~ (hiding).
 61581 | Pan      | 61581 ||| Stepping ~*~*~tactically~*~*~ (stealth).
 61582 | Pan      | 61582 ||| Stepping ~*~*~tactically~*~*~ (stealth).
 61589 | Pan      | 61589 ||| INVOKING Cleansing Flame.
 61603 | Pan      | 61603 ||| Stepping ~*~*~tactically~*~*~ (hiding).
 61618 | Pan      | 61618 ||| INVOKING Cleansing Flame.
 61619 | Pan      | 61619 ||| INVOKING Cleansing Flame.
 61657 | Pan      | 61657 ||| Stepping ~*~*~tactically~*~*~ (stealth).
 61658 | Pan      | 61658 ||| Stepping ~*~*~tactically~*~*~ (stealth).
 61819 | Pan      | 61819 ||| Stepping ~*~*~tactically~*~*~ (hiding).
 62046 | Pan      | Reached skill level 24 in Armour
 62062 | Pan      | 62062 ||| INVOKING Summon Divine Warrior.
 62247 | Pan      | 62247 ||| Stepping ~*~*~tactically~*~*~ (stealth).
 62705 | Pan      | Gained mutation: You are occasionally teleported next to
                  | monsters. [a cacodemon]
 62720 | Pan      | 62720 ||| DRINKING 6 potions of mutation.
 62720 | Pan      | Lost mutation: You are occasionally teleported next to
                  | monsters. [potion of mutation]
 62720 | Pan      | Lost mutation: You have sharp toenails. [potion of
                  | mutation]
 62720 | Pan      | Gained mutation: You are strong-willed. (Will+) [potion of
                  | mutation]
 62916 | Pan      | Found a transporter.
 63636 | Pan      | 63636 ||| Stepping ~*~*~tactically~*~*~ (stealth).
 63639 | Pan      | 63639 ||| Stepping ~*~*~tactically~*~*~ (stealth).
 63641 | Pan      | 63641 ||| Stepping ~*~*~tactically~*~*~ (stealth).
 63643 | Pan      | 63643 ||| Stepping ~*~*~tactically~*~*~ (stealth).
 63645 | Pan      | 63645 ||| Stepping ~*~*~tactically~*~*~ (stealth).
 63647 | Pan      | 63647 ||| Stepping ~*~*~tactically~*~*~ (stealth).
 63649 | Pan      | 63649 ||| Stepping ~*~*~tactically~*~*~ (stealth).
 63651 | Pan      | 63651 ||| Stepping ~*~*~tactically~*~*~ (stealth).
 63653 | Pan      | 63653 ||| Stepping ~*~*~tactically~*~*~ (stealth).
 63655 | Pan      | 63655 ||| Stepping ~*~*~tactically~*~*~ (stealth).
 63657 | Pan      | 63657 ||| Stepping ~*~*~tactically~*~*~ (stealth).
 63659 | Pan      | 63659 ||| Stepping ~*~*~tactically~*~*~ (stealth).
 63661 | Pan      | 63661 ||| Stepping ~*~*~tactically~*~*~ (stealth).
 63663 | Pan      | 63663 ||| Stepping ~*~*~tactically~*~*~ (stealth).
 63665 | Pan      | 63665 ||| Stepping ~*~*~tactically~*~*~ (stealth).
 63667 | Pan      | 63667 ||| Stepping ~*~*~tactically~*~*~ (stealth).
 63669 | Pan      | 63669 ||| Stepping ~*~*~tactically~*~*~ (stealth).
 63671 | Pan      | 63671 ||| Stepping ~*~*~tactically~*~*~ (stealth).
 63673 | Pan      | 63673 ||| Stepping ~*~*~tactically~*~*~ (stealth).
 63675 | Pan      | 63675 ||| Stepping ~*~*~tactically~*~*~ (stealth).
 63677 | Pan      | 63677 ||| Stepping ~*~*~tactically~*~*~ (stealth).
 63679 | Pan      | 63679 ||| Stepping ~*~*~tactically~*~*~ (stealth).
 63681 | Pan      | 63681 ||| Stepping ~*~*~tactically~*~*~ (stealth).
 64388 | Pan      | 64388 ||| Stepping ~*~*~tactically~*~*~ (stealth).
 64545 | Pan      | 64545 ||| Stepping ~*~*~tactically~*~*~ (stealth).
 64754 | Pan      | 64754 ||| Stepping ~*~*~tactically~*~*~ (stealth).
 64756 | Pan      | 64756 ||| Stepping ~*~*~tactically~*~*~ (stealth).
 64757 | Pan      | 64757 ||| Stepping ~*~*~tactically~*~*~ (stealth).
 64853 | Pan      | 64853 ||| Stepping ~*~*~tactically~*~*~ (stealth).
 65235 | Pan      | 65235 ||| Stepping ~*~*~tactically~*~*~ (stealth).
 65236 | Pan      | 65236 ||| Stepping ~*~*~tactically~*~*~ (stealth).
 65248 | Pan      | 65248 ||| Stepping ~*~*~tactically~*~*~ (hiding).
 65249 | Pan      | 65249 ||| Stepping ~*~*~tactically~*~*~ (hiding).
 65770 | Pan      | 65770 ||| Stepping ~*~*~tactically~*~*~ (hiding).
 65818 | Pan      | 65818 ||| Stepping ~*~*~tactically~*~*~ (hiding).
 65819 | Pan      | 65819 ||| Stepping ~*~*~tactically~*~*~ (hiding).
 65820 | Pan      | 65820 ||| Stepping ~*~*~tactically~*~*~ (hiding).
 66167 | Pan      | 66167 ||| Stepping ~*~*~tactically~*~*~ (stealth).
 66316 | Pan      | 66316 ||| Stepping ~*~*~tactically~*~*~ (hiding).
 66579 | Pan      | 66579 ||| Stepping ~*~*~tactically~*~*~ (stealth).
 67028 | Pan      | 67028 ||| Stepping ~*~*~tactically~*~*~ (stealth).
 67095 | Pan      | 67095 ||| Stepping ~*~*~tactically~*~*~ (stealth).
 67097 | Pan      | 67097 ||| Stepping ~*~*~tactically~*~*~ (stealth).
 67178 | Pan      | 67178 ||| Stepping ~*~*~tactically~*~*~ (stealth).
 67392 | Pan      | 67392 ||| Stepping ~*~*~tactically~*~*~ (stealth).
 67393 | Pan      | 67393 ||| Stepping ~*~*~tactically~*~*~ (stealth).
 68203 | Pan      | 68203 ||| Stepping ~*~*~tactically~*~*~ (stealth).
 68285 | Pan      | 68285 ||| Stepping ~*~*~tactically~*~*~ (stealth).
 68500 | Pan      | 68500 ||| Stepping ~*~*~tactically~*~*~ (stealth).
 68672 | Pan      | 68672 ||| Stepping ~*~*~tactically~*~*~ (stealth).
 68673 | Pan      | 68673 ||| Stepping ~*~*~tactically~*~*~ (stealth).
 68699 | Pan      | 68699 ||| Stepping ~*~*~tactically~*~*~ (hiding).
 68810 | Pan      | 68810 ||| Stepping ~*~*~tactically~*~*~ (hiding).
 69102 | Pan      | 69102 ||| Stepping ~*~*~tactically~*~*~ (stealth).
 69103 | Pan      | 69103 ||| Stepping ~*~*~tactically~*~*~ (stealth).
 69197 | Pan      | 69197 ||| Stepping ~*~*~tactically~*~*~ (stealth).
 69298 | Pan      | 69298 ||| Stepping ~*~*~tactically~*~*~ (stealth).
 69299 | Pan      | 69299 ||| Stepping ~*~*~tactically~*~*~ (stealth).
 69422 | Pan      | 69422 ||| Stepping ~*~*~tactically~*~*~ (stealth).
 69426 | Pan      | 69426 ||| Stepping ~*~*~tactically~*~*~ (hiding).
 69495 | Pan      | 69495 ||| Stepping ~*~*~tactically~*~*~ (stealth).
 69613 | Pan      | 69613 ||| Stepping ~*~*~tactically~*~*~ (stealth).
 69782 | Pan      | 69782 ||| Stepping ~*~*~tactically~*~*~ (stealth).
 69796 | Pan      | 69796 ||| Stepping ~*~*~tactically~*~*~ (stealth).
 69798 | Pan      | 69798 ||| Stepping ~*~*~tactically~*~*~ (hiding).
 69977 | Pan      | 69977 ||| Stepping ~*~*~tactically~*~*~ (stealth).
 70165 | Pan      | 70165 ||| Stepping ~*~*~tactically~*~*~ (hiding).
 70273 | Pan      | 70273 ||| Stepping ~*~*~tactically~*~*~ (stealth).
 70528 | Pan      | 70528 ||| Stepping ~*~*~tactically~*~*~ (stealth).
 70890 | Pan      | 70890 ||| Stepping ~*~*~tactically~*~*~ (hiding).
 70891 | Pan      | 70891 ||| Stepping ~*~*~tactically~*~*~ (hiding).
 70892 | Pan      | 70892 ||| Stepping ~*~*~tactically~*~*~ (hiding).
 71106 | Pan      | 71106 ||| Stepping ~*~*~tactically~*~*~ (stealth).
 71108 | Pan      | 71108 ||| Stepping ~*~*~tactically~*~*~ (hiding).
 71188 | Pan      | 71188 ||| Stepping ~*~*~tactically~*~*~ (stealth).
 71189 | Pan      | 71189 ||| Stepping ~*~*~tactically~*~*~ (stealth).
 71192 | Pan      | 71192 ||| Stepping ~*~*~tactically~*~*~ (stealth).
 71194 | Pan      | 71194 ||| Stepping ~*~*~tactically~*~*~ (stealth).
 71196 | Pan      | 71196 ||| Stepping ~*~*~tactically~*~*~ (hiding).
 71230 | Pan      | 71230 ||| Stepping ~*~*~tactically~*~*~ (stealth).
 71284 | Pan      | 71284 ||| Stepping ~*~*~tactically~*~*~ (stealth).
 71287 | Pan      | 71287 ||| Stepping ~*~*~tactically~*~*~ (hiding).
 71491 | Pan      | 71491 ||| Stepping ~*~*~tactically~*~*~ (stealth).
 71516 | Pan      | 71516 ||| Stepping ~*~*~tactically~*~*~ (hiding).
 71522 | Pan      | 71522 ||| Stepping ~*~*~tactically~*~*~ (stealth).
 71524 | Pan      | 71524 ||| Stepping ~*~*~tactically~*~*~ (stealth).
 71540 | Pan      | 71540 ||| Stepping ~*~*~tactically~*~*~ (stealth).
 71688 | Pan      | 71688 ||| Stepping ~*~*~tactically~*~*~ (stealth).
 71689 | Pan      | 71689 ||| Stepping ~*~*~tactically~*~*~ (stealth).
 71734 | Pan      | 71734 ||| Stepping ~*~*~tactically~*~*~ (hiding).
 71735 | Pan      | 71735 ||| INVOKING Summon Divine Warrior.
 71737 | Pan      | 71737 ||| INVOKING Cleansing Flame.
 72839 | Pan      | 72839 ||| Stepping ~*~*~tactically~*~*~ (stealth).
 72840 | Pan      | 72840 ||| Stepping ~*~*~tactically~*~*~ (stealth).
 72841 | Pan      | 72841 ||| Stepping ~*~*~tactically~*~*~ (stealth).
 72844 | Pan      | 72844 ||| Stepping ~*~*~tactically~*~*~ (stealth).
 72888 | Pan      | 72888 ||| Stepping ~*~*~tactically~*~*~ (stealth).
 72954 | Pan      | 72954 ||| Stepping ~*~*~tactically~*~*~ (stealth).
 73101 | Pan      | 73101 ||| Stepping ~*~*~tactically~*~*~ (hiding).
 73104 | Pan      | 73104 ||| Stepping ~*~*~tactically~*~*~ (hiding).
 73160 | Pan      | 73160 ||| Stepping ~*~*~tactically~*~*~ (stealth).
 73166 | Pan      | 73166 ||| Stepping ~*~*~tactically~*~*~ (stealth).
 73167 | Pan      | 73167 ||| Stepping ~*~*~tactically~*~*~ (stealth).
 73783 | Pan      | 73783 ||| Stepping ~*~*~tactically~*~*~ (hiding).
 73784 | Pan      | 73784 ||| Stepping ~*~*~tactically~*~*~ (hiding).
 73786 | Pan      | 73786 ||| Stepping ~*~*~tactically~*~*~ (hiding).
 73789 | Pan      | 73789 ||| Stepping ~*~*~tactically~*~*~ (hiding).
 74034 | Pan      | 74034 ||| Stepping ~*~*~tactically~*~*~ (stealth).
 74035 | Pan      | 74035 ||| Stepping ~*~*~tactically~*~*~ (stealth).
 74094 | Pan      | 74094 ||| Stepping ~*~*~tactically~*~*~ (stealth).
 74142 | Pan      | 74142 ||| Stepping ~*~*~tactically~*~*~ (stealth).
 74605 | Pan      | 74605 ||| Stepping ~*~*~tactically~*~*~ (stealth).
 74623 | Pan      | 74623 ||| Stepping ~*~*~tactically~*~*~ (stealth).
 74624 | Pan      | 74624 ||| Stepping ~*~*~tactically~*~*~ (stealth).
 74728 | Pan      | 74728 ||| Stepping ~*~*~tactically~*~*~ (stealth).
 75209 | Pan      | 75209 ||| Stepping ~*~*~tactically~*~*~ (stealth).
 75210 | Pan      | 75210 ||| Stepping ~*~*~tactically~*~*~ (stealth).
 75755 | Pan      | 75755 ||| Stepping ~*~*~tactically~*~*~ (stealth).
 75757 | Pan      | 75757 ||| Stepping ~*~*~tactically~*~*~ (hiding).
 75973 | Pan      | 75973 ||| Stepping ~*~*~tactically~*~*~ (stealth).
 75975 | Pan      | 75975 ||| Stepping ~*~*~tactically~*~*~ (stealth).
 75977 | Pan      | 75977 ||| Stepping ~*~*~tactically~*~*~ (stealth).
 76014 | Pan      | 76014 ||| Stepping ~*~*~tactically~*~*~ (stealth).
 76047 | Pan      | 76047 ||| Stepping ~*~*~tactically~*~*~ (hiding).
 76572 | Pan      | 76572 ||| Stepping ~*~*~tactically~*~*~ (stealth).
 76573 | Pan      | 76573 ||| Stepping ~*~*~tactically~*~*~ (stealth).
 76647 | Pan      | 76647 ||| Stepping ~*~*~tactically~*~*~ (stealth).
 76749 | Pan      | 76749 ||| Stepping ~*~*~tactically~*~*~ (stealth).
 76787 | Pan      | 76787 ||| Stepping ~*~*~tactically~*~*~ (hiding).
 76873 | Pan      | 76873 ||| Stepping ~*~*~tactically~*~*~ (stealth).
 76968 | Pan      | 76968 ||| Stepping ~*~*~tactically~*~*~ (hiding).
 77013 | Pan      | 77013 ||| Stepping ~*~*~tactically~*~*~ (stealth).
 77190 | Pan      | 77190 ||| Stepping ~*~*~tactically~*~*~ (stealth).
 77191 | Pan      | 77191 ||| Stepping ~*~*~tactically~*~*~ (stealth).
 77232 | Pan      | 77232 ||| Stepping ~*~*~tactically~*~*~ (hiding).
 77293 | Pan      | 77293 ||| Stepping ~*~*~tactically~*~*~ (stealth).
 77294 | Pan      | 77294 ||| Stepping ~*~*~tactically~*~*~ (stealth).
 77295 | Pan      | 77295 ||| Stepping ~*~*~tactically~*~*~ (stealth).
 77296 | Pan      | 77296 ||| Stepping ~*~*~tactically~*~*~ (stealth).
 77297 | Pan      | 77297 ||| Stepping ~*~*~tactically~*~*~ (stealth).
 77298 | Pan      | 77298 ||| Stepping ~*~*~tactically~*~*~ (stealth).
 77329 | Pan      | 77329 ||| Stepping ~*~*~tactically~*~*~ (hiding).
 77330 | Pan      | 77330 ||| Stepping ~*~*~tactically~*~*~ (hiding).
 77390 | Pan      | 77390 ||| Stepping ~*~*~tactically~*~*~ (stealth).
 77460 | Pan      | 77460 ||| Stepping ~*~*~tactically~*~*~ (stealth).
 77461 | Pan      | 77461 ||| Stepping ~*~*~tactically~*~*~ (stealth).
 77463 | Pan      | 77463 ||| Stepping ~*~*~tactically~*~*~ (stealth).
 77503 | Pan      | 77503 ||| Stepping ~*~*~tactically~*~*~ (hiding).
 77513 | Pan      | 77513 ||| Stepping ~*~*~tactically~*~*~ (stealth).
 77514 | Pan      | 77514 ||| Stepping ~*~*~tactically~*~*~ (stealth).
 77618 | Pan      | 77618 ||| Stepping ~*~*~tactically~*~*~ (hiding).
 77619 | Pan      | 77619 ||| Stepping ~*~*~tactically~*~*~ (hiding).
 77620 | Pan      | 77620 ||| Stepping ~*~*~tactically~*~*~ (hiding).
 77870 | Pan      | 77870 ||| Stepping ~*~*~tactically~*~*~ (stealth).
 77895 | Pan      | 77895 ||| Stepping ~*~*~tactically~*~*~ (hiding).
 78388 | Pan      | 78388 ||| Stepping ~*~*~tactically~*~*~ (hiding).
 78501 | Pan      | 78501 ||| Stepping ~*~*~tactically~*~*~ (stealth).
 78716 | Pan      | 78716 ||| Stepping ~*~*~tactically~*~*~ (stealth).
 78934 | Pan      | 78934 ||| Stepping ~*~*~tactically~*~*~ (hiding).
 78935 | Pan      | 78935 ||| Stepping ~*~*~tactically~*~*~ (hiding).
 79154 | Pan      | 79154 ||| Stepping ~*~*~tactically~*~*~ (stealth).
 79155 | Pan      | 79155 ||| Stepping ~*~*~tactically~*~*~ (stealth).
 79217 | Pan      | 79217 ||| Stepping ~*~*~tactically~*~*~ (stealth).
 79360 | Pan      | 79360 ||| Stepping ~*~*~tactically~*~*~ (stealth).
 79384 | Pan      | 79384 ||| Stepping ~*~*~tactically~*~*~ (hiding).
 79385 | Pan      | 79385 ||| Stepping ~*~*~tactically~*~*~ (hiding).
 79449 | Pan      | 79449 ||| Stepping ~*~*~tactically~*~*~ (stealth).
 79453 | Pan      | 79453 ||| Stepping ~*~*~tactically~*~*~ (stealth).
 79454 | Pan      | 79454 ||| Stepping ~*~*~tactically~*~*~ (stealth).
 79529 | Pan      | 79529 ||| Stepping ~*~*~tactically~*~*~ (stealth).
 79531 | Pan      | 79531 ||| Stepping ~*~*~tactically~*~*~ (hiding).
 79563 | Pan      | 79563 ||| Stepping ~*~*~tactically~*~*~ (hiding).
 79828 | Pan      | 79828 ||| Stepping ~*~*~tactically~*~*~ (stealth).
 80143 | Pan      | Reached skill level 27 in Armour
 80292 | Pan      | 80292 ||| Stepping ~*~*~tactically~*~*~ (stealth).
 80390 | Pan      | 80390 ||| Stepping ~*~*~tactically~*~*~ (hiding).
 80574 | Pan      | 80574 ||| Stepping ~*~*~tactically~*~*~ (stealth).
 80576 | Pan      | 80576 ||| Stepping ~*~*~tactically~*~*~ (hiding).
 80857 | Pan      | 80857 ||| Stepping ~*~*~tactically~*~*~ (hiding).
 80946 | Pan      | 80946 ||| Stepping ~*~*~tactically~*~*~ (stealth).
 81105 | Pan      | 81105 ||| Stepping ~*~*~tactically~*~*~ (hiding).
 81107 | Pan      | 81107 ||| Stepping ~*~*~tactically~*~*~ (hiding).
 81189 | Pan      | 81189 ||| Stepping ~*~*~tactically~*~*~ (hiding).
 81318 | Pan      | 81318 ||| Stepping ~*~*~tactically~*~*~ (hiding).
 81393 | Pan      | 81393 ||| Stepping ~*~*~tactically~*~*~ (stealth).
 81429 | Pan      | 81429 ||| Stepping ~*~*~tactically~*~*~ (stealth).
 81430 | Pan      | 81430 ||| Stepping ~*~*~tactically~*~*~ (stealth).
 81616 | Pan      | 81616 ||| Stepping ~*~*~tactically~*~*~ (stealth).
 81695 | Pan      | 81695 ||| Stepping ~*~*~tactically~*~*~ (hiding).
 81761 | Pan      | 81761 ||| Stepping ~*~*~tactically~*~*~ (stealth).
 81763 | Pan      | 81763 ||| Stepping ~*~*~tactically~*~*~ (hiding).
 81850 | Pan      | 81850 ||| Stepping ~*~*~tactically~*~*~ (stealth).
 82014 | Pan      | 82014 ||| Stepping ~*~*~tactically~*~*~ (stealth).
 82015 | Pan      | 82015 ||| Stepping ~*~*~tactically~*~*~ (stealth).
 82017 | Pan      | 82017 ||| Stepping ~*~*~tactically~*~*~ (hiding).
 82237 | Pan      | 82237 ||| Stepping ~*~*~tactically~*~*~ (hiding).
 82512 | Pan      | 82512 ||| Stepping ~*~*~tactically~*~*~ (hiding).
 82775 | Pan      | 82775 ||| Stepping ~*~*~tactically~*~*~ (stealth).
 82876 | Pan      | 82876 ||| Stepping ~*~*~tactically~*~*~ (stealth).
 83175 | Pan      | 83175 ||| Stepping ~*~*~tactically~*~*~ (stealth).
 83275 | Pan      | 83275 ||| Stepping ~*~*~tactically~*~*~ (hiding).
 83645 | Pan      | 83645 ||| Stepping ~*~*~tactically~*~*~ (stealth).
 83823 | Pan      | 83823 ||| Stepping ~*~*~tactically~*~*~ (stealth).
 83825 | Pan      | 83825 ||| Stepping ~*~*~tactically~*~*~ (stealth).
 84942 | Pan      | 84942 ||| Stepping ~*~*~tactically~*~*~ (hiding).
 84943 | Pan      | 84943 ||| Stepping ~*~*~tactically~*~*~ (hiding).
 85348 | Pan      | 85348 ||| Stepping ~*~*~tactically~*~*~ (stealth).
 85750 | Pan      | 85750 ||| Stepping ~*~*~tactically~*~*~ (stealth).
 85901 | Pan      | 85901 ||| Stepping ~*~*~tactically~*~*~ (stealth).
 86114 | Pan      | Reached skill level 15 in Dodging
 86206 | Pan      | 86206 ||| Stepping ~*~*~tactically~*~*~ (stealth).
 86576 | Pan      | 86576 ||| Stepping ~*~*~tactically~*~*~ (hiding).
 86577 | Pan      | 86577 ||| Stepping ~*~*~tactically~*~*~ (hiding).
 86587 | Pan      | 86587 ||| Stepping ~*~*~tactically~*~*~ (stealth).
 86795 | Pan      | 86795 ||| Stepping ~*~*~tactically~*~*~ (hiding).
 87003 | Pan      | 87003 ||| Stepping ~*~*~tactically~*~*~ (stealth).
 87421 | Pan      | 87421 ||| Stepping ~*~*~tactically~*~*~ (stealth).
 87422 | Pan      | 87422 ||| Stepping ~*~*~tactically~*~*~ (stealth).
 87423 | Pan      | 87423 ||| Stepping ~*~*~tactically~*~*~ (stealth).
 87556 | Pan      | 87556 ||| Stepping ~*~*~tactically~*~*~ (stealth).
 87669 | Pan      | 87669 ||| Stepping ~*~*~tactically~*~*~ (stealth).
 87733 | Pan      | Glimpsed the power of Zot.
 87792 | Pan      | 87792 ||| Stepping ~*~*~tactically~*~*~ (hiding).
 88237 | Pan      | Glimpsed the power of Zot.
 88295 | Pan      | 88295 ||| Stepping ~*~*~tactically~*~*~ (stealth).
 88306 | Pan      | 88306 ||| Stepping ~*~*~tactically~*~*~ (stealth).
 88307 | Pan      | 88307 ||| Stepping ~*~*~tactically~*~*~ (stealth).
 88308 | Pan      | 88308 ||| Stepping ~*~*~tactically~*~*~ (stealth).
 88641 | Pan      | Glimpsed the power of Zot.
 88668 | Pan      | 88668 ||| Stepping ~*~*~tactically~*~*~ (stealth).
 88671 | Pan      | 88671 ||| Stepping ~*~*~tactically~*~*~ (hiding).
 88672 | Pan      | 88672 ||| Stepping ~*~*~tactically~*~*~ (hiding).
 88717 | Pan      | 88717 ||| Stepping ~*~*~tactically~*~*~ (stealth).
 88743 | Pan      | Touched by the power of Zot.
 88744 | Pan      | Glimpsed the power of Zot.
 89247 | Pan      | Glimpsed the power of Zot.
 89604 | Pan      | 89604 ||| Stepping ~*~*~tactically~*~*~ (hiding).
 89607 | Pan      | 89607 ||| Stepping ~*~*~tactically~*~*~ (hiding).
 89651 | Pan      | Glimpsed the power of Zot.
 89751 | Pan      | Touched by the power of Zot.
 89752 | Pan      | Glimpsed the power of Zot.
 89755 | Pan      | 89755 ||| Stepping ~*~*~tactically~*~*~ (stealth).
 89756 | Pan      | 89756 ||| Stepping ~*~*~tactically~*~*~ (stealth).
 89757 | Pan      | 89757 ||| Stepping ~*~*~tactically~*~*~ (stealth).
 89758 | Pan      | 89758 ||| Stepping ~*~*~tactically~*~*~ (stealth).
 89761 | Pan      | 89761 ||| Stepping ~*~*~tactically~*~*~ (hiding).
 89935 | Pan      | 89935 ||| Stepping ~*~*~tactically~*~*~ (stealth).
 89936 | Pan      | 89936 ||| Stepping ~*~*~tactically~*~*~ (stealth).
 90131 | Pan      | 90131 ||| Stepping ~*~*~tactically~*~*~ (hiding).
 90173 | Pan      | 90173 ||| Stepping ~*~*~tactically~*~*~ (stealth).
 90174 | Pan      | 90174 ||| Stepping ~*~*~tactically~*~*~ (stealth).
 90182 | Pan      | Reached skill level 1 in Short Blades
 90235 | Pan      | 90235 ||| Stepping ~*~*~tactically~*~*~ (stealth).
 90259 | Pan      | Glimpsed the power of Zot.
 90318 | Pan      | 90318 ||| Stepping ~*~*~tactically~*~*~ (stealth).
 90320 | Pan      | 90320 ||| Stepping ~*~*~tactically~*~*~ (hiding).
 90321 | Pan      | 90321 ||| Stepping ~*~*~tactically~*~*~ (hiding).
 90401 | Pan      | 90401 ||| Stepping ~*~*~tactically~*~*~ (hiding).
 90662 | Pan      | 90662 ||| Stepping ~*~*~tactically~*~*~ (stealth).
 90663 | Pan      | 90663 ||| Stepping ~*~*~tactically~*~*~ (stealth).
 90664 | Pan      | 90664 ||| Stepping ~*~*~tactically~*~*~ (stealth).
 90664 | Pan      | Glimpsed the power of Zot.
 90765 | Pan      | Touched by the power of Zot.
 90766 | Pan      | Glimpsed the power of Zot.
 90846 | Pan      | 90846 ||| Stepping ~*~*~tactically~*~*~ (stealth).
 90854 | Pan      | 90854 ||| Stepping ~*~*~tactically~*~*~ (stealth).
 90873 | Pan      | 90873 ||| Stepping ~*~*~tactically~*~*~ (stealth).
 91030 | Pan      | 91030 ||| Stepping ~*~*~tactically~*~*~ (hiding).
 91271 | Pan      | Glimpsed the power of Zot.
 91543 | Pan      | 91543 ||| Stepping ~*~*~tactically~*~*~ (hiding).
 91565 | Pan      | Reached skill level 3 in Short Blades
 91675 | Pan      | Glimpsed the power of Zot.
 91759 | Pan      | 91759 ||| Stepping ~*~*~tactically~*~*~ (hiding).
 91777 | Pan      | Touched by the power of Zot.
 91778 | Pan      | Glimpsed the power of Zot.
 91856 | Pan      | 91856 ||| Stepping ~*~*~tactically~*~*~ (stealth).
 91906 | Pan      | 91906 ||| Stepping ~*~*~tactically~*~*~ (stealth).
 91992 | Pan      | 91992 ||| Stepping ~*~*~tactically~*~*~ (stealth).
 92281 | Pan      | Glimpsed the power of Zot.
 92343 | Pan      | 92343 ||| Stepping ~*~*~tactically~*~*~ (hiding).
 92486 | Pan      | 92486 ||| Stepping ~*~*~tactically~*~*~ (stealth).
 92685 | Pan      | Glimpsed the power of Zot.
 92786 | Pan      | Touched by the power of Zot.
 92787 | Pan      | Glimpsed the power of Zot.
 93294 | Pan      | Glimpsed the power of Zot.
 93317 | Pan      | 93317 ||| Stepping ~*~*~tactically~*~*~ (stealth).
 93698 | Pan      | Glimpsed the power of Zot.
 93764 | Pan      | 93764 ||| Stepping ~*~*~tactically~*~*~ (hiding).
 93799 | Pan      | Touched by the power of Zot.
 93800 | Pan      | Glimpsed the power of Zot.
 93833 | Pan      | 93833 ||| Stepping ~*~*~tactically~*~*~ (stealth).
 93952 | Pan      | 93952 ||| Stepping ~*~*~tactically~*~*~ (hiding).
 94011 | Pan      | 94011 ||| Stepping ~*~*~tactically~*~*~ (stealth).
 94088 | Pan      | 94088 ||| Stepping ~*~*~tactically~*~*~ (stealth).
 94229 | Pan      | 94229 ||| Stepping ~*~*~tactically~*~*~ (stealth).
 94231 | Pan      | 94231 ||| Stepping ~*~*~tactically~*~*~ (stealth).
 94234 | Pan      | 94234 ||| Stepping ~*~*~tactically~*~*~ (stealth).
 94308 | Pan      | Glimpsed the power of Zot.
 94463 | Pan      | Reached skill level 27 in Fighting
 94532 | Pan      | 94532 ||| Stepping ~*~*~tactically~*~*~ (stealth).
 94533 | Pan      | 94533 ||| Stepping ~*~*~tactically~*~*~ (stealth).
 94564 | Pan      | 94564 ||| Stepping ~*~*~tactically~*~*~ (stealth).
 94593 | Pan      | 94593 ||| Stepping ~*~*~tactically~*~*~ (stealth).
 94594 | Pan      | 94594 ||| Stepping ~*~*~tactically~*~*~ (stealth).
 94599 | Pan      | 94599 ||| Stepping ~*~*~tactically~*~*~ (stealth).
 94635 | Pan      | 94635 ||| Stepping ~*~*~tactically~*~*~ (stealth).
 94638 | Pan      | 94638 ||| Stepping ~*~*~tactically~*~*~ (hiding).
 94702 | Pan      | 94702 ||| Stepping ~*~*~tactically~*~*~ (hiding).
 94704 | Pan      | 94704 ||| Stepping ~*~*~tactically~*~*~ (stealth).
 94708 | Pan      | 94708 ||| Stepping ~*~*~tactically~*~*~ (hiding).
 94714 | Pan      | Glimpsed the power of Zot.
 94817 | Pan      | Touched by the power of Zot.
 94818 | Pan      | Glimpsed the power of Zot.
 94844 | Pan      | 94844 ||| Stepping ~*~*~tactically~*~*~ (stealth).
 94845 | Pan      | 94845 ||| Stepping ~*~*~tactically~*~*~ (stealth).
 94846 | Pan      | 94846 ||| Stepping ~*~*~tactically~*~*~ (stealth).
 94847 | Pan      | 94847 ||| Stepping ~*~*~tactically~*~*~ (stealth).
 95034 | Pan      | 95034 ||| Stepping ~*~*~tactically~*~*~ (stealth).
 95315 | Pan      | 95315 ||| Stepping ~*~*~tactically~*~*~ (hiding).
 95322 | Pan      | Glimpsed the power of Zot.
 95723 | Pan      | Glimpsed the power of Zot.
 95756 | Pan      | 95756 ||| Stepping ~*~*~tactically~*~*~ (stealth).
 95757 | Pan      | 95757 ||| Stepping ~*~*~tactically~*~*~ (stealth).
 95824 | Pan      | Touched by the power of Zot.
 95825 | Pan      | Glimpsed the power of Zot.
 95941 | Pan      | 95941 ||| Stepping ~*~*~tactically~*~*~ (stealth).
 95942 | Pan      | 95942 ||| Stepping ~*~*~tactically~*~*~ (stealth).
 95945 | Pan      | 95945 ||| Stepping ~*~*~tactically~*~*~ (stealth).
 95947 | Pan      | 95947 ||| Stepping ~*~*~tactically~*~*~ (stealth).
 96008 | Pan      | 96008 ||| Stepping ~*~*~tactically~*~*~ (stealth).
 96330 | Pan      | Glimpsed the power of Zot.
 96440 | Pan      | 96440 ||| Stepping ~*~*~tactically~*~*~ (hiding).
 96442 | Pan      | 96442 ||| Stepping ~*~*~tactically~*~*~ (hiding).
 96734 | Pan      | Glimpsed the power of Zot.
 96835 | Pan      | Touched by the power of Zot.
 96836 | Pan      | Glimpsed the power of Zot.
 97236 | Pan      | 97236 ||| Stepping ~*~*~tactically~*~*~ (stealth).
 97237 | Pan      | 97237 ||| Stepping ~*~*~tactically~*~*~ (stealth).
 97238 | Pan      | 97238 ||| Stepping ~*~*~tactically~*~*~ (stealth).
 97259 | Pan      | 97259 ||| Stepping ~*~*~tactically~*~*~ (stealth).
 97260 | Pan      | 97260 ||| Stepping ~*~*~tactically~*~*~ (stealth).
 97262 | Pan      | 97262 ||| Stepping ~*~*~tactically~*~*~ (stealth).
 97341 | Pan      | Glimpsed the power of Zot.
 97357 | Pan      | 97357 ||| Stepping ~*~*~tactically~*~*~ (stealth).
 97635 | Pan      | 97635 ||| Stepping ~*~*~tactically~*~*~ (hiding).
 97746 | Pan      | Glimpsed the power of Zot.
 97772 | Pan      | 97772 ||| Stepping ~*~*~tactically~*~*~ (hiding).
 97799 | Pan      | 97799 ||| Stepping ~*~*~tactically~*~*~ (hiding).
 97848 | Pan      | Touched by the power of Zot.
 97849 | Pan      | Glimpsed the power of Zot.
 97932 | Pan      | 97932 ||| Stepping ~*~*~tactically~*~*~ (hiding).
 98102 | Pan      | 98102 ||| Stepping ~*~*~tactically~*~*~ (stealth).
 98123 | Pan      | 98123 ||| Stepping ~*~*~tactically~*~*~ (hiding).
 98188 | Pan      | 98188 ||| Stepping ~*~*~tactically~*~*~ (hiding).
 98190 | Pan      | 98190 ||| Stepping ~*~*~tactically~*~*~ (hiding).
 98355 | Pan      | Glimpsed the power of Zot.
 98468 | Pan      | 98468 ||| Stepping ~*~*~tactically~*~*~ (stealth).
 98469 | Pan      | 98469 ||| Stepping ~*~*~tactically~*~*~ (stealth).
 98470 | Pan      | 98470 ||| Stepping ~*~*~tactically~*~*~ (stealth).
 98471 | Pan      | 98471 ||| Stepping ~*~*~tactically~*~*~ (stealth).
 98472 | Pan      | 98472 ||| Stepping ~*~*~tactically~*~*~ (stealth).
 98473 | Pan      | 98473 ||| Stepping ~*~*~tactically~*~*~ (stealth).
 98474 | Pan      | 98474 ||| Stepping ~*~*~tactically~*~*~ (stealth).
 98475 | Pan      | 98475 ||| Stepping ~*~*~tactically~*~*~ (stealth).
 98757 | Pan      | Glimpsed the power of Zot.
 98769 | Pan      | 98769 ||| Stepping ~*~*~tactically~*~*~ (stealth).
 98771 | Pan      | 98771 ||| Stepping ~*~*~tactically~*~*~ (hiding).
 98804 | Pan      | 98804 ||| Stepping ~*~*~tactically~*~*~ (stealth).
 98805 | Pan      | 98805 ||| Stepping ~*~*~tactically~*~*~ (stealth).
 98809 | Pan      | 98809 ||| Stepping ~*~*~tactically~*~*~ (stealth).
 98811 | Pan      | 98811 ||| Stepping ~*~*~tactically~*~*~ (hiding).
 98812 | Pan      | 98812 ||| Stepping ~*~*~tactically~*~*~ (hiding).
 98814 | Pan      | 98814 ||| Stepping ~*~*~tactically~*~*~ (hiding).
 98815 | Pan      | 98815 ||| Stepping ~*~*~tactically~*~*~ (hiding).
 98858 | Pan      | Touched by the power of Zot.
 98859 | Pan      | Glimpsed the power of Zot.
 99009 | Pan      | 99009 ||| Stepping ~*~*~tactically~*~*~ (stealth).
 99068 | Pan      | 99068 ||| Stepping ~*~*~tactically~*~*~ (stealth).
 99303 | Pan      | 99303 ||| Stepping ~*~*~tactically~*~*~ (stealth).
 99304 | Pan      | 99304 ||| Stepping ~*~*~tactically~*~*~ (stealth).
 99305 | Pan      | 99305 ||| Stepping ~*~*~tactically~*~*~ (stealth).
 99314 | Pan      | 99314 ||| Stepping ~*~*~tactically~*~*~ (hiding).
 99365 | Pan      | Glimpsed the power of Zot.
 99598 | Pan      | 99598 ||| Stepping ~*~*~tactically~*~*~ (stealth).
 99654 | Pan      | 99654 ||| Stepping ~*~*~tactically~*~*~ (stealth).
 99772 | Pan      | Glimpsed the power of Zot.
 99872 | Pan      | Touched by the power of Zot.
 99873 | Pan      | Glimpsed the power of Zot.
100017 | Pan      | 100017 ||| Stepping ~*~*~tactically~*~*~ (stealth).
100029 | Pan      | 100029 ||| Stepping ~*~*~tactically~*~*~ (stealth).
100212 | Pan      | 100212 ||| Stepping ~*~*~tactically~*~*~ (stealth).
100371 | Pan      | 100371 ||| Stepping ~*~*~tactically~*~*~ (stealth).
100381 | Pan      | Glimpsed the power of Zot.
100484 | Pan      | 100484 ||| Stepping ~*~*~tactically~*~*~ (stealth).
100637 | Pan      | 100637 ||| Stepping ~*~*~tactically~*~*~ (stealth).
100658 | Pan      | Slain by a reaper

Levels and vault maps discovered:
D:1:      ldierk_water_garden, layout_loops_ring,
          shapermc_ecumenical_altar_rom_forum, serial_shops, nicolae_shop_trees,
          nicolae_shop_statue_plus, shop, nicolae_shop_crystal, shop,
          chequers_serial_rivers_micro_d, st_stairs_11, minmay_misc_feat_tower,
          minmay_hexomino_c4
D:2:      layout_loops_cross, uniq_crazy_yiuf_cottage
D:3:      wad_river_or_something, layout_basic, gammafunk_ghost_nasty_kobolds,
          minmay_misc_feat_pillars
D:4:      layout_rooms, portal_sewer_entry_d, serial_park_tiny_1
D:5:      layout_loops_ring, grunt_temple_overflow_opulence,
          minmay_temple_entry_stoned_glass, serial_shops, kennysheep_mini_moat,
          hangedman_decor_riveting, uniq_pikel
D:6:      layout_basic
D:7:      layout_rooms, nzn_wu_jian_council_hall, uniq_maggie
D:8:      layout_loops_cross, lemuel_round_altar, lemuel_tele_altar,
          mainiacjoe_overflow_brackets
D:9:      minmay_the_grid_square_5x5_3x3 [minmay_the_grid_square_5x5_hourglass,
          minmay_the_grid_square_5x5_two_walls_b,
          minmay_the_grid_square_5x5_minivault,
          minmay_the_grid_square_5x5_seven,
          minmay_the_grid_square_5x5_megaprize_diamond,
          minmay_the_grid_square_5x5_gyroscope,
          minmay_the_grid_square_5x5_shrine2,
          minmay_the_grid_square_5x5_checkered_statues,
          minmay_the_grid_square_5x5_minibox], layout_small_grid,
          erik_lair_orcish_takeover
D:10:     layout_irregular_city, trog_book, nicolae_overflow_crystal_walls,
          kennysheep_nondescript, uniq_fannar, uniq_josephine
D:11:     layout_irregular_city, hiddenorc2_lemuel, gauntlet_entry_generic
D:12:     layout_irregular_city, uniq_urug
D:13:     minmay_inner_zag, layout_stronghold, grunt_vaults_entry_tiered,
          uniq_snorg
D:14:     layout_stronghold, kennysheep_donut
D:15:     grunt_enter_depths_giant_problem, layout_loops_ring,
          nicolae_qazlal_scattered_showers, nrook_loot_triangle,
          grunt_gozag_statues, uniq_jorgrun
Temple:   zaba_magenta_temple
Lair:1:   layout_hall_layers, beast_lair_carwin_2, infiniplex_staircase_pool
Lair:2:   regret_index_combs_of_tragedy, layout_regular_city,
          minmay_swamp_entry_swarm
Lair:3:   layout_regular_city, minmay_snake_entry_six_corridors,
          serial_bayou_pond_d, chequers_serial_rivers_large_b, uniq_nergalle
Lair:4:   layout_regular_city, nicolae_slime_entry_slimehenge,
          lemuel_fruit_fields, infiniplex_staircase_pool_2
Lair:5:   cheibrodos_lair_end_hotspot, layout_concentric_octagons
Swamp:1:  layout_basic_swamp, serial_swamp_ruin, evilmike_swamp_ruin_house_6,
          evilmike_swamp_ruin_house_3, hangedman_swamp_ruin_hall, uniq_roxanne
Swamp:2:  layout_basic_swamp, basic_altar, uniq_kirke
Swamp:3:  layout_basic_swamp, nicolae_swamp_big_swirl
Swamp:4:  grunt_swamp_rune_castle, layout_basic_swamp, swamp_pool2
Snake:1:  layout_onion_interference, grunt_megastairs_3
Snake:2:  layout_chambers
Snake:3:  layout_rooms, hellmonk_ghost_happy_afterlife, serial_bayou_pond_e,
          nicolae_shop_firing_range, uniq_bai_suzhen
Snake:4:  grunt_snake_rune_serpentine_throne, layout_cave_pods,
          nicolae_snake_salamander_zone
Orc:1:    layout_caves
Orc:2:    grunt_orc_gardens, layout_diamond_mine, grunt_orc_garden,
          grunt_orc_garden, grunt_orc_garden, grunt_orc_garden, serial_shops,
          shop, shop, shop
Vaults:1: ontoclasm_vaults_shout, nicolae_vaults_little_ls, v_pattern_2,
          nicolae_vaults_windows_and_doors_thing, nicolae_vaults_shelves_hall,
          v_rooms_6, nicolae_vaults_theta, nicolae_vaults_little_squares_4,
          ontoclasm_vaults_claustrophobia, nicolae_vaults_diagonal_hallway_8,
          nicolae_vaults_little_squares_2, vaults_room_fours,
          vaults_mumra_minichess_inversion, nicolae_vaults_little_squares_6,
          layout_vaults_big_cross, serial_shops, shop_fountains
Vaults:2: v_misc_4, minmay_crypt_entry_simple_round,
          nicolae_vaults_display_case, vaults_room_stairs_pillars,
          not_door_vault_mu, grunt_vaults_swirl, vaults_mumra_chevron_long,
          vaults_dpeg_diagonal, layout_vaults_omnigrid
Vaults:3: nicolae_vaults_network_star, v_rooms_3,
          nicolae_vaults_little_squares_6, v_rooms_2,
          nicolae_vaults_statue_guard, vaults_room_pool,
          ontoclasm_vaults_ring_small, ontoclasm_vaults_ring_large,
          vaults_room_fours, dpeg_vaults_monster_box, vaults_room_pool,
          layout_vaults_chaotic_city, serial_shops, shop, uniq_nikola,
          uniq_saint_roka, uniq_donald, uniq_asterion
Vaults:4: nicolae_vaults_circle_grid_a, vaults_room_semicircle,
          nicolae_vaults_circle_grid_a, grunt_vaults_hallway_long,
          nicolae_vaults_meeting, v_misc_10, hangedman_vaults_pinch,
          v_alt_pattern_3, ontoclasm_vaults_pinch, v_rooms_5,
          hangedman_vaults_trim, layout_vaults_omnibox
Vaults:5: serial_shops
Crypt:1:  minmay_skeleton_keep, layout_gridlike, minmay_misc_feat_five,
          grunt_crypt_arrival_webbed
Crypt:2:  layout_chaotic_city
Crypt:3:  lightli_unholy_cathedral, layout_chaotic_city,
          nicolae_tomb_entry_unfolded_pyramid_diagonal, uniq_jory
Tomb:1
Tomb:2
Tomb:3
Depths:1: layout_cave_pools, minmay_misc_feat_rugged, hellmouth_2, serial_shops,
          shop_fountains, kennysheep_little_box, shop, shop,
          hangedman_corner_corridor
Depths:2: minmay_tile_spiral, layout_honeycomb, rand_demon_pan_entry_8,
          mu_enter_wizlab_1, hell_entry, serial_bayou_shore_b
Depths:3: minmay_thinvault, layout_cave_shapes, enter_ziggurat_c,
          hangedman_tar_grid_catacomb, abyss_entry, st_stairs_11,
          serial_bayou_shore_a
Depths:4: grunt_zot_entry_alcove, layout_gridlike, nzn_ghost_randoct,
          serial_shops, shop_fountains, hell_entry, serial_bayou_pond_c,
          st_stairs_9, grunt_megastairs_4, uniq_boris, uniq_margery, uniq_xtahua
Zot:1:    layout_cathedral_of_symmetry, uniq_josephina, uniq_vv
Zot:2:    dreamdust_zin_vs_xom, layout_concentric_octagons,
          gammafunk_ghost_grave
Zot:3:    layout_basic
Zot:4:    layout_misc_corridors
Pan:      rand_demon_4, layout_gridlike, evilmike_holy_pan, grunt_pan_spiral,
          layout_long_grid, rand_demon_9, layout_long_grid, uniq_mennas_pan,
          regret_index_pan_draining_boxed, layout_rooms,
          gammafunk_dig_for_victory, layout_chambers, pan_blood_fountain_small

Skill      XL: |  1  2  3  4  5  6  7  8  9 10 11 12 13 14 15 16 17 18 19 20 21 22 23 24 25 26 27 |
---------------+----------------------------------------------------------------------------------+-----
Axes           | 2 3 4 5 7 8 9 10 12 14 15 16 17 18 | 18.0
Dodging        | 1 2 3 5 7 8 9 10 11 16 | 16.4
Throwing       | 1 2 3 4 6 7 8 9 10 11 13 | 13.3
Fighting       | 4 6 7 8 9 10 11 12 13 14 15 16 17 18 19 21 23 24 27 | 27.0
Armour         | 4 6 7 8 9 10 12 13 14 16 17 18 21 22 27 | 27.0
Invocations    | 1 4 7 10 15 27 | 27.0
Shields        | 4 9 10 11 12 13 14 16 19 20 21 22 23 | 23.3
Short Blades   | 4 |  4.8

Action                   |  1- 3 |  4- 6 |  7- 9 | 10-12 | 13-15 | 16-18 | 19-21 | 22-24 | 25-27 || total
-------------------------+-------+-------+-------+-------+-------+-------+-------+-------+-------++-------
Melee: War axe           |   114 |   109 |   216 |   258 |       |       |       |       |       ||   697
       Broad axe         |       |       |       |   197 |  1065 |  1345 |  1190 |  1201 |  4594 ||  9592
       Morningstar       |       |       |       |       |    21 |       |       |       |       ||    21
       Hand axe          |       |       |       |       |       |    64 |       |       |       ||    64
Throw: Javelin           |       |    19 |    41 |    40 |   134 |   113 |   114 |    89 |   238 ||   788
       Boomerang         |       |     1 |       |     5 |    57 |       |       |       |       ||    63
Invok: Heroism           |       |       |    22 |    23 |    36 |    49 |    34 |    30 |    23 ||   217
       Finesse           |       |       |       |     2 |    11 |     3 |     6 |    14 |     3 ||    39
       Cleansing Flame   |       |       |       |       |       |       |       |       |   106 ||   106
       Brand Weapon With |       |       |       |       |       |       |       |       |     1 ||     1
       Summon Divine War |       |       |       |       |       |       |       |       |    26 ||    26
  Use: Scroll            |     8 |     6 |    10 |     2 |     5 |     5 |     2 |     4 |    19 ||    61
       Potion            |     1 |     1 |     4 |     1 |     1 |     2 |     1 |     3 |    26 ||    40
 Stab: Petrified         |       |       |       |       |     5 |     3 |       |       |       ||     8
       Petrifying        |       |       |       |       |     2 |     2 |       |       |       ||     4
       Distracted        |       |       |       |       |       |       |       |     1 |     1 ||     2
       Confused          |       |       |       |       |       |       |       |       |     3 ||     3
Armor: Scale mail        |    52 |       |       |       |       |       |       |       |       ||    52
       Chain mail        |     2 |    73 |    67 |   105 |   480 |    67 |       |       |       ||   794
       Plate armour      |       |       |   105 |    88 |       |   324 |   492 |    70 |       ||  1079
       Gold dragon scale |       |       |       |       |       |       |       |   325 |  1227 ||  1552
Dodge: Dodged            |    44 |    30 |   113 |   138 |   325 |   375 |   384 |   306 |   807 ||  2522
Block: Buckler           |    17 |    22 |    88 |     7 |       |       |       |       |       ||   134
       Kite shield       |       |       |       |   343 |   677 |  1184 |       |       |       ||  2204
       Reflection        |       |       |       |       |       |    97 |    52 |    37 |    89 ||   275
       Tower shield      |       |       |       |       |       |   139 |  1317 |  1292 |  4184 ||  6932

Table legend:
 A = Non-vault XP
 B = Vault XP
 C = Vault XP percentage of total XP
 D = Non-vault monster count
 E = Vault monster count
 F = Vault count percentage of total count
                 A         B        C        D         E       F
            +---------+---------+-------+---------+---------+-------
      Total | 1267337 |  807428 |  38.9 |    2352 |    1068 |  31.2
            +---------+---------+-------+---------+---------+-------
        D:1 |      25 |      25 |  50.0 |      15 |      11 |  42.3
        D:2 |      25 |       0 |   0.0 |      12 |       0 |   0.0
        D:3 |     129 |      41 |  24.1 |      16 |       9 |  36.0
        D:4 |     376 |     664 |  63.8 |      27 |       2 |   6.9
        D:5 |     126 |       0 |   0.0 |      11 |       0 |   0.0
        D:6 |     999 |       0 |   0.0 |      18 |       0 |   0.0
        D:7 |    1033 |     418 |  28.8 |      12 |       1 |   7.7
        D:8 |    1149 |       0 |   0.0 |      30 |       0 |   0.0
        D:9 |    2836 |    7398 |  72.3 |      16 |      26 |  61.9
       D:10 |    2174 |    2407 |  52.5 |       6 |       5 |  45.5
       D:11 |    3131 |     350 |  10.1 |      20 |      32 |  61.5
       D:12 |    4651 |     810 |  14.8 |      24 |       1 |   4.0
       D:13 |    7846 |   10705 |  57.7 |      18 |      30 |  62.5
       D:14 |   11566 |       0 |   0.0 |      22 |       0 |   0.0
       D:15 |   12546 |    2823 |  18.4 |      25 |       2 |   7.4
     Lair:1 |    4824 |     383 |   7.4 |      23 |       4 |  14.8
     Lair:2 |   10780 |    7967 |  42.5 |      40 |      56 |  58.3
     Lair:3 |    5704 |    1512 |  21.0 |      18 |       4 |  18.2
     Lair:4 |   12742 |     194 |   1.5 |      39 |       7 |  15.2
     Lair:5 |    9179 |    6296 |  40.7 |      24 |      23 |  48.9
    Swamp:1 |    9454 |    1386 |  12.8 |      25 |       1 |   3.8
    Swamp:2 |   12996 |    2066 |  13.7 |      32 |       4 |  11.1
    Swamp:3 |   15351 |       0 |   0.0 |      33 |       0 |   0.0
    Swamp:4 |   14383 |   22688 |  61.2 |      26 |      33 |  55.9
    Snake:1 |   15086 |    2335 |  13.4 |      32 |       5 |  13.5
    Snake:2 |   13301 |       0 |   0.0 |      30 |       0 |   0.0
    Snake:3 |    8637 |    3111 |  26.5 |      16 |       4 |  20.0
    Snake:4 |   24353 |   35611 |  59.4 |      49 |      55 |  52.9
      Orc:1 |    4206 |       0 |   0.0 |      43 |       0 |   0.0
      Orc:2 |    2316 |    8161 |  77.9 |      22 |      27 |  55.1
   Vaults:1 |   36775 |   33252 |  47.5 |      59 |      44 |  42.7
   Vaults:2 |   16535 |   17145 |  50.9 |      28 |      21 |  42.9
   Vaults:3 |   11185 |   33308 |  74.9 |      14 |      51 |  78.5
   Vaults:4 |   13017 |   49891 |  79.3 |      19 |      60 |  75.9
   Vaults:5 |    7948 |   90323 |  91.9 |      10 |      79 |  88.8
    Crypt:1 |   10595 |   30141 |  74.0 |      20 |      52 |  72.2
    Crypt:2 |   18601 |       0 |   0.0 |      31 |       0 |   0.0
    Crypt:3 |   42666 |   35555 |  45.5 |      50 |      48 |  49.0
     Tomb:1 |   14239 |   70229 |  83.1 |      34 |      49 |  59.0
     Tomb:2 |   15888 |   37702 |  70.4 |      43 |      52 |  54.7
     Tomb:3 |   15793 |   84846 |  84.3 |      37 |      86 |  69.9
   Depths:1 |   31740 |   19274 |  37.8 |      41 |      24 |  36.9
   Depths:2 |   18657 |   44612 |  70.5 |      24 |      29 |  54.7
   Depths:3 |   31523 |   19650 |  38.4 |      27 |      19 |  41.3
   Depths:4 |   35212 |   27791 |  44.1 |      41 |      21 |  33.9
      Zot:1 |   58967 |    3387 |   5.4 |      55 |       1 |   1.8
      Zot:2 |   51325 |   12534 |  19.6 |      44 |      11 |  20.0
      Zot:3 |   31017 |       0 |   0.0 |      25 |       0 |   0.0
      Zot:4 |   33540 |       0 |   0.0 |      29 |       0 |   0.0
        Pan |  560190 |   80437 |  12.6 |     997 |      79 |   7.3
            +---------+---------+-------+---------+---------+-------
